Workbook
Name CODI_ISTITUZIONE: #REF!
Name CODI_ISTITUZIONE: #REF!
Name CODI_ISTITUZIONE: #REF!
Name CODI_ISTITUZIONE: #REF!
Name CODI_ISTITUZIONE: #REF!
Name CODI_ISTITUZIONE: #REF!
Name CODI_ISTITUZIONE: #REF!
Name CODI_ISTITUZIONE: #REF!
Name CODI_ISTITUZIONE2: #REF!
Name CODI_ISTITUZIONE2: #REF!
Name CODI_ISTITUZIONE2: #REF!
Name CODI_ISTITUZIONE2: #REF!
Name CODI_ISTITUZIONE2: #REF!
Name CODI_ISTITUZIONE2: #REF!
Name CODI_ISTITUZIONE2: #REF!
Name CODI_ISTITUZIONE2: #REF!
Name CODI_ISTITUZIONE2: #REF!
Name CODI_ISTITUZIONE2: #REF!
Name CODI_ISTITUZIONE2: #REF!
Name CODI_ISTITUZIONE2: #REF!
Name CODI_ISTITUZIONE2: #REF!
Name CODI_ISTITUZIONE2: #REF!
Name CODI_ISTITUZIONE2: #REF!
Name CODI_ISTITUZIONE2: #REF!
Name CODI_ISTITUZIONE2: #REF!
Name DESC_ISTITUZIONE: #REF!
Name DESC_ISTITUZIONE: #REF!
Name DESC_ISTITUZIONE: #REF!
Name DESC_ISTITUZIONE: #REF!
Name DESC_ISTITUZIONE: #REF!
Name DESC_ISTITUZIONE: #REF!
Name DESC_ISTITUZIONE: #REF!
Name DESC_ISTITUZIONE: #REF!
Name DESC_ISTITUZIONE2: #REF!
Name DESC_ISTITUZIONE2: #REF!
Name DESC_ISTITUZIONE2: #REF!
Name DESC_ISTITUZIONE2: #REF!
Name DESC_ISTITUZIONE2: #REF!
Name DESC_ISTITUZIONE2: #REF!
Name DESC_ISTITUZIONE2: #REF!
Name DESC_ISTITUZIONE2: #REF!
Name DESC_ISTITUZIONE2: #REF!
Name DESC_ISTITUZIONE2: #REF!
Name DESC_ISTITUZIONE2: #REF!
Name DESC_ISTITUZIONE2: #REF!
Name DESC_ISTITUZIONE2: #REF!
Name DESC_ISTITUZIONE2: #REF!
Name DESC_ISTITUZIONE2: #REF!
Name DESC_ISTITUZIONE2: #REF!
Name DESC_ISTITUZIONE2: #REF!

Sheet SI_1
A1: 1.0
A2: EPNE
C3: ='t1'!A1 -> ENTI PUBBLICI NON ECONOMICI - anno 2024
B6: INFORMAZIONI ISTITUZIONE
B8: PARTITA IVA DELL'ENTE
B9: CODICE FISCALE DELL'ENTE
B10: TELEFONO | E10: 0161 249052
B11: FAX
B12: E-MAIL | E12: segreteria@odcecvercelli.it
B13: INDIRIZZO
C14: VIA | D14: N° Civico | E14: C.A.P. | F14: CITTA' PROV.
B15: INDIRIZZO PAGINA WEB DELL'ENTE | D15: www.odcecvercelli.it
B16: COMPONENTI COLLEGIO DEI REVISORI (O ORGANO EQUIVALENTE)
B17: PRESIDENTE:
B18: COGNOME | D18: NOME | F18: E-Mail
B19: FERRARIS | D19: PAOLA | F19: PAOLA@STUDIOFERRARIS.VERCELLI.IT
B20: COMPONENTI:
B21: COGNOME | D21: NOME | F21: E-Mail
K22: =IF(OR(LEN(B22)>0,LEN(D22)>0),IF(LEN(F22)=0,"E' NECESSARIO COMPILARE IL CAMPO E-MAIL"," ")," ")
K23: =IF(OR(LEN(B23)>0,LEN(D23)>0),IF(LEN(F23)=0,"E' NECESSARIO COMPILARE IL CAMPO E-MAIL"," ")," ")
K24: =IF(OR(LEN(B24)>0,LEN(D24)>0),IF(LEN(F24)=0,"E' NECESSARIO COMPILARE IL CAMPO E-MAIL"," ")," ")
K25: =IF(OR(LEN(B25)>0,LEN(D25)>0),IF(LEN(F25)=0,"E' NECESSARIO COMPILARE IL CAMPO E-MAIL"," ")," ")
K26: =IF(OR(LEN(B26)>0,LEN(D26)>0),IF(LEN(F26)=0,"E' NECESSARIO COMPILARE IL CAMPO E-MAIL"," ")," ")
B28: I modelli debbono essere sottoscritti dai revisori dei conti
B30: RESPONSABILE DEL PROCEDIMENTO AMMINISTRATIVO DI CUI ALLA LEGGE 7/8/90, N. 241 CAPO II°
B32: COGNOME * | D32: NOME * | E32: E-Mail * | F32: TELEFONO *
B33: BODO | D33: ELENA | E33: ELENA@STUDIOBODO.IT | F33: 0161 1895295 | K33: =IF(AND(LEN(B33)>0,LEN(D33)>0,LEN(E33)>0,LEN(F33)>0),"","COMPILARE TUTTI I DATI DEL RESPONSABILE CONTRASSEGNATI CON L'ASTERISCO")
B36: REFERENTE DA CONTATTARE
B38: COGNOME | D38: NOME | E38: E-Mail | F38: TELEFONO
B39: BOARIN | D39: PAOLA | E39: segreteria@odcecvercelli.it | F39: 0161 249052
B41: DOMANDE PRESENTI IN CIRCOLARE
H43: FALSE | I43: FALSE
A44: 1 | B44: Non compilare
A46: 2 | B46: Non compilare
A48: 3 | B48: Non compilare
A50: 4 | B50: Non compilare
A53: 5 | B53: Non compilare
G55: numero contratti
A56: 6 | B56: Indicare il numero dei contratti di collaborazioni professionali. | G56: 1 | K56: =IF(G56="","INSERIRE CAMPO OBBLIGATORIO",IF(G56=" ","INSERIRE NUMERO VALIDO",""))
G58: numero contratti
A59: 7 | B59: Indicare il numero degli incarichi di studio, ricerca e consulenza. | G59: 0 | K59: =IF(G59="","INSERIRE CAMPO OBBLIGATORIO",IF(G59=" ","INSERIRE NUMERO VALIDO",""))
G61: numero contratti
A62: 8 | B62: Indicare il numero di contratti per prestazioni professionali consistenti nella resa di servizi o adempimenti obbligatori per legge. | G62: 0 | K62: =IF(G62="","INSERIRE CAMPO OBBLIGATORIO",IF(G62=" ","INSERIRE NUMERO VALIDO",""))
G81: valore
A82: 9 | B82: Indicare il totale delle somme trattenute ai dipendenti nell'anno di rilevazione per le assenze per malattia in applicazione dell'art. 71 del D.L. n. 112 del 25/06/2008 convertito in L. 133/2008. | G82: 73
A85: 10 | B85: Non compilare
A88: 11 | B88: Non compilare
A91: 12 | B91: Non compilare
A94: 13 | B94: Non compilare
A97: 30 | B97: Non compilare
G99: numero unità
A100: 31 | B100: Quanti sono i dipendenti al 31.12 in aspettativa per dottorato di ricerca con retribuzione a carico dell'amministrazione ai sensi dell’articolo 2 della legge 476/1984 e s.m.? | G100: 0
G102: numero unità
A103: 32 | B103: Quante persone sono state impiegate nell'anno (TEMPO DETER.,COLLABORAZIONI PROFESSIONALI, INCARICHI O ALTRI TIPI DI LAV. FLESSIBILE) il cui costo è totalmente sostenutocon finanziamenti esterni dellU.E. o di privati? | G103: 0
G105: numero unità
A106: 33 | B106: Indicare il numero delle unita rilevate in tabella 1 che risultavano titolari di permessi per legge n. 104/92. | G106: 0
G108: numero unità
A109: 34 | B109: Indicare il numero delle unita rilevate in tabella 1 che risultavano titolari di permessi ai sensi dell'art. 42, c.5 D.lgs.151/2001. | G109: 0
A112: 35 | B112: Non compilare
A115: 36 | B115: Non compilare
A118: 37 | B118: Non compilare
A121: 38 | B121: Non compilare
A124: 39 | B124: Non compilare
A127: 40 | B127: Non compilare
A130: 41 | B130: Non compilare
A133: 42 | B133: Non compilare
A136: 43 | B136: Non compilare
A145: 46 | B145: Non compilare
A148: 47 | B148: Non compilare
A151: 48 | B151: Non compilare
... A169: 54 | B169: Non compilare
G171: numero unità
A172: 55 | B172: Indicare il numero di dioendenti posti in esenzione dal servizio per emergenza COVID-19
G174: numero giorni
A175: 56 | B175: Indicare il numero dei giorni concessi ai dipendenti posti in esenzione dal servizio per emergenza COVID-19
A178: 57 | B178: Non compilare
A181: 58 | B181: Non compilare
A184: 59 | B184: Non compilare
A187: 60 | B187: Non compilare
A190: 61 | B190: Non compilare
G192: numero unità
A193: 62 | B193: Quante persone sono state assunte nell’anno a tempo determinato (rilevate come uomo/anno nella tabella 2) con le risorse del PNRR? | G193: 0
G195: numero unità
A196: 63 | B196: Quante persone sono state assunte nell’anno con altre forme flessibili di lavoro (ex interinali, LSU, formazione lavoro rilevate come uomo/anno nella tabella 2) con le risorse del PNRR? | G196: 0
G198: numero unità
A199: 64 | B199: Con quante persone sono stati sottoscritti contratti di collaborazioni professionali e incarichi nell’anno con le risorse del PNRR? | G199: 0
A202: 65 | B202: Non compilare
A205: 66 | B205: Non compilare
A208: 67 | B208: Non compilare
B210: NOTE E CHIARIMENTI ALLA RILEVAZIONE (max 1500 caratteri)
K211: =IF(LEN(B211)>1500,"IL NUMERO MASSIMO DI CARATTERI CONSENTITO E' 1500","")
B216: TABELLE COMPILATE (attenzione: la seguente sezione verrà compilata in automatico; all'atto dell'inserimento dei dati nel kit verrà annerita la relativa casella)
B218: ANOMALIE RISCONTRATE (attenzione: la seguente sezione verrà compilata in automatico; all'atto dell'inserimento dei dati nel kit verranno evidenziate eventuali anomalie)
B221: *(asterisco): si intende campo obbligatorio
B222: TFAM | C222: =IF(tFAM!D5="",IF(tFAM!D15="",IF(tFAM!D25="",IF(tFAM!D35="",0,1),1),1)*1,1) -> 1 | E222: SQ 1 | F222: =IF(COUNTIF('Squadratura 1'!J6:J21,"ERRORE")=0, 0,1) -> 0
B223: T1 | C223: =IF(('t1'!$K$22+'t1'!$L$22)>0,1,0) -> 1 | E223: SQ 2 | F223: =IF(OR('Squadratura 2'!G23="ERRORE",'Squadratura 2'!L23="ERRORE"),1,0) -> 0
B224: 1E | C224: =IF(('1E'!$S$10+'1E'!$T$10)>0,1,0) -> 1 | E224: SQ 3 | F224: =IF(OR('Squadratura 3'!M24="ERRORE",'Squadratura 3'!N24="ERRORE",'Squadratura 3'!Y24="ERRORE",'Squadratura 3'!Z24="ERRORE"),1,0) -> 0
B225: T2 | C225: =IF(SUM('t2'!C13:J13)>0,1,0) -> 0 | E225: SQ 4 | F225: =IF(COUNTIF('Squadratura 4'!I6:I21,"ERRORE")=0,0,1) -> 0
B226: T2A | C226: =IF(t2A!$T$19>0,1,0) -> 0 | E226: SQ 5 | F226: =IF(AND('SICI(1)'!$G$2="OK",'SICI(2)'!$G$2="OK",'SICI(3)'!$G$2="OK",'SICI(4)'!$G$2="OK",'SICI(5)'!$G$2="OK"),0,1) -> 0
B227: T3 | C227: =IF(SUM('t3'!C22:P22)>0,1,0) -> 0 | E227: SQ 6 | F227: =IF('Squadratura 6'!$C$4="OK",0,1) -> 0
...

Sheet tFAM
A1: ='t1'!A1 -> ENTI PUBBLICI NON ECONOMICI - anno 2024 | E1: =IF(D5="",IF(D15="",IF(D25="",IF(D35="",0,1),1),1)*1,1) -> 1
D3: =IF(E1=0,"Compilare la tabella partendo dalla riga numero uno di ogni CATEGORIA se presenti.","")
A4: CATEGORIA | B4: Codice Cat | D4: Famiglia Professionale (max 200 caratteri)
A5: ELEVATE PROFESSIONALITÀ | B5: EP | C5: 1
B6: EP | C6: 2
B7: EP | C7: 3
B8: EP | C8: 4
B9: EP | C9: 5
B10: EP | C10: 6
B11: EP | C11: 7
B12: EP | C12: 8
B13: EP | C13: 9
B14: EP | C14: 10
A15: FUNZIONARI | B15: FU | C15: 1
B16: FU | C16: 2
B17: FU | C17: 3
B18: FU | C18: 4
B19: FU | C19: 5
B20: FU | C20: 6
B21: FU | C21: 7
B22: FU | C22: 8
B23: FU | C23: 9
B24: FU | C24: 10
A25: ASSISTENTI | B25: AT | C25: 1 | D25: Assistenti amministrativi- economici
B26: AT | C26: 2
B27: AT | C27: 3
B28: AT | C28: 4
B29: AT | C29: 5
B30: AT | C30: 6
B31: AT | C31: 7
B32: AT | C32: 8
B33: AT | C33: 9
B34: AT | C34: 10
A35: OPERATORI | B35: OP | C35: 1
B36: OP | C36: 2
B37: OP | C37: 3
B38: OP | C38: 4
B39: OP | C39: 5
B40: OP | C40: 6
B41: OP | C41: 7
B42: OP | C42: 8
B43: OP | C43: 9
B44: OP | C44: 10

Sheet t1
A1: ="ENTI PUBBLICI NON ECONOMICI"&" - anno "&$L$1 -> ENTI PUBBLICI NON ECONOMICI - anno 2024 | L1: 2024
N2: 2016
C3: N U M E R O D I D I P E N D E N T I | AA3: N U M E R O D I D I P E N D E N T I
A4: qualifica / posiz.economica/profilo | B4: Cod. | C4: ="Totale dipendenti al 31/12/"&L1-1&" (*)" -> Totale dipendenti al 31/12/2023 (*) | E4: A tempo pieno | G4: In part-time fino al 50% | I4: In part-time oltre il 50% | K4: ="Totale dipendenti al 31/12/"&L1&" (**)" -> Totale dipendenti al 31/12/2024 (**) | AA4: ="Totale dipendenti al 31/12/"&L1-1&" (*)" -> Totale dipendenti al 31/12/2023 (*) | AC4: A tempo pieno | AE4: In part-time fino al 50% | AG4: In part-time oltre il 50% | AI4: ="Totale dipendenti al 31/12/"&L1&" (**)" -> Totale dipendenti al 31/12/2024 (**)
A5: (sono evidenziate le qualifiche valorizzate per l'anno) | C5: Uomini | D5: Donne | E5: Uomini | F5: Donne | G5: Uomini | H5: Donne | I5: Uomini | J5: Donne | K5: Uomini | L5: Donne | AA5: Uomini | AB5: Donne | AC5: Uomini | AD5: Donne | AE5: Uomini | AF5: Donne | AG5: Uomini | AH5: Donne | AI5: Uomini | AJ5: Donne
A6: DIRETTORE GENERALE | B6: 0D0097 | C6: =ROUND(AA6,0) -> 0 | D6: =ROUND(AB6,0) -> 0 | E6: =ROUND(AC6,0) -> 0 | F6: =ROUND(AD6,0) -> 0 | G6: =ROUND(AE6,0) -> 0 | H6: =ROUND(AF6,0) -> 0 | I6: =ROUND(AG6,0) -> 0 | J6: =ROUND(AH6,0) -> 0 | K6: =E6+G6+I6 -> 0 | L6: =F6+H6+J6 -> 0 | M6: =K6+L6 -> 0 | N6: AP | AI6: =AC6+AE6+AG6 -> 0 | AJ6: =AD6+AF6+AH6 -> 0 | AK6: =AI6+AJ6 -> 0
A7: DIRIGENTE I FASCIA | B7: 0D0077 | C7: =ROUND(AA7,0) -> 0 | D7: =ROUND(AB7,0) -> 0 | E7: =ROUND(AC7,0) -> 0 | F7: =ROUND(AD7,0) -> 0 | G7: =ROUND(AE7,0) -> 0 | H7: =ROUND(AF7,0) -> 0 | I7: =ROUND(AG7,0) -> 0 | J7: =ROUND(AH7,0) -> 0 | K7: =E7+G7+I7 -> 0 | L7: =F7+H7+J7 -> 0 | M7: =K7+L7 -> 0 | N7: 1F | AI7: =AC7+AE7+AG7 -> 0 | AJ7: =AD7+AF7+AH7 -> 0 | AK7: =AI7+AJ7 -> 0
A8: DIRIGENTE I FASCIA A TEMPO DETERM. | B8: 0D0078 | C8: =ROUND(AA8,0) -> 0 | D8: =ROUND(AB8,0) -> 0 | E8: =ROUND(AC8,0) -> 0 | F8: =ROUND(AD8,0) -> 0 | G8: =ROUND(AE8,0) -> 0 | H8: =ROUND(AF8,0) -> 0 | I8: =ROUND(AG8,0) -> 0 | J8: =ROUND(AH8,0) -> 0 | K8: =E8+G8+I8 -> 0 | L8: =F8+H8+J8 -> 0 | M8: =K8+L8 -> 0 | N8: 1F | AI8: =AC8+AE8+AG8 -> 0 | AJ8: =AD8+AF8+AH8 -> 0 | AK8: =AI8+AJ8 -> 0
A9: DIRIGENTE II FASCIA | B9: 0D0079 | C9: =ROUND(AA9,0) -> 0 | D9: =ROUND(AB9,0) -> 0 | E9: =ROUND(AC9,0) -> 0 | F9: =ROUND(AD9,0) -> 0 | G9: =ROUND(AE9,0) -> 0 | H9: =ROUND(AF9,0) -> 0 | I9: =ROUND(AG9,0) -> 0 | J9: =ROUND(AH9,0) -> 0 | K9: =E9+G9+I9 -> 0 | L9: =F9+H9+J9 -> 0 | M9: =K9+L9 -> 0 | N9: 2F | AI9: =AC9+AE9+AG9 -> 0 | AJ9: =AD9+AF9+AH9 -> 0 | AK9: =AI9+AJ9 -> 0
A10: DIRIGENTE II FASCIA A TEMPO DETERM. | B10: 0D0080 | C10: =ROUND(AA10,0) -> 0 | D10: =ROUND(AB10,0) -> 0 | E10: =ROUND(AC10,0) -> 0 | F10: =ROUND(AD10,0) -> 0 | G10: =ROUND(AE10,0) -> 0 | H10: =ROUND(AF10,0) -> 0 | I10: =ROUND(AG10,0) -> 0 | J10: =ROUND(AH10,0) -> 0 | K10: =E10+G10+I10 -> 0 | L10: =F10+H10+J10 -> 0 | M10: =K10+L10 -> 0 | N10: 2F | AI10: =AC10+AE10+AG10 -> 0 | AJ10: =AD10+AF10+AH10 -> 0 | AK10: =AI10+AJ10 -> 0
A11: MEDICO II FASCIA T.P. | B11: 0D0584 | C11: =ROUND(AA11,0) -> 0 | D11: =ROUND(AB11,0) -> 0 | E11: =ROUND(AC11,0) -> 0 | F11: =ROUND(AD11,0) -> 0 | G11: =ROUND(AE11,0) -> 0 | H11: =ROUND(AF11,0) -> 0 | I11: =ROUND(AG11,0) -> 0 | J11: =ROUND(AH11,0) -> 0 | K11: =E11+G11+I11 -> 0 | L11: =F11+H11+J11 -> 0 | M11: =K11+L11 -> 0 | N11: ME | AI11: =AC11+AE11+AG11 -> 0 | AJ11: =AD11+AF11+AH11 -> 0 | AK11: =AI11+AJ11 -> 0
A12: MEDICO I FASCIA T.P. | B12: 0D0585 | C12: =ROUND(AA12,0) -> 0 | D12: =ROUND(AB12,0) -> 0 | E12: =ROUND(AC12,0) -> 0 | F12: =ROUND(AD12,0) -> 0 | G12: =ROUND(AE12,0) -> 0 | H12: =ROUND(AF12,0) -> 0 | I12: =ROUND(AG12,0) -> 0 | J12: =ROUND(AH12,0) -> 0 | K12: =E12+G12+I12 -> 0 | L12: =F12+H12+J12 -> 0 | M12: =K12+L12 -> 0 | N12: ME | AI12: =AC12+AE12+AG12 -> 0 | AJ12: =AD12+AF12+AH12 -> 0 | AK12: =AI12+AJ12 -> 0
A13: MEDICO II FASCIA T.D. | B13: 0D0586 | C13: =ROUND(AA13,0) -> 0 | D13: =ROUND(AB13,0) -> 0 | E13: =ROUND(AC13,0) -> 0 | F13: =ROUND(AD13,0) -> 0 | G13: =ROUND(AE13,0) -> 0 | H13: =ROUND(AF13,0) -> 0 | I13: =ROUND(AG13,0) -> 0 | J13: =ROUND(AH13,0) -> 0 | K13: =E13+G13+I13 -> 0 | L13: =F13+H13+J13 -> 0 | M13: =K13+L13 -> 0 | N13: ME | AI13: =AC13+AE13+AG13 -> 0 | AJ13: =AD13+AF13+AH13 -> 0 | AK13: =AI13+AJ13 -> 0
A14: MEDICO I FASCIA T.D. | B14: 0D0496 | C14: =ROUND(AA14,0) -> 0 | D14: =ROUND(AB14,0) -> 0 | E14: =ROUND(AC14,0) -> 0 | F14: =ROUND(AD14,0) -> 0 | G14: =ROUND(AE14,0) -> 0 | H14: =ROUND(AF14,0) -> 0 | I14: =ROUND(AG14,0) -> 0 | J14: =ROUND(AH14,0) -> 0 | K14: =E14+G14+I14 -> 0 | L14: =F14+H14+J14 -> 0 | M14: =K14+L14 -> 0 | N14: ME | AI14: =AC14+AE14+AG14 -> 0 | AJ14: =AD14+AF14+AH14 -> 0 | AK14: =AI14+AJ14 -> 0
A15: PROFESSIONISTI II LIVELLO | B15: 0D0PR2 | C15: =ROUND(AA15,0) -> 0 | D15: =ROUND(AB15,0) -> 0 | E15: =ROUND(AC15,0) -> 0 | F15: =ROUND(AD15,0) -> 0 | G15: =ROUND(AE15,0) -> 0 | H15: =ROUND(AF15,0) -> 0 | I15: =ROUND(AG15,0) -> 0 | J15: =ROUND(AH15,0) -> 0 | K15: =E15+G15+I15 -> 0 | L15: =F15+H15+J15 -> 0 | M15: =K15+L15 -> 0 | N15: PR | AI15: =AC15+AE15+AG15 -> 0 | AJ15: =AD15+AF15+AH15 -> 0 | AK15: =AI15+AJ15 -> 0
A16: PROFESSIONISTI I LIVELLO | B16: 0D0PR1 | C16: =ROUND(AA16,0) -> 0 | D16: =ROUND(AB16,0) -> 0 | E16: =ROUND(AC16,0) -> 0 | F16: =ROUND(AD16,0) -> 0 | G16: =ROUND(AE16,0) -> 0 | H16: =ROUND(AF16,0) -> 0 | I16: =ROUND(AG16,0) -> 0 | J16: =ROUND(AH16,0) -> 0 | K16: =E16+G16+I16 -> 0 | L16: =F16+H16+J16 -> 0 | M16: =K16+L16 -> 0 | N16: PR | AI16: =AC16+AE16+AG16 -> 0 | AJ16: =AD16+AF16+AH16 -> 0 | AK16: =AI16+AJ16 -> 0
A17: ELEVATE PROFESSIONALITA' | B17: 0EP981 | C17: =ROUND(AA17,0) -> 0 | D17: =ROUND(AB17,0) -> 0 | E17: =ROUND(AC17,0) -> 0 | F17: =ROUND(AD17,0) -> 0 | G17: =ROUND(AE17,0) -> 0 | H17: =ROUND(AF17,0) -> 0 | I17: =ROUND(AG17,0) -> 0 | J17: =ROUND(AH17,0) -> 0 | K17: =E17+G17+I17 -> 0 | L17: =F17+H17+J17 -> 0 | M17: =K17+L17 -> 0 | N17: ND | AI17: =AC17+AE17+AG17 -> 0 | AJ17: =AD17+AF17+AH17 -> 0 | AK17: =AI17+AJ17 -> 0
A18: FUNZIONARI | B18: 0FZ000 | C18: =ROUND(AA18,0) -> 0 | D18: =ROUND(AB18,0) -> 0 | E18: =ROUND(AC18,0) -> 0 | F18: =ROUND(AD18,0) -> 0 | G18: =ROUND(AE18,0) -> 0 | H18: =ROUND(AF18,0) -> 0 | I18: =ROUND(AG18,0) -> 0 | J18: =ROUND(AH18,0) -> 0 | K18: =E18+G18+I18 -> 0 | L18: =F18+H18+J18 -> 0 | M18: =K18+L18 -> 0 | N18: ND | AI18: =AC18+AE18+AG18 -> 0 | AJ18: =AD18+AF18+AH18 -> 0 | AK18: =AI18+AJ18 -> 0
A19: ASSISTENTI | B19: 0AS000 | C19: =ROUND(AA19,0) -> 0 | D19: =ROUND(AB19,0) -> 1 | E19: =ROUND(AC19,0) -> 0 | F19: =ROUND(AD19,0) -> 0 | G19: =ROUND(AE19,0) -> 0 | H19: =ROUND(AF19,0) -> 1 | I19: =ROUND(AG19,0) -> 0 | J19: =ROUND(AH19,0) -> 0 | K19: =E19+G19+I19 -> 0 | L19: =F19+H19+J19 -> 1 | M19: =K19+L19 -> 1 | N19: ND | AB19: 1 | AF19: 1 | AI19: =AC19+AE19+AG19 -> 0 | AJ19: =AD19+AF19+AH19 -> 1 | AK19: =AI19+AJ19 -> 1
A20: OPERATORI | B20: 0OP000 | C20: =ROUND(AA20,0) -> 0 | D20: =ROUND(AB20,0) -> 0 | E20: =ROUND(AC20,0) -> 0 | F20: =ROUND(AD20,0) -> 0 | G20: =ROUND(AE20,0) -> 0 | H20: =ROUND(AF20,0) -> 0 | I20: =ROUND(AG20,0) -> 0 | J20: =ROUND(AH20,0) -> 0 | K20: =E20+G20+I20 -> 0 | L20: =F20+H20+J20 -> 0 | M20: =K20+L20 -> 0 | N20: ND | AI20: =AC20+AE20+AG20 -> 0 | AJ20: =AD20+AF20+AH20 -> 0 | AK20: =AI20+AJ20 -> 0
A21: CONTRATTISTI | B21: 000061 | C21: =ROUND(AA21,0) -> 0 | D21: =ROUND(AB21,0) -> 0 | E21: =ROUND(AC21,0) -> 0 | F21: =ROUND(AD21,0) -> 0 | G21: =ROUND(AE21,0) -> 0 | H21: =ROUND(AF21,0) -> 0 | I21: =ROUND(AG21,0) -> 0 | J21: =ROUND(AH21,0) -> 0 | K21: =E21+G21+I21 -> 0 | L21: =F21+H21+J21 -> 0 | M21: =K21+L21 -> 0 | N21: ND | AI21: =AC21+AE21+AG21 -> 0 | AJ21: =AD21+AF21+AH21 -> 0 | AK21: =AI21+AJ21 -> 0
A22: TOTALE | C22: =SUM(C6:C21) -> 0 | D22: =SUM(D6:D21) -> 1 | E22: =SUM(E6:E21) -> 0 | F22: =SUM(F6:F21) -> 0 | G22: =SUM(G6:G21) -> 0 | H22: =SUM(H6:H21) -> 1 | I22: =SUM(I6:I21) -> 0 | J22: =SUM(J6:J21) -> 0 | ... L22: =SUM(L6:L21) -> 1 | AA22: =SUM(AA6:AA21) -> 0 | AB22: =SUM(AB6:AB21) -> 1 | AC22: =SUM(AC6:AC21) -> 0 | AD22: =SUM(AD6:AD21) -> 0 | AE22: =SUM(AE6:AE21) -> 0 | AF22: =SUM(AF6:AF21) -> 1 | AG22: =SUM(AG6:AG21) -> 0 | AH22: =SUM(AH6:AH21) -> 0 | ... AJ22: =SUM(AJ6:AJ21) -> 1
A23: (a) personale a tempo indeterminato al quale viene applicato un contratto di lavoro di tipo privatistico (es.:tipografico,chimico,edile,metalmeccanico,portierato, ecc.)
A24: ="(*) inserire i dati comunicati nella tab.1 (colonna presenti al 31/12/"&L1-1&") della rilevazione dell'anno precedente" -> (*) inserire i dati comunicati nella tab.1 (colonna presenti al 31/12/2023) della rilevazione dell'anno precedente
A25: (**) dato pari alla somma del personale a tempo pieno + in part-time fino al 50% + in part-time oltre il 50%

Sheet 1E
A1: ='t1'!A1 -> ENTI PUBBLICI NON ECONOMICI - anno 2024
A4: qualifica / posiz.economica / profilo | B4: cod. | C4: N U M E R O DI D I P E N D E N T I | AA4: N U M E R O DI D I P E N D E N T I | AT4: SQUADRATURA 10 | AW4: INCONGRUENZA 17
C5: con trattamento economico iniziale | E5: con 1 differenziale stipendiale | G5: con 2 differenziale stipendiale | I5: con 3 differenziale stipendiale | K5: con 4 differenziale stipendiale | M5: con 5 differenziale stipendiale | S5: TOTALE (Presenti al 31/12/2021) | AA5: senza differenziali stipendiali | AC5: con 1 differenziale stipendiale | AE5: con 2 differenziale stipendiale | AG5: con 3 differenziale stipendiale | AI5: con 4 differenziale stipendiale | AK5: con 5 differenziale stipendiale | AM5: con 6 differenziali stipendiali | AO5: con 7 differenziali stipendiali | AQ5: ="TOTALE dipendenti al 31/12/"&'t1'!L1&" " -> TOTALE dipendenti al 31/12/2024 | AT5: Controllo con T1 | AW5: Controllo con T12 | AX5: Controllo con T4
C6: Uomini | D6: Donne | E6: Uomini | F6: Donne | G6: Uomini | H6: Donne | I6: Uomini | J6: Donne | K6: Uomini | L6: Donne | M6: Uomini | N6: Donne | S6: Uomini | T6: Donne | AA6: Uomini | AB6: Donne | AC6: Uomini | AD6: Donne | AE6: Uomini | AF6: Donne | AG6: Uomini | AH6: Donne | AI6: Uomini | AJ6: Donne | AK6: Uomini | AL6: Donne | AM6: Uomini | AN6: Donne | AQ6: Uomini | AR6: Donne | AT6: Uomini | AU6: Donne | AW6: Totale
A7: ='t1'!A18 -> FUNZIONARI | B7: ='t1'!B18 -> 0FZ000 | C7: =ROUND(AA7,0) -> 0 | D7: =ROUND(AB7,0) -> 0 | E7: =ROUND(AC7,0) -> 0 | F7: =ROUND(AD7,0) -> 0 | G7: =ROUND(AE7,0) -> 0 | H7: =ROUND(AF7,0) -> 0 | I7: =ROUND(AG7,0) -> 0 | J7: =ROUND(AH7,0) -> 0 | ... N7: =ROUND(AL7,0) -> 0 | S7: =C7+E7+G7+I7+K7+M7+O7+Q7 -> 0 | T7: =D7+F7+H7+J7+L7+N7+P7+R7 -> 0 | AQ7: =AA7+AC7+AE7+AG7+AI7+AK7+AM7+AO7 -> 0 | AR7: =AB7+AD7+AF7+AH7+AJ7+AL7+AN7+AP7 -> 0 | AT7: =IF(AQ7='t1'!AI18,"OK","Errore") -> OK | AU7: =IF(AR7='t1'!AJ18,"OK","Errore") -> OK | AW7: =IF(SUM(AC7:AN7)>0,(IF('t12'!G18>0,"OK","Manca Valore in T12")),IF(AND(SUM(AC7:AN7)>=0,('t12'!G18)>=0),IF('t12'!G18>0,"Mancano differenziali","OK"))) -> OK | AX7: =IF(SUM(AC7:AN7)>='t4'!D7,"OK","Controllare voci in T4") -> OK
A8: ='t1'!A19 -> ASSISTENTI | B8: ='t1'!B19 -> 0AS000 | C8: =ROUND(AA8,0) -> 0 | D8: =ROUND(AB8,0) -> 1 | E8: =ROUND(AC8,0) -> 0 | F8: =ROUND(AD8,0) -> 0 | G8: =ROUND(AE8,0) -> 0 | H8: =ROUND(AF8,0) -> 0 | I8: =ROUND(AG8,0) -> 0 | J8: =ROUND(AH8,0) -> 0 | ... N8: =ROUND(AL8,0) -> 0 | S8: =C8+E8+G8+I8+K8+M8+O8+Q8 -> 0 | T8: =D8+F8+H8+J8+L8+N8+P8+R8 -> 1 | AB8: 1 | AQ8: =AA8+AC8+AE8+AG8+AI8+AK8+AM8+AO8 -> 0 | AR8: =AB8+AD8+AF8+AH8+AJ8+AL8+AN8+AP8 -> 1 | AT8: =IF(AQ8='t1'!AI19,"OK","Errore") -> OK | AU8: =IF(AR8='t1'!AJ19,"OK","Errore") -> OK | AW8: =IF(SUM(AC8:AN8)>0,(IF('t12'!G19>0,"OK","Manca Valore in T12")),IF(AND(SUM(AC8:AN8)>=0,('t12'!G19)>=0),IF('t12'!G19>0,"Mancano differenziali","OK"))) -> OK | AX8: =IF(SUM(AC8:AN8)>='t4'!D8,"OK","Controllare voci in T4") -> OK
A9: ='t1'!A20 -> OPERATORI | B9: ='t1'!B20 -> 0OP000 | C9: =ROUND(AA9,0) -> 0 | D9: =ROUND(AB9,0) -> 0 | E9: =ROUND(AC9,0) -> 0 | F9: =ROUND(AD9,0) -> 0 | G9: =ROUND(AE9,0) -> 0 | H9: =ROUND(AF9,0) -> 0 | I9: =ROUND(AG9,0) -> 0 | J9: =ROUND(AH9,0) -> 0 | ... N9: =ROUND(AL9,0) -> 0 | S9: =C9+E9+G9+I9+K9+M9+O9+Q9 -> 0 | T9: =D9+F9+H9+J9+L9+N9+P9+R9 -> 0 | AQ9: =AA9+AC9+AE9+AG9+AI9+AK9+AM9+AO9 -> 0 | AR9: =AB9+AD9+AF9+AH9+AJ9+AL9+AN9+AP9 -> 0 | AT9: =IF(AQ9='t1'!AI20,"OK","Errore") -> OK | AU9: =IF(AR9='t1'!AJ20,"OK","Errore") -> OK | AW9: =IF(SUM(AC9:AN9)>0,(IF('t12'!G20>0,"OK","Manca Valore in T12")),IF(AND(SUM(AC9:AN9)>=0,('t12'!G20)>=0),IF('t12'!G20>0,"Mancano differenziali","OK"))) -> OK | AX9: =IF(SUM(AC9:AN9)>='t4'!D9,"OK","Controllare voci in T4") -> OK
A10: TOTALE | C10: =SUM(C7:C9) -> 0 | D10: =SUM(D7:D9) -> 1 | E10: =SUM(E7:E9) -> 0 | F10: =SUM(F7:F9) -> 0 | G10: =SUM(G7:G9) -> 0 | H10: =SUM(H7:H9) -> 0 | I10: =SUM(I7:I9) -> 0 | J10: =SUM(J7:J9) -> 0 | ... T10: =SUM(T7:T9) -> 1 | AA10: =SUM(AA7:AA9) -> 0 | AB10: =SUM(AB7:AB9) -> 1 | AC10: =SUM(AC7:AC9) -> 0 | AD10: =SUM(AD7:AD9) -> 0 | AE10: =SUM(AE7:AE9) -> 0 | AF10: =SUM(AF7:AF9) -> 0 | AG10: =SUM(AG7:AG9) -> 0 | AH10: =SUM(AH7:AH9) -> 0 | ... AN10: =SUM(AN7:AN9) -> 0 | AO10: =SUM(AO9:AO9) -> 0 | AP10: =SUM(AP9:AP9) -> 0 | AQ10: =SUM(AQ7:AQ9) -> 0 | AR10: =SUM(AR7:AR9) -> 1 | AT10: =SUM('t1'!AI18:AI20) -> 0 | AU10: =SUM('t1'!AJ18:AJ20) -> 1 | AW10: =IF(COUNTIF(AW7:AW9,"OK")=3,"OK","Errore") -> OK | AX10: =IF(COUNTIF(AX7:AX9,"OK")=3,"OK","Errore") -> OK

Sheet t2
A1: ='t1'!A1 -> ENTI PUBBLICI NON ECONOMICI - anno 2024 | AK1: Si
AK2: No
C3: N U M E R O D I D I P E N D E N T I | Y3: N U M E R O D I D I P E N D E N T I | AK3: 2
A4: CATEGORIA | B4: Cod. | C4: A tempo determinato (*) | E4: Formazione lavoro (*) | G4: Contratti di somministrazione (ex Interinale) (*) | I4: LSU/LPU/ASU(*) | AA4: A tempo determinato (*) | AC4: Formazione lavoro (*) | AE4: Contratti di somministrazione (ex Interinale) (*) | AG4: LSU/LPU/ASU(*)
C5: Uomini | D5: Donne | E5: Uomini | F5: Donne | G5: Uomini | H5: Donne | I5: Uomini | J5: Donne | AA5: Uomini | AB5: Donne | AC5: Uomini | AD5: Donne | AE5: Uomini | AF5: Donne | AG5: Uomini | AH5: Donne
A6: MEDICI | B6: MD | C6: =ROUND(AA6,2) -> 0 | D6: =ROUND(AB6,2) -> 0 | E6: =ROUND(AC6,2) -> 0 | F6: =ROUND(AD6,2) -> 0 | G6: =ROUND(AE6,2) -> 0 | H6: =ROUND(AF6,2) -> 0 | I6: =ROUND(AG6,2) -> 0 | J6: =ROUND(AH6,2) -> 0
A7: PROFESSIONISTI | B7: AP | C7: =ROUND(AA7,2) -> 0 | D7: =ROUND(AB7,2) -> 0 | E7: =ROUND(AC7,2) -> 0 | F7: =ROUND(AD7,2) -> 0 | G7: =ROUND(AE7,2) -> 0 | H7: =ROUND(AF7,2) -> 0 | I7: =ROUND(AG7,2) -> 0 | J7: =ROUND(AH7,2) -> 0
A8: PERSONALE ELEVATE PROFESSIONALITA | B8: EP | C8: =ROUND(AA8,2) -> 0 | D8: =ROUND(AB8,2) -> 0 | E8: =ROUND(AC8,2) -> 0 | F8: =ROUND(AD8,2) -> 0 | G8: =ROUND(AE8,2) -> 0 | H8: =ROUND(AF8,2) -> 0 | I8: =ROUND(AG8,2) -> 0 | J8: =ROUND(AH8,2) -> 0
A9: FUNZIONARI | B9: FU | C9: =ROUND(AA9,2) -> 0 | D9: =ROUND(AB9,2) -> 0 | E9: =ROUND(AC9,2) -> 0 | F9: =ROUND(AD9,2) -> 0 | G9: =ROUND(AE9,2) -> 0 | H9: =ROUND(AF9,2) -> 0 | I9: =ROUND(AG9,2) -> 0 | J9: =ROUND(AH9,2) -> 0
A10: ASSISTENTI | B10: AT | C10: =ROUND(AA10,2) -> 0 | D10: =ROUND(AB10,2) -> 0 | E10: =ROUND(AC10,2) -> 0 | F10: =ROUND(AD10,2) -> 0 | G10: =ROUND(AE10,2) -> 0 | H10: =ROUND(AF10,2) -> 0 | I10: =ROUND(AG10,2) -> 0 | J10: =ROUND(AH10,2) -> 0
A11: OPERATORI | B11: OP | C11: =ROUND(AA11,2) -> 0 | D11: =ROUND(AB11,2) -> 0 | E11: =ROUND(AC11,2) -> 0 | F11: =ROUND(AD11,2) -> 0 | G11: =ROUND(AE11,2) -> 0 | H11: =ROUND(AF11,2) -> 0 | I11: =ROUND(AG11,2) -> 0 | J11: =ROUND(AH11,2) -> 0
A12: PERSONALE CONTRATTISTA | B12: PC | C12: =ROUND(AA12,2) -> 0 | D12: =ROUND(AB12,2) -> 0 | E12: =ROUND(AC12,2) -> 0 | F12: =ROUND(AD12,2) -> 0 | G12: =ROUND(AE12,2) -> 0 | H12: =ROUND(AF12,2) -> 0 | I12: =ROUND(AG12,2) -> 0 | J12: =ROUND(AH12,2) -> 0
A13: TOTALE | C13: =SUM(C6:C12) -> 0 | D13: =SUM(D6:D12) -> 0 | E13: =SUM(E6:E12) -> 0 | F13: =SUM(F6:F12) -> 0 | G13: =SUM(G6:G12) -> 0 | H13: =SUM(H6:H12) -> 0 | I13: =SUM(I6:I12) -> 0 | J13: =SUM(J6:J12) -> 0 | AA13: =SUM(AA6:AA12) -> 0 | AB13: =SUM(AB6:AB12) -> 0 | AC13: =SUM(AC6:AC12) -> 0 | AD13: =SUM(AD6:AD12) -> 0 | AE13: =SUM(AE6:AE12) -> 0 | AF13: =SUM(AF6:AF12) -> 0 | AG13: =SUM(AG6:AG12) -> 0 | AH13: =SUM(AH6:AH12) -> 0
A16: Il personale a Tempo determinato è cessato il 31/12?
A21: CATEGORIA | B21: Cod. | C21: Smart working (**) Personale indicato in T1 | E21: Telelavoro (**) Personale indicato in T1 | G21: Coworking (**) Personale indicato in T1 | I21: Personale soggetto a turnazione (**) Personale indicato in T1 | K21: Personale soggetto a reperibilità (**) Personale indicato in T1 | AA21: Lavoro Agile (**) | AC21: Telelavoro (**) | AE21: Coworking (**) | AG21: Personale soggetto a turnazione (**) | AI21: Personale soggetto a reperibilità (**)
C22: Uomini | D22: Donne | E22: Uomini | F22: Donne | G22: Uomini | H22: Donne | I22: Uomini | J22: Donne | K22: Uomini | L22: Donne | AA22: Uomini | AB22: Donne | AC22: Uomini | AD22: Donne | AE22: Uomini | AF22: Donne | AG22: Uomini | AH22: Donne | AI22: Uomini | AJ22: Donne
A23: MEDICI | B23: MD | C23: =ROUND(AA23,0) -> 0 | D23: =ROUND(AB23,0) -> 0 | E23: =ROUND(AC23,0) -> 0 | F23: =ROUND(AD23,0) -> 0 | G23: =ROUND(AE23,0) -> 0 | H23: =ROUND(AF23,0) -> 0 | I23: =ROUND(AG23,0) -> 0 | J23: =ROUND(AH23,0) -> 0 | ... L23: =ROUND(AJ23,0) -> 0
A24: PROFESSIONISTI | B24: AP | C24: =ROUND(AA24,0) -> 0 | D24: =ROUND(AB24,0) -> 0 | E24: =ROUND(AC24,0) -> 0 | F24: =ROUND(AD24,0) -> 0 | G24: =ROUND(AE24,0) -> 0 | H24: =ROUND(AF24,0) -> 0 | I24: =ROUND(AG24,0) -> 0 | J24: =ROUND(AH24,0) -> 0 | ... L24: =ROUND(AJ24,0) -> 0
A25: PERSONALE ELEVATE PROFESSIONALITA | B25: EP | C25: =ROUND(AA25,0) -> 0 | D25: =ROUND(AB25,0) -> 0 | E25: =ROUND(AC25,0) -> 0 | F25: =ROUND(AD25,0) -> 0 | G25: =ROUND(AE25,0) -> 0 | H25: =ROUND(AF25,0) -> 0 | I25: =ROUND(AG25,0) -> 0 | J25: =ROUND(AH25,0) -> 0 | ... L25: =ROUND(AJ25,0) -> 0
A26: FUNZIONARI | B26: FU | C26: =ROUND(AA26,0) -> 0 | D26: =ROUND(AB26,0) -> 0 | E26: =ROUND(AC26,0) -> 0 | F26: =ROUND(AD26,0) -> 0 | G26: =ROUND(AE26,0) -> 0 | H26: =ROUND(AF26,0) -> 0 | I26: =ROUND(AG26,0) -> 0 | J26: =ROUND(AH26,0) -> 0 | ... L26: =ROUND(AJ26,0) -> 0
A27: ASSISTENTI | B27: AT | C27: =ROUND(AA27,0) -> 0 | D27: =ROUND(AB27,0) -> 0 | E27: =ROUND(AC27,0) -> 0 | F27: =ROUND(AD27,0) -> 0 | G27: =ROUND(AE27,0) -> 0 | H27: =ROUND(AF27,0) -> 0 | I27: =ROUND(AG27,0) -> 0 | J27: =ROUND(AH27,0) -> 0 | ... L27: =ROUND(AJ27,0) -> 0
A28: OPERATORI | B28: OP | C28: =ROUND(AA28,0) -> 0 | D28: =ROUND(AB28,0) -> 0 | E28: =ROUND(AC28,0) -> 0 | F28: =ROUND(AD28,0) -> 0 | G28: =ROUND(AE28,0) -> 0 | H28: =ROUND(AF28,0) -> 0 | I28: =ROUND(AG28,0) -> 0 | J28: =ROUND(AH28,0) -> 0 | ... L28: =ROUND(AJ28,0) -> 0
A29: PERSONALE CONTRATTISTA | B29: PC | C29: =ROUND(AA29,0) -> 0 | D29: =ROUND(AB29,0) -> 0 | E29: =ROUND(AC29,0) -> 0 | F29: =ROUND(AD29,0) -> 0 | G29: =ROUND(AE29,0) -> 0 | H29: =ROUND(AF29,0) -> 0 | I29: =ROUND(AG29,0) -> 0 | J29: =ROUND(AH29,0) -> 0 | ... L29: =ROUND(AJ29,0) -> 0
A30: TOTALE | C30: =SUM(C23:C29) -> 0 | D30: =SUM(D23:D29) -> 0 | E30: =SUM(E23:E29) -> 0 | F30: =SUM(F23:F29) -> 0 | G30: =SUM(G23:G29) -> 0 | H30: =SUM(H23:H29) -> 0 | I30: =SUM(I23:I29) -> 0 | J30: =SUM(J23:J29) -> 0 | ... L30: =SUM(L23:L29) -> 0 | AA30: =SUM(AA23:AA29) -> 0 | AB30: =SUM(AB23:AB29) -> 0 | AC30: =SUM(AC23:AC29) -> 0 | AD30: =SUM(AD23:AD29) -> 0 | AE30: =SUM(AE23:AE29) -> 0 | AF30: =SUM(AF23:AF29) -> 0 | AG30: =SUM(AG23:AG29) -> 0 | AH30: =SUM(AH23:AH29) -> 0 | ... AJ30: =SUM(AJ23:AJ29) -> 0
A32: (*) dati su base annua
A33: (**) presenti al 31 dicembre anno corrente

Sheet t2A
A1: =SI_1!A2 -> EPNE | B1: ='t1'!A1 -> ENTI PUBBLICI NON ECONOMICI - anno 2024
B8: Anzianità di servizio maturata al 31/12, anche in modo non continuativo, nell'attuale o in altre amministrazioni | D8: Fino a 1 anno | F8: Da 1 a 2 anni | H8: Da 2 a 3 anni | J8: Oltre i 3 anni
B9: Uomo / Donna | D9: U | E9: D | F9: U | G9: D | H9: U | I9: D | J9: U | K9: D
A10: XX | B10: Personale con contratti di collaborazioni professionali
A12: ='t2'!B6 -> MD | B12: Tempo determinato | C12: ='t2'!A6 -> MEDICI
A13: ='t2'!B7 -> AP | C13: ='t2'!A7 -> PROFESSIONISTI
A14: ='t2'!B8 -> EP | C14: ='t2'!A8 -> PERSONALE ELEVATE PROFESSIONALITA
A15: ='t2'!B9 -> FU | C15: ='t2'!A9 -> FUNZIONARI
A16: ='t2'!B10 -> AT | C16: ='t2'!A10 -> ASSISTENTI
A17: ='t2'!B11 -> OP | C17: ='t2'!A11 -> OPERATORI
A18: ='t2'!B12 -> PC | C18: ='t2'!A12 -> PERSONALE CONTRATTISTA
C19: TOTALE Tempo determinato | D19: =SUM(D12:D18) -> 0 | E19: =SUM(E12:E18) -> 0 | F19: =SUM(F12:F18) -> 0 | G19: =SUM(G12:G18) -> 0 | H19: =SUM(H12:H18) -> 0 | I19: =SUM(I12:I18) -> 0 | J19: =SUM(J12:J18) -> 0 | K19: =SUM(K12:K18) -> 0 | T19: =SUM(D19:S19,D10:S10) -> 0

Sheet t3
A1: ='t1'!A1 -> ENTI PUBBLICI NON ECONOMICI - anno 2024
C3: PERSONALE DELL'AMMINISTRAZIONE (* ) | K3: PERSONALE ESTERNO ( ** )
A4: qualifica/posizione economica/profilo | B4: Cod. | C4: COMANDATI / DISTACCATI | E4: FUORI RUOLO | G4: CONVENZIONI | I4: PERSONALE IN ASPETTATIVA | K4: COMANDATI / DISTACCATI | M4: FUORI RUOLO | O4: CONVENZIONI
A5: (sono evidenziate quelle valorizzate nella T1) | C5: Uomini | D5: Donne | E5: Uomini | F5: Donne | G5: Uomini | H5: Donne | I5: Uomini | J5: Donne | K5: Uomini | L5: Donne | M5: Uomini | N5: Donne | O5: Uomini | P5: Donne
A6: ='t1'!A6 -> DIRETTORE GENERALE | B6: ='t1'!B6 -> 0D0097 | Q6: ='t1'!M6 -> 0
A7: ='t1'!A7 -> DIRIGENTE I FASCIA | B7: ='t1'!B7 -> 0D0077 | Q7: ='t1'!M7 -> 0
A8: ='t1'!A8 -> DIRIGENTE I FASCIA A TEMPO DETERM. | B8: ='t1'!B8 -> 0D0078 | Q8: ='t1'!M8 -> 0
A9: ='t1'!A9 -> DIRIGENTE II FASCIA | B9: ='t1'!B9 -> 0D0079 | Q9: ='t1'!M9 -> 0
A10: ='t1'!A10 -> DIRIGENTE II FASCIA A TEMPO DETERM. | B10: ='t1'!B10 -> 0D0080 | Q10: ='t1'!M10 -> 0
A11: ='t1'!A11 -> MEDICO II FASCIA T.P. | B11: ='t1'!B11 -> 0D0584 | Q11: ='t1'!M11 -> 0
A12: ='t1'!A12 -> MEDICO I FASCIA T.P. | B12: ='t1'!B12 -> 0D0585 | Q12: ='t1'!M12 -> 0
A13: ='t1'!A13 -> MEDICO II FASCIA T.D. | B13: ='t1'!B13 -> 0D0586 | Q13: ='t1'!M13 -> 0
A14: ='t1'!A14 -> MEDICO I FASCIA T.D. | B14: ='t1'!B14 -> 0D0496 | Q14: ='t1'!M14 -> 0
A15: ='t1'!A15 -> PROFESSIONISTI II LIVELLO | B15: ='t1'!B15 -> 0D0PR2 | Q15: ='t1'!M15 -> 0
A16: ='t1'!A16 -> PROFESSIONISTI I LIVELLO | B16: ='t1'!B16 -> 0D0PR1 | Q16: ='t1'!M16 -> 0
A17: ='t1'!A17 -> ELEVATE PROFESSIONALITA' | B17: ='t1'!B17 -> 0EP981 | Q17: ='t1'!M17 -> 0
... A21: ='t1'!A21 -> CONTRATTISTI | B21: ='t1'!B21 -> 000061 | Q21: ='t1'!M21 -> 0
A22: TOTALE | C22: =SUM(C6:C21) -> 0 | D22: =SUM(D6:D21) -> 0 | E22: =SUM(E6:E21) -> 0 | F22: =SUM(F6:F21) -> 0 | G22: =SUM(G6:G21) -> 0 | H22: =SUM(H6:H21) -> 0 | I22: =SUM(I6:I21) -> 0 | J22: =SUM(J6:J21) -> 0 | ... P22: =SUM(P6:P21) -> 0
A24: ='t1'!$A$23 -> (a) personale a tempo indeterminato al quale viene applicato un contratto di lavoro di tipo privatistico (es.:tipografico,chimico,edile,metalmeccanico,portierato, ecc.)
A26: (*) Personale comandato e fuori ruolo verso altre Amministrazioni
A27: (**) Personale comandato e fuori ruolo da altre Amministrazioni

Sheet t4
A1: ='t1'!A1 -> ENTI PUBBLICI NON ECONOMICI - anno 2024
A4: N. di dipendenti a cui nel corso dell'anno è stato attribuito un nuovo differenziale stipendiale:
A6: ='t2'!A8 -> PERSONALE ELEVATE PROFESSIONALITA | B6: ='t2'!B8 -> EP | C6: n.
A7: ='t2'!A9 -> FUNZIONARI | B7: ='t2'!B9 -> FU | C7: n.
A8: ='t2'!A10 -> ASSISTENTI | B8: ='t2'!B10 -> AT | C8: n.
A9: ='t2'!A11 -> OPERATORI | B9: ='t2'!B11 -> OP | C9: n.
C12: N U M E R O D I D I P E N D E N T I
C13: ENTRATI in: qualifica/posizione economica/profilo
A14: USCITI da: qualifica/posizione economica/profilo | B14: Codice | C14: =B15 -> 0D0097 | D14: =B16 -> 0D0077 | E14: =B17 -> 0D0078 | F14: =B18 -> 0D0079 | G14: =B19 -> 0D0080 | H14: =B20 -> 0D0584 | I14: =B21 -> 0D0585 | J14: =B22 -> 0D0586 | K14: =B23 -> 0D0496 | L14: =B24 -> 0D0PR2 | M14: =B25 -> 0D0PR1 | N14: =B26 -> 0EP981 | O14: =B27 -> 0FZ000 | P14: =B28 -> 0AS000 | Q14: =B29 -> 0OP000 | R14: =B30 -> 000061 | S14: TOTALE USCITI
A15: ='t1'!A6 -> DIRETTORE GENERALE | B15: ='t1'!B6 -> 0D0097 | S15: =SUM(C15:R15) -> 0
A16: ='t1'!A7 -> DIRIGENTE I FASCIA | B16: ='t1'!B7 -> 0D0077 | S16: =SUM(C16:R16) -> 0
A17: ='t1'!A8 -> DIRIGENTE I FASCIA A TEMPO DETERM. | B17: ='t1'!B8 -> 0D0078 | S17: =SUM(C17:R17) -> 0
A18: ='t1'!A9 -> DIRIGENTE II FASCIA | B18: ='t1'!B9 -> 0D0079 | S18: =SUM(C18:R18) -> 0
A19: ='t1'!A10 -> DIRIGENTE II FASCIA A TEMPO DETERM. | B19: ='t1'!B10 -> 0D0080 | S19: =SUM(C19:R19) -> 0
A20: ='t1'!A11 -> MEDICO II FASCIA T.P. | B20: ='t1'!B11 -> 0D0584 | S20: =SUM(C20:R20) -> 0
A21: ='t1'!A12 -> MEDICO I FASCIA T.P. | B21: ='t1'!B12 -> 0D0585 | S21: =SUM(C21:R21) -> 0
A22: ='t1'!A13 -> MEDICO II FASCIA T.D. | B22: ='t1'!B13 -> 0D0586 | S22: =SUM(C22:R22) -> 0
A23: ='t1'!A14 -> MEDICO I FASCIA T.D. | B23: ='t1'!B14 -> 0D0496 | S23: =SUM(C23:R23) -> 0
A24: ='t1'!A15 -> PROFESSIONISTI II LIVELLO | B24: ='t1'!B15 -> 0D0PR2 | S24: =SUM(C24:R24) -> 0
A25: ='t1'!A16 -> PROFESSIONISTI I LIVELLO | B25: ='t1'!B16 -> 0D0PR1 | S25: =SUM(C25:R25) -> 0
A26: ='t1'!A17 -> ELEVATE PROFESSIONALITA' | B26: ='t1'!B17 -> 0EP981 | S26: =SUM(C26:R26) -> 0
... A30: ='t1'!A21 -> CONTRATTISTI | B30: ='t1'!B21 -> 000061 | S30: =SUM(C30:R30) -> 0
A31: TOTALE ENTRATI | C31: =SUM(C15:C30) -> 0 | D31: =SUM(D15:D30) -> 0 | E31: =SUM(E15:E30) -> 0 | F31: =SUM(F15:F30) -> 0 | G31: =SUM(G15:G30) -> 0 | H31: =SUM(H15:H30) -> 0 | I31: =SUM(I15:I30) -> 0 | J31: =SUM(J15:J30) -> 0 | ... S31: =SUM(S15:S30) -> 0
A32: ='t1'!A23 -> (a) personale a tempo indeterminato al quale viene applicato un contratto di lavoro di tipo privatistico (es.:tipografico,chimico,edile,metalmeccanico,portierato, ecc.)

Sheet t5
A1: ='t1'!A1 -> ENTI PUBBLICI NON ECONOMICI - anno 2024
C3: N U M E R O D I D I P E N D E N T I
A4: qualifica/posizione economica/profilo | B4: Cod. | C4: Collocamento a riposo per limiti di età | E4: Dimissioni con diritto a pensione | G4: Passaggi per esternalizzazioni (*) | I4: Passaggi ad altra Amministrazione dello stesso comparto (*) | K4: Passaggi ad altra Amministrazione di altro comparto (*) | M4: Risoluz. rapporto di lavoro | O4: Licenziamenti disposti dall’ente | Q4: Dimissioni senza diritto a pensione | S4: Altre cause | U4: TOTALE
C5: C01 | E5: C03 | G5: C17 | I5: C18 | K5: C19 | M5: C21 | O5: C25 | Q5: C28 | S5: C99
C6: Uomini | D6: Donne | E6: Uomini | F6: Donne | G6: Uomini | H6: Donne | I6: Uomini | J6: Donne | K6: Uomini | L6: Donne | M6: Uomini | N6: Donne | O6: Uomini | P6: Donne | Q6: Uomini | R6: Donne | S6: Uomini | T6: Donne | U6: Uomini | V6: Donne
A7: ='t1'!A6 -> DIRETTORE GENERALE | B7: ='t1'!B6 -> 0D0097 | U7: =SUM(C7,E7,G7,I7,K7,M7,O7,Q7,S7) -> 0 | V7: =SUM(D7,F7,H7,J7,L7,N7,P7,R7,T7) -> 0
A8: ='t1'!A7 -> DIRIGENTE I FASCIA | B8: ='t1'!B7 -> 0D0077 | U8: =SUM(C8,E8,G8,I8,K8,M8,O8,Q8,S8) -> 0 | V8: =SUM(D8,F8,H8,J8,L8,N8,P8,R8,T8) -> 0
A9: ='t1'!A8 -> DIRIGENTE I FASCIA A TEMPO DETERM. | B9: ='t1'!B8 -> 0D0078 | U9: =SUM(C9,E9,G9,I9,K9,M9,O9,Q9,S9) -> 0 | V9: =SUM(D9,F9,H9,J9,L9,N9,P9,R9,T9) -> 0
A10: ='t1'!A9 -> DIRIGENTE II FASCIA | B10: ='t1'!B9 -> 0D0079 | U10: =SUM(C10,E10,G10,I10,K10,M10,O10,Q10,S10) -> 0 | V10: =SUM(D10,F10,H10,J10,L10,N10,P10,R10,T10) -> 0
A11: ='t1'!A10 -> DIRIGENTE II FASCIA A TEMPO DETERM. | B11: ='t1'!B10 -> 0D0080 | U11: =SUM(C11,E11,G11,I11,K11,M11,O11,Q11,S11) -> 0 | V11: =SUM(D11,F11,H11,J11,L11,N11,P11,R11,T11) -> 0
A12: ='t1'!A11 -> MEDICO II FASCIA T.P. | B12: ='t1'!B11 -> 0D0584 | U12: =SUM(C12,E12,G12,I12,K12,M12,O12,Q12,S12) -> 0 | V12: =SUM(D12,F12,H12,J12,L12,N12,P12,R12,T12) -> 0
A13: ='t1'!A12 -> MEDICO I FASCIA T.P. | B13: ='t1'!B12 -> 0D0585 | U13: =SUM(C13,E13,G13,I13,K13,M13,O13,Q13,S13) -> 0 | V13: =SUM(D13,F13,H13,J13,L13,N13,P13,R13,T13) -> 0
A14: ='t1'!A13 -> MEDICO II FASCIA T.D. | B14: ='t1'!B13 -> 0D0586 | U14: =SUM(C14,E14,G14,I14,K14,M14,O14,Q14,S14) -> 0 | V14: =SUM(D14,F14,H14,J14,L14,N14,P14,R14,T14) -> 0
A15: ='t1'!A14 -> MEDICO I FASCIA T.D. | B15: ='t1'!B14 -> 0D0496 | U15: =SUM(C15,E15,G15,I15,K15,M15,O15,Q15,S15) -> 0 | V15: =SUM(D15,F15,H15,J15,L15,N15,P15,R15,T15) -> 0
A16: ='t1'!A15 -> PROFESSIONISTI II LIVELLO | B16: ='t1'!B15 -> 0D0PR2 | U16: =SUM(C16,E16,G16,I16,K16,M16,O16,Q16,S16) -> 0 | V16: =SUM(D16,F16,H16,J16,L16,N16,P16,R16,T16) -> 0
A17: ='t1'!A16 -> PROFESSIONISTI I LIVELLO | B17: ='t1'!B16 -> 0D0PR1 | U17: =SUM(C17,E17,G17,I17,K17,M17,O17,Q17,S17) -> 0 | V17: =SUM(D17,F17,H17,J17,L17,N17,P17,R17,T17) -> 0
A18: ='t1'!A17 -> ELEVATE PROFESSIONALITA' | B18: ='t1'!B17 -> 0EP981 | U18: =SUM(C18,E18,G18,I18,K18,M18,O18,Q18,S18) -> 0 | V18: =SUM(D18,F18,H18,J18,L18,N18,P18,R18,T18) -> 0
... A22: ='t1'!A21 -> CONTRATTISTI | B22: ='t1'!B21 -> 000061 | U22: =SUM(C22,E22,G22,I22,K22,M22,O22,Q22,S22) -> 0 | V22: =SUM(D22,F22,H22,J22,L22,N22,P22,R22,T22) -> 0
A23: TOTALE | C23: =SUM(C7:C22) -> 0 | D23: =SUM(D7:D22) -> 0 | E23: =SUM(E7:E22) -> 0 | F23: =SUM(F7:F22) -> 0 | G23: =SUM(G7:G22) -> 0 | H23: =SUM(H7:H22) -> 0 | I23: =SUM(I7:I22) -> 0 | J23: =SUM(J7:J22) -> 0 | ... V23: =SUM(V7:V22) -> 0
A24: (*) Escluso il personale comandato e quello fuori ruolo
A25: ='t1'!$A$23 -> (a) personale a tempo indeterminato al quale viene applicato un contratto di lavoro di tipo privatistico (es.:tipografico,chimico,edile,metalmeccanico,portierato, ecc.)

Sheet t6
A1: ='t1'!A1 -> ENTI PUBBLICI NON ECONOMICI - anno 2024
C3: N U M E R O D I D I P E N D E N T I
A4: qualifica/posiz. economica/profilo | B4: Cod. | C4: Nomina da concorso | E4: Altre cause | G4: Personale stabilizzato da LSU/LPU | I4: Assunzione per chiamata diretta (L. 68/99 - categorie protette) | K4: Assunzione per chiamata numerica (L. 68/99 - categorie protette) | M4: Passaggi da altra Amministrazione dello stesso comparto (*) | O4: Passaggi da altra Amministrazione di altro comparto (*) | Q4: Personale stabilizzato ex Art. 35, c.3-Bis, DLGS 165/01 | S4: Personale stabilizzato ex art. 20 D.Lgs.75/2017 | U4: TOTALE
C5: A23 | E5: A24 | G5: A27 | I5: A28 | K5: A29 | M5: A30 | O5: A31 | Q5: A35 | S5: A41
A6: (sono evidenziate quelle valorizzate nella T1) | C6: Uomini | D6: Donne | E6: Uomini | F6: Donne | G6: Uomini | H6: Donne | I6: Uomini | J6: Donne | K6: Uomini | L6: Donne | M6: Uomini | N6: Donne | O6: Uomini | P6: Donne | Q6: Uomini | R6: Donne | S6: Uomini | T6: Donne | U6: Uomini | V6: Donne
A7: ='t1'!A6 -> DIRETTORE GENERALE | B7: ='t1'!B6 -> 0D0097 | U7: =SUM(C7,E7,G7,I7,K7,M7,O7,Q7,S7) -> 0 | V7: =SUM(D7,F7,H7,J7,L7,N7,P7,R7,T7) -> 0 | W7: ='t1'!M6 -> 0
A8: ='t1'!A7 -> DIRIGENTE I FASCIA | B8: ='t1'!B7 -> 0D0077 | U8: =SUM(C8,E8,G8,I8,K8,M8,O8,Q8,S8) -> 0 | V8: =SUM(D8,F8,H8,J8,L8,N8,P8,R8,T8) -> 0 | W8: ='t1'!M7 -> 0
A9: ='t1'!A8 -> DIRIGENTE I FASCIA A TEMPO DETERM. | B9: ='t1'!B8 -> 0D0078 | U9: =SUM(C9,E9,G9,I9,K9,M9,O9,Q9,S9) -> 0 | V9: =SUM(D9,F9,H9,J9,L9,N9,P9,R9,T9) -> 0 | W9: ='t1'!M8 -> 0
A10: ='t1'!A9 -> DIRIGENTE II FASCIA | B10: ='t1'!B9 -> 0D0079 | U10: =SUM(C10,E10,G10,I10,K10,M10,O10,Q10,S10) -> 0 | V10: =SUM(D10,F10,H10,J10,L10,N10,P10,R10,T10) -> 0 | W10: ='t1'!M9 -> 0
A11: ='t1'!A10 -> DIRIGENTE II FASCIA A TEMPO DETERM. | B11: ='t1'!B10 -> 0D0080 | U11: =SUM(C11,E11,G11,I11,K11,M11,O11,Q11,S11) -> 0 | V11: =SUM(D11,F11,H11,J11,L11,N11,P11,R11,T11) -> 0 | W11: ='t1'!M10 -> 0
A12: ='t1'!A11 -> MEDICO II FASCIA T.P. | B12: ='t1'!B11 -> 0D0584 | U12: =SUM(C12,E12,G12,I12,K12,M12,O12,Q12,S12) -> 0 | V12: =SUM(D12,F12,H12,J12,L12,N12,P12,R12,T12) -> 0 | W12: ='t1'!M11 -> 0
A13: ='t1'!A12 -> MEDICO I FASCIA T.P. | B13: ='t1'!B12 -> 0D0585 | U13: =SUM(C13,E13,G13,I13,K13,M13,O13,Q13,S13) -> 0 | V13: =SUM(D13,F13,H13,J13,L13,N13,P13,R13,T13) -> 0 | W13: ='t1'!M12 -> 0
A14: ='t1'!A13 -> MEDICO II FASCIA T.D. | B14: ='t1'!B13 -> 0D0586 | U14: =SUM(C14,E14,G14,I14,K14,M14,O14,Q14,S14) -> 0 | V14: =SUM(D14,F14,H14,J14,L14,N14,P14,R14,T14) -> 0 | W14: ='t1'!M13 -> 0
A15: ='t1'!A14 -> MEDICO I FASCIA T.D. | B15: ='t1'!B14 -> 0D0496 | U15: =SUM(C15,E15,G15,I15,K15,M15,O15,Q15,S15) -> 0 | V15: =SUM(D15,F15,H15,J15,L15,N15,P15,R15,T15) -> 0 | W15: ='t1'!M14 -> 0
A16: ='t1'!A15 -> PROFESSIONISTI II LIVELLO | B16: ='t1'!B15 -> 0D0PR2 | U16: =SUM(C16,E16,G16,I16,K16,M16,O16,Q16,S16) -> 0 | V16: =SUM(D16,F16,H16,J16,L16,N16,P16,R16,T16) -> 0 | W16: ='t1'!M15 -> 0
A17: ='t1'!A16 -> PROFESSIONISTI I LIVELLO | B17: ='t1'!B16 -> 0D0PR1 | U17: =SUM(C17,E17,G17,I17,K17,M17,O17,Q17,S17) -> 0 | V17: =SUM(D17,F17,H17,J17,L17,N17,P17,R17,T17) -> 0 | W17: ='t1'!M16 -> 0
A18: ='t1'!A17 -> ELEVATE PROFESSIONALITA' | B18: ='t1'!B17 -> 0EP981 | U18: =SUM(C18,E18,G18,I18,K18,M18,O18,Q18,S18) -> 0 | V18: =SUM(D18,F18,H18,J18,L18,N18,P18,R18,T18) -> 0 | W18: ='t1'!M17 -> 0
... A22: ='t1'!A21 -> CONTRATTISTI | B22: ='t1'!B21 -> 000061 | U22: =SUM(C22,E22,G22,I22,K22,M22,O22,Q22,S22) -> 0 | V22: =SUM(D22,F22,H22,J22,L22,N22,P22,R22,T22) -> 0 | W22: ='t1'!M21 -> 0
A23: TOTALE | C23: =SUM(C7:C22) -> 0 | D23: =SUM(D7:D22) -> 0 | E23: =SUM(E7:E22) -> 0 | F23: =SUM(F7:F22) -> 0 | G23: =SUM(G7:G22) -> 0 | H23: =SUM(H7:H22) -> 0 | I23: =SUM(I7:I22) -> 0 | J23: =SUM(J7:J22) -> 0 | ... V23: =SUM(V7:V22) -> 0
A25: ='t1'!$A$23 -> (a) personale a tempo indeterminato al quale viene applicato un contratto di lavoro di tipo privatistico (es.:tipografico,chimico,edile,metalmeccanico,portierato, ecc.)
A27: (*) Escluso il personale comandato e quello fuori ruolo

Sheet t7
A1: ='t1'!A1 -> ENTI PUBBLICI NON ECONOMICI - anno 2024
C3: N U M E R O D I D I P E N D E N T I
A4: Qualifica/Posiz.economica/Profilo | B4: Cod. | C4: tra 0 e 5 anni | E4: tra 6 e 10 anni | G4: tra 11 e 15 anni | I4: tra 16 e 20 anni | K4: tra 21 e 25 anni | M4: tra 26 e 30 anni | O4: tra 31 e 35 anni | Q4: tra 36 e 40 anni | S4: tra 41 e 43 anni | U4: 44 e oltre | W4: TOTALE
A5: (sono evidenziate quelle valorizzate nella T1) | C5: U | D5: D | E5: U | F5: D | G5: U | H5: D | I5: U | J5: D | K5: U | L5: D | M5: U | N5: D | O5: U | P5: D | Q5: U | R5: D | S5: U | T5: D | U5: U | V5: D | W5: U | X5: D
A6: ='t1'!A6 -> DIRETTORE GENERALE | B6: ='t1'!B6 -> 0D0097 | W6: =SUM(C6,E6,G6,I6,K6,M6,O6,Q6,S6,U6) -> 0 | X6: =SUM(D6,F6,H6,J6,L6,N6,P6,R6,T6,V6) -> 0 | Y6: ='t1'!M6 -> 0
A7: ='t1'!A7 -> DIRIGENTE I FASCIA | B7: ='t1'!B7 -> 0D0077 | W7: =SUM(C7,E7,G7,I7,K7,M7,O7,Q7,S7,U7) -> 0 | X7: =SUM(D7,F7,H7,J7,L7,N7,P7,R7,T7,V7) -> 0 | Y7: ='t1'!M7 -> 0
A8: ='t1'!A8 -> DIRIGENTE I FASCIA A TEMPO DETERM. | B8: ='t1'!B8 -> 0D0078 | W8: =SUM(C8,E8,G8,I8,K8,M8,O8,Q8,S8,U8) -> 0 | X8: =SUM(D8,F8,H8,J8,L8,N8,P8,R8,T8,V8) -> 0 | Y8: ='t1'!M8 -> 0
A9: ='t1'!A9 -> DIRIGENTE II FASCIA | B9: ='t1'!B9 -> 0D0079 | W9: =SUM(C9,E9,G9,I9,K9,M9,O9,Q9,S9,U9) -> 0 | X9: =SUM(D9,F9,H9,J9,L9,N9,P9,R9,T9,V9) -> 0 | Y9: ='t1'!M9 -> 0
A10: ='t1'!A10 -> DIRIGENTE II FASCIA A TEMPO DETERM. | B10: ='t1'!B10 -> 0D0080 | W10: =SUM(C10,E10,G10,I10,K10,M10,O10,Q10,S10,U10) -> 0 | X10: =SUM(D10,F10,H10,J10,L10,N10,P10,R10,T10,V10) -> 0 | Y10: ='t1'!M10 -> 0
A11: ='t1'!A11 -> MEDICO II FASCIA T.P. | B11: ='t1'!B11 -> 0D0584 | W11: =SUM(C11,E11,G11,I11,K11,M11,O11,Q11,S11,U11) -> 0 | X11: =SUM(D11,F11,H11,J11,L11,N11,P11,R11,T11,V11) -> 0 | Y11: ='t1'!M11 -> 0
A12: ='t1'!A12 -> MEDICO I FASCIA T.P. | B12: ='t1'!B12 -> 0D0585 | W12: =SUM(C12,E12,G12,I12,K12,M12,O12,Q12,S12,U12) -> 0 | X12: =SUM(D12,F12,H12,J12,L12,N12,P12,R12,T12,V12) -> 0 | Y12: ='t1'!M12 -> 0
A13: ='t1'!A13 -> MEDICO II FASCIA T.D. | B13: ='t1'!B13 -> 0D0586 | W13: =SUM(C13,E13,G13,I13,K13,M13,O13,Q13,S13,U13) -> 0 | X13: =SUM(D13,F13,H13,J13,L13,N13,P13,R13,T13,V13) -> 0 | Y13: ='t1'!M13 -> 0
A14: ='t1'!A14 -> MEDICO I FASCIA T.D. | B14: ='t1'!B14 -> 0D0496 | W14: =SUM(C14,E14,G14,I14,K14,M14,O14,Q14,S14,U14) -> 0 | X14: =SUM(D14,F14,H14,J14,L14,N14,P14,R14,T14,V14) -> 0 | Y14: ='t1'!M14 -> 0
A15: ='t1'!A15 -> PROFESSIONISTI II LIVELLO | B15: ='t1'!B15 -> 0D0PR2 | W15: =SUM(C15,E15,G15,I15,K15,M15,O15,Q15,S15,U15) -> 0 | X15: =SUM(D15,F15,H15,J15,L15,N15,P15,R15,T15,V15) -> 0 | Y15: ='t1'!M15 -> 0
A16: ='t1'!A16 -> PROFESSIONISTI I LIVELLO | B16: ='t1'!B16 -> 0D0PR1 | W16: =SUM(C16,E16,G16,I16,K16,M16,O16,Q16,S16,U16) -> 0 | X16: =SUM(D16,F16,H16,J16,L16,N16,P16,R16,T16,V16) -> 0 | Y16: ='t1'!M16 -> 0
A17: ='t1'!A17 -> ELEVATE PROFESSIONALITA' | B17: ='t1'!B17 -> 0EP981 | W17: =SUM(C17,E17,G17,I17,K17,M17,O17,Q17,S17,U17) -> 0 | X17: =SUM(D17,F17,H17,J17,L17,N17,P17,R17,T17,V17) -> 0 | Y17: ='t1'!M17 -> 0
A18: ='t1'!A18 -> FUNZIONARI | B18: ='t1'!B18 -> 0FZ000 | W18: =SUM(C18,E18,G18,I18,K18,M18,O18,Q18,S18,U18) -> 0 | X18: =SUM(D18,F18,H18,J18,L18,N18,P18,R18,T18,V18) -> 0 | Y18: ='t1'!M18 -> 0
A19: ='t1'!A19 -> ASSISTENTI | B19: ='t1'!B19 -> 0AS000 | J19: 1 | W19: =SUM(C19,E19,G19,I19,K19,M19,O19,Q19,S19,U19) -> 0 | X19: =SUM(D19,F19,H19,J19,L19,N19,P19,R19,T19,V19) -> 1 | Y19: ='t1'!M19 -> 1
A20: ='t1'!A20 -> OPERATORI | B20: ='t1'!B20 -> 0OP000 | W20: =SUM(C20,E20,G20,I20,K20,M20,O20,Q20,S20,U20) -> 0 | X20: =SUM(D20,F20,H20,J20,L20,N20,P20,R20,T20,V20) -> 0 | Y20: ='t1'!M20 -> 0
A21: ='t1'!A21 -> CONTRATTISTI | B21: ='t1'!B21 -> 000061 | W21: =SUM(C21,E21,G21,I21,K21,M21,O21,Q21,S21,U21) -> 0 | X21: =SUM(D21,F21,H21,J21,L21,N21,P21,R21,T21,V21) -> 0 | Y21: ='t1'!M21 -> 0
A22: TOTALE | C22: =SUM(C6:C21) -> 0 | D22: =SUM(D6:D21) -> 0 | E22: =SUM(E6:E21) -> 0 | F22: =SUM(F6:F21) -> 0 | G22: =SUM(G6:G21) -> 0 | H22: =SUM(H6:H21) -> 0 | I22: =SUM(I6:I21) -> 0 | J22: =SUM(J6:J21) -> 1 | ... X22: =SUM(X6:X21) -> 1
A23: ='t1'!$A$23 -> (a) personale a tempo indeterminato al quale viene applicato un contratto di lavoro di tipo privatistico (es.:tipografico,chimico,edile,metalmeccanico,portierato, ecc.)

Sheet t8
A1: ='t1'!A1 -> ENTI PUBBLICI NON ECONOMICI - anno 2024
C3: N U M E R O D I D I P E N D E N T I
A4: qualifica/posiz.economica/profilo | B4: Cod. | C4: fino a 19 anni | E4: tra 20 e 24 anni | G4: tra 25 e 29 anni | I4: tra 30 e 34 anni | K4: tra 35 e 39 anni | M4: tra 40 e 44 anni | O4: tra 45 e 49 anni | Q4: tra 50 e 54 anni | S4: tra 55 e 59 anni | U4: tra 60 e 64 anni | W4: tra 65 e 67 anni | Y4: 68 e oltre | AA4: TOTALE
A5: (sono evidenziate quelle valorizzate nella T1) | C5: U | D5: D | E5: U | F5: D | G5: U | H5: D | I5: U | J5: D | K5: U | L5: D | M5: U | N5: D | O5: U | P5: D | Q5: U | R5: D | S5: U | T5: D | U5: U | V5: D | W5: U | X5: D | Y5: U | Z5: D | AA5: U | AB5: D
A6: ='t1'!A6 -> DIRETTORE GENERALE | B6: ='t1'!B6 -> 0D0097 | AA6: =SUM(C6,E6,G6,I6,K6,M6,O6,Q6,S6,U6,W6,Y6) -> 0 | AB6: =SUM(D6,F6,H6,J6,L6,N6,P6,R6,T6,V6,X6,Z6) -> 0 | AC6: ='t1'!M6 -> 0
A7: ='t1'!A7 -> DIRIGENTE I FASCIA | B7: ='t1'!B7 -> 0D0077 | AA7: =SUM(C7,E7,G7,I7,K7,M7,O7,Q7,S7,U7,W7,Y7) -> 0 | AB7: =SUM(D7,F7,H7,J7,L7,N7,P7,R7,T7,V7,X7,Z7) -> 0 | AC7: ='t1'!M7 -> 0
A8: ='t1'!A8 -> DIRIGENTE I FASCIA A TEMPO DETERM. | B8: ='t1'!B8 -> 0D0078 | AA8: =SUM(C8,E8,G8,I8,K8,M8,O8,Q8,S8,U8,W8,Y8) -> 0 | AB8: =SUM(D8,F8,H8,J8,L8,N8,P8,R8,T8,V8,X8,Z8) -> 0 | AC8: ='t1'!M8 -> 0
A9: ='t1'!A9 -> DIRIGENTE II FASCIA | B9: ='t1'!B9 -> 0D0079 | AA9: =SUM(C9,E9,G9,I9,K9,M9,O9,Q9,S9,U9,W9,Y9) -> 0 | AB9: =SUM(D9,F9,H9,J9,L9,N9,P9,R9,T9,V9,X9,Z9) -> 0 | AC9: ='t1'!M9 -> 0
A10: ='t1'!A10 -> DIRIGENTE II FASCIA A TEMPO DETERM. | B10: ='t1'!B10 -> 0D0080 | AA10: =SUM(C10,E10,G10,I10,K10,M10,O10,Q10,S10,U10,W10,Y10) -> 0 | AB10: =SUM(D10,F10,H10,J10,L10,N10,P10,R10,T10,V10,X10,Z10) -> 0 | AC10: ='t1'!M10 -> 0
A11: ='t1'!A11 -> MEDICO II FASCIA T.P. | B11: ='t1'!B11 -> 0D0584 | AA11: =SUM(C11,E11,G11,I11,K11,M11,O11,Q11,S11,U11,W11,Y11) -> 0 | AB11: =SUM(D11,F11,H11,J11,L11,N11,P11,R11,T11,V11,X11,Z11) -> 0 | AC11: ='t1'!M11 -> 0
A12: ='t1'!A12 -> MEDICO I FASCIA T.P. | B12: ='t1'!B12 -> 0D0585 | AA12: =SUM(C12,E12,G12,I12,K12,M12,O12,Q12,S12,U12,W12,Y12) -> 0 | AB12: =SUM(D12,F12,H12,J12,L12,N12,P12,R12,T12,V12,X12,Z12) -> 0 | AC12: ='t1'!M12 -> 0
A13: ='t1'!A13 -> MEDICO II FASCIA T.D. | B13: ='t1'!B13 -> 0D0586 | AA13: =SUM(C13,E13,G13,I13,K13,M13,O13,Q13,S13,U13,W13,Y13) -> 0 | AB13: =SUM(D13,F13,H13,J13,L13,N13,P13,R13,T13,V13,X13,Z13) -> 0 | AC13: ='t1'!M13 -> 0
A14: ='t1'!A14 -> MEDICO I FASCIA T.D. | B14: ='t1'!B14 -> 0D0496 | AA14: =SUM(C14,E14,G14,I14,K14,M14,O14,Q14,S14,U14,W14,Y14) -> 0 | AB14: =SUM(D14,F14,H14,J14,L14,N14,P14,R14,T14,V14,X14,Z14) -> 0 | AC14: ='t1'!M14 -> 0
A15: ='t1'!A15 -> PROFESSIONISTI II LIVELLO | B15: ='t1'!B15 -> 0D0PR2 | AA15: =SUM(C15,E15,G15,I15,K15,M15,O15,Q15,S15,U15,W15,Y15) -> 0 | AB15: =SUM(D15,F15,H15,J15,L15,N15,P15,R15,T15,V15,X15,Z15) -> 0 | AC15: ='t1'!M15 -> 0
A16: ='t1'!A16 -> PROFESSIONISTI I LIVELLO | B16: ='t1'!B16 -> 0D0PR1 | AA16: =SUM(C16,E16,G16,I16,K16,M16,O16,Q16,S16,U16,W16,Y16) -> 0 | AB16: =SUM(D16,F16,H16,J16,L16,N16,P16,R16,T16,V16,X16,Z16) -> 0 | AC16: ='t1'!M16 -> 0
A17: ='t1'!A17 -> ELEVATE PROFESSIONALITA' | B17: ='t1'!B17 -> 0EP981 | AA17: =SUM(C17,E17,G17,I17,K17,M17,O17,Q17,S17,U17,W17,Y17) -> 0 | AB17: =SUM(D17,F17,H17,J17,L17,N17,P17,R17,T17,V17,X17,Z17) -> 0 | AC17: ='t1'!M17 -> 0
A18: ='t1'!A18 -> FUNZIONARI | B18: ='t1'!B18 -> 0FZ000 | AA18: =SUM(C18,E18,G18,I18,K18,M18,O18,Q18,S18,U18,W18,Y18) -> 0 | AB18: =SUM(D18,F18,H18,J18,L18,N18,P18,R18,T18,V18,X18,Z18) -> 0 | AC18: ='t1'!M18 -> 0
A19: ='t1'!A19 -> ASSISTENTI | B19: ='t1'!B19 -> 0AS000 | V19: 1 | AA19: =SUM(C19,E19,G19,I19,K19,M19,O19,Q19,S19,U19,W19,Y19) -> 0 | AB19: =SUM(D19,F19,H19,J19,L19,N19,P19,R19,T19,V19,X19,Z19) -> 1 | AC19: ='t1'!M19 -> 1
A20: ='t1'!A20 -> OPERATORI | B20: ='t1'!B20 -> 0OP000 | AA20: =SUM(C20,E20,G20,I20,K20,M20,O20,Q20,S20,U20,W20,Y20) -> 0 | AB20: =SUM(D20,F20,H20,J20,L20,N20,P20,R20,T20,V20,X20,Z20) -> 0 | AC20: ='t1'!M20 -> 0
A21: ='t1'!A21 -> CONTRATTISTI | B21: ='t1'!B21 -> 000061 | AA21: =SUM(C21,E21,G21,I21,K21,M21,O21,Q21,S21,U21,W21,Y21) -> 0 | AB21: =SUM(D21,F21,H21,J21,L21,N21,P21,R21,T21,V21,X21,Z21) -> 0 | AC21: ='t1'!M21 -> 0
A22: TOTALE | C22: =SUM(C6:C21) -> 0 | D22: =SUM(D6:D21) -> 0 | E22: =SUM(E6:E21) -> 0 | F22: =SUM(F6:F21) -> 0 | G22: =SUM(G6:G21) -> 0 | H22: =SUM(H6:H21) -> 0 | I22: =SUM(I6:I21) -> 0 | J22: =SUM(J6:J21) -> 0 | ... AB22: =SUM(AB6:AB21) -> 1
A24: ='t1'!$A$23 -> (a) personale a tempo indeterminato al quale viene applicato un contratto di lavoro di tipo privatistico (es.:tipografico,chimico,edile,metalmeccanico,portierato, ecc.)

Sheet t9
A1: ='t1'!A1 -> ENTI PUBBLICI NON ECONOMICI - anno 2024
A4: qualifica/posiz.economica/profilo | B4: Cod. | C4: FINO ALLA SCUOLA DELL'OBBLIGO | E4: LIC. MEDIA SUPERIORE | G4: LAUREA BREVE | I4: LAUREA | K4: SPECIALIZZAZIONE POST LAUREA/ DOTTORATO DI RICERCA | M4: ALTRI TITOLI POST LAUREA | O4: TOTALE
A5: (sono evidenziate quelle valorizzate nella T1) | C5: Uomini | D5: Donne | E5: Uomini | F5: Donne | G5: Uomini | H5: Donne | I5: Uomini | J5: Donne | K5: Uomini | L5: Donne | M5: Uomini | N5: Donne | O5: Uomini | P5: Donne
A6: ='t1'!A6 -> DIRETTORE GENERALE | B6: ='t1'!B6 -> 0D0097 | O6: =SUM(C6,E6,G6,I6,K6,M6) -> 0 | P6: =SUM(D6,F6,H6,J6,L6,N6) -> 0 | Q6: ='t1'!M6 -> 0
A7: ='t1'!A7 -> DIRIGENTE I FASCIA | B7: ='t1'!B7 -> 0D0077 | O7: =SUM(C7,E7,G7,I7,K7,M7) -> 0 | P7: =SUM(D7,F7,H7,J7,L7,N7) -> 0 | Q7: ='t1'!M7 -> 0
A8: ='t1'!A8 -> DIRIGENTE I FASCIA A TEMPO DETERM. | B8: ='t1'!B8 -> 0D0078 | O8: =SUM(C8,E8,G8,I8,K8,M8) -> 0 | P8: =SUM(D8,F8,H8,J8,L8,N8) -> 0 | Q8: ='t1'!M8 -> 0
A9: ='t1'!A9 -> DIRIGENTE II FASCIA | B9: ='t1'!B9 -> 0D0079 | O9: =SUM(C9,E9,G9,I9,K9,M9) -> 0 | P9: =SUM(D9,F9,H9,J9,L9,N9) -> 0 | Q9: ='t1'!M9 -> 0
A10: ='t1'!A10 -> DIRIGENTE II FASCIA A TEMPO DETERM. | B10: ='t1'!B10 -> 0D0080 | O10: =SUM(C10,E10,G10,I10,K10,M10) -> 0 | P10: =SUM(D10,F10,H10,J10,L10,N10) -> 0 | Q10: ='t1'!M10 -> 0
A11: ='t1'!A11 -> MEDICO II FASCIA T.P. | B11: ='t1'!B11 -> 0D0584 | O11: =SUM(C11,E11,G11,I11,K11,M11) -> 0 | P11: =SUM(D11,F11,H11,J11,L11,N11) -> 0 | Q11: ='t1'!M11 -> 0
A12: ='t1'!A12 -> MEDICO I FASCIA T.P. | B12: ='t1'!B12 -> 0D0585 | O12: =SUM(C12,E12,G12,I12,K12,M12) -> 0 | P12: =SUM(D12,F12,H12,J12,L12,N12) -> 0 | Q12: ='t1'!M12 -> 0
A13: ='t1'!A13 -> MEDICO II FASCIA T.D. | B13: ='t1'!B13 -> 0D0586 | O13: =SUM(C13,E13,G13,I13,K13,M13) -> 0 | P13: =SUM(D13,F13,H13,J13,L13,N13) -> 0 | Q13: ='t1'!M13 -> 0
A14: ='t1'!A14 -> MEDICO I FASCIA T.D. | B14: ='t1'!B14 -> 0D0496 | O14: =SUM(C14,E14,G14,I14,K14,M14) -> 0 | P14: =SUM(D14,F14,H14,J14,L14,N14) -> 0 | Q14: ='t1'!M14 -> 0
A15: ='t1'!A15 -> PROFESSIONISTI II LIVELLO | B15: ='t1'!B15 -> 0D0PR2 | O15: =SUM(C15,E15,G15,I15,K15,M15) -> 0 | P15: =SUM(D15,F15,H15,J15,L15,N15) -> 0 | Q15: ='t1'!M15 -> 0
A16: ='t1'!A16 -> PROFESSIONISTI I LIVELLO | B16: ='t1'!B16 -> 0D0PR1 | O16: =SUM(C16,E16,G16,I16,K16,M16) -> 0 | P16: =SUM(D16,F16,H16,J16,L16,N16) -> 0 | Q16: ='t1'!M16 -> 0
A17: ='t1'!A17 -> ELEVATE PROFESSIONALITA' | B17: ='t1'!B17 -> 0EP981 | O17: =SUM(C17,E17,G17,I17,K17,M17) -> 0 | P17: =SUM(D17,F17,H17,J17,L17,N17) -> 0 | Q17: ='t1'!M17 -> 0
A18: ='t1'!A18 -> FUNZIONARI | B18: ='t1'!B18 -> 0FZ000 | O18: =SUM(C18,E18,G18,I18,K18,M18) -> 0 | P18: =SUM(D18,F18,H18,J18,L18,N18) -> 0 | Q18: ='t1'!M18 -> 0
A19: ='t1'!A19 -> ASSISTENTI | B19: ='t1'!B19 -> 0AS000 | F19: 1 | O19: =SUM(C19,E19,G19,I19,K19,M19) -> 0 | P19: =SUM(D19,F19,H19,J19,L19,N19) -> 1 | Q19: ='t1'!M19 -> 1
A20: ='t1'!A20 -> OPERATORI | B20: ='t1'!B20 -> 0OP000 | O20: =SUM(C20,E20,G20,I20,K20,M20) -> 0 | P20: =SUM(D20,F20,H20,J20,L20,N20) -> 0 | Q20: ='t1'!M20 -> 0
A21: ='t1'!A21 -> CONTRATTISTI | B21: ='t1'!B21 -> 000061 | O21: =SUM(C21,E21,G21,I21,K21,M21) -> 0 | P21: =SUM(D21,F21,H21,J21,L21,N21) -> 0 | Q21: ='t1'!M21 -> 0
A22: TOTALE | C22: =SUM(C6:C21) -> 0 | D22: =SUM(D6:D21) -> 0 | E22: =SUM(E6:E21) -> 0 | F22: =SUM(F6:F21) -> 1 | G22: =SUM(G6:G21) -> 0 | H22: =SUM(H6:H21) -> 0 | I22: =SUM(I6:I21) -> 0 | J22: =SUM(J6:J21) -> 0 | ... P22: =SUM(P6:P21) -> 1
A23: ='t1'!$A$23 -> (a) personale a tempo indeterminato al quale viene applicato un contratto di lavoro di tipo privatistico (es.:tipografico,chimico,edile,metalmeccanico,portierato, ecc.)

Sheet t10
A1: ATTENZIONE: non compilare in caso in cui l'ente non è tenuto all'invio | C1: ='t1'!A1 -> ENTI PUBBLICI NON ECONOMICI - anno 2024 | AA1: =C1 -> ENTI PUBBLICI NON ECONOMICI - anno 2024
B3: N U M E R O D I D I P E N D E N T I
A4: qualifica/posiz.economica/profilo | B4: cod. | C4: ESTERO | E4: ABRUZZO | G4: BASILICATA | I4: CALABRIA | K4: CAMPANIA | M4: EMILIA ROMAGNA | O4: FRIULI VENEZIA GIULIA | Q4: LAZIO | S4: LIGURIA | U4: LOMBARDIA | W4: MARCHE | Y4: MOLISE | AA4: PIEMONTE | AC4: PUGLIA | AE4: SARDEGNA | AG4: SICILIA | AI4: TOSCANA | AK4: UMBRIA | AM4: VALLE D'AOSTA | AO4: VENETO | AQ4: PROVINCIA AUTONOMA TRENTO | AS4: PROVINCIA AUTONOMA BOLZANO | AU4: TOTALE | AX4: TOTALE del personale da distribuire
A5: (sono evidenziate quelle valorizzate nella T1) | C5: Uomini | D5: Donne | E5: Uomini | F5: Donne | G5: Uomini | H5: Donne | I5: Uomini | J5: Donne | K5: Uomini | L5: Donne | M5: Uomini | N5: Donne | O5: Uomini | P5: Donne | Q5: Uomini | R5: Donne | S5: Uomini | T5: Donne | U5: Uomini | V5: Donne | W5: Uomini | X5: Donne | Y5: Uomini | Z5: Donne | AA5: Uomini | AB5: Donne | AC5: Uomini | AD5: Donne | AE5: Uomini | AF5: Donne | AG5: Uomini | AH5: Donne | AI5: Uomini | AJ5: Donne | AK5: Uomini | AL5: Donne | AM5: Uomini | AN5: Donne | AO5: Uomini | AP5: Donne | AQ5: Uomini | AR5: Donne | AS5: Uomini | AT5: Donne | AU5: Uomini | AV5: Donne | AX5: Uomini | AY5: Donne
A6: ='t1'!A6 -> DIRETTORE GENERALE | B6: ='t1'!B6 -> 0D0097 | AU6: =SUM(S6,U6,W6,Y6,C6,E6,G6,I6,K6,M6,O6,Q6,AA6,AC6,AE6,AG6,AI6,AK6,AM6,AO6,AQ6,AS6) -> 0 | AV6: =SUM(T6,V6,X6,Z6,D6,F6,H6,J6,L6,N6,P6,R6,AB6,AD6,AF6,AH6,AJ6,AL6,AN6,AP6,AR6,AT6) -> 0 | AW6: =IF((AU6+AV6)=(AX6+AY6),"OK","Controllare totale") -> OK | AX6: ='t1'!K6-'t3'!C6-'t3'!E6-'t3'!G6-'t3'!I6+'t3'!K6+'t3'!M6+'t3'!O6 -> 0 | AY6: ='t1'!L6-'t3'!D6-'t3'!F6-'t3'!H6-'t3'!J6+'t3'!L6+'t3'!N6+'t3'!P6 -> 0 | AZ6: ='t1'!M6 -> 0
A7: ='t1'!A7 -> DIRIGENTE I FASCIA | B7: ='t1'!B7 -> 0D0077 | AU7: =SUM(C7,E7,G7,I7,K7,M7,O7,Q7,S7,U7,W7,Y7,AA7,AC7,AE7,AG7,AI7,AK7,AM7,AO7,AQ7,AS7) -> 0 | AV7: =SUM(T7,V7,X7,Z7,D7,F7,H7,J7,L7,N7,P7,R7,AB7,AD7,AF7,AH7,AJ7,AL7,AN7,AP7,AR7,AT7) -> 0 | AW7: =IF((AU7+AV7)=(AX7+AY7),"OK","Controllare totale") -> OK | AX7: ='t1'!K7-'t3'!C7-'t3'!E7-'t3'!G7-'t3'!I7+'t3'!K7+'t3'!M7+'t3'!O7 -> 0 | AY7: ='t1'!L7-'t3'!D7-'t3'!F7-'t3'!H7-'t3'!J7+'t3'!L7+'t3'!N7+'t3'!P7 -> 0 | AZ7: ='t1'!M7 -> 0
A8: ='t1'!A8 -> DIRIGENTE I FASCIA A TEMPO DETERM. | B8: ='t1'!B8 -> 0D0078 | AU8: =SUM(S8,U8,W8,Y8,C8,E8,G8,I8,K8,M8,O8,Q8,AA8,AC8,AE8,AG8,AI8,AK8,AM8,AO8,AQ8,AS8) -> 0 | AV8: =SUM(T8,V8,X8,Z8,D8,F8,H8,J8,L8,N8,P8,R8,AB8,AD8,AF8,AH8,AJ8,AL8,AN8,AP8,AR8,AT8) -> 0 | AW8: =IF((AU8+AV8)=(AX8+AY8),"OK","Controllare totale") -> OK | AX8: ='t1'!K8-'t3'!C8-'t3'!E8-'t3'!G8-'t3'!I8+'t3'!K8+'t3'!M8+'t3'!O8 -> 0 | AY8: ='t1'!L8-'t3'!D8-'t3'!F8-'t3'!H8-'t3'!J8+'t3'!L8+'t3'!N8+'t3'!P8 -> 0 | AZ8: ='t1'!M8 -> 0
A9: ='t1'!A9 -> DIRIGENTE II FASCIA | B9: ='t1'!B9 -> 0D0079 | AU9: =SUM(S9,U9,W9,Y9,C9,E9,G9,I9,K9,M9,O9,Q9,AA9,AC9,AE9,AG9,AI9,AK9,AM9,AO9,AQ9,AS9) -> 0 | AV9: =SUM(T9,V9,X9,Z9,D9,F9,H9,J9,L9,N9,P9,R9,AB9,AD9,AF9,AH9,AJ9,AL9,AN9,AP9,AR9,AT9) -> 0 | AW9: =IF((AU9+AV9)=(AX9+AY9),"OK","Controllare totale") -> OK | AX9: ='t1'!K9-'t3'!C9-'t3'!E9-'t3'!G9-'t3'!I9+'t3'!K9+'t3'!M9+'t3'!O9 -> 0 | AY9: ='t1'!L9-'t3'!D9-'t3'!F9-'t3'!H9-'t3'!J9+'t3'!L9+'t3'!N9+'t3'!P9 -> 0 | AZ9: ='t1'!M9 -> 0
A10: ='t1'!A10 -> DIRIGENTE II FASCIA A TEMPO DETERM. | B10: ='t1'!B10 -> 0D0080 | AU10: =SUM(S10,U10,W10,Y10,C10,E10,G10,I10,K10,M10,O10,Q10,AA10,AC10,AE10,AG10,AI10,AK10,AM10,AO10,AQ10,AS10) -> 0 | AV10: =SUM(T10,V10,X10,Z10,D10,F10,H10,J10,L10,N10,P10,R10,AB10,AD10,AF10,AH10,AJ10,AL10,AN10,AP10,AR10,AT10) -> 0 | AW10: =IF((AU10+AV10)=(AX10+AY10),"OK","Controllare totale") -> OK | AX10: ='t1'!K10-'t3'!C10-'t3'!E10-'t3'!G10-'t3'!I10+'t3'!K10+'t3'!M10+'t3'!O10 -> 0 | AY10: ='t1'!L10-'t3'!D10-'t3'!F10-'t3'!H10-'t3'!J10+'t3'!L10+'t3'!N10+'t3'!P10 -> 0 | AZ10: ='t1'!M10 -> 0
A11: ='t1'!A11 -> MEDICO II FASCIA T.P. | B11: ='t1'!B11 -> 0D0584 | AU11: =SUM(S11,U11,W11,Y11,C11,E11,G11,I11,K11,M11,O11,Q11,AA11,AC11,AE11,AG11,AI11,AK11,AM11,AO11,AQ11,AS11) -> 0 | AV11: =SUM(T11,V11,X11,Z11,D11,F11,H11,J11,L11,N11,P11,R11,AB11,AD11,AF11,AH11,AJ11,AL11,AN11,AP11,AR11,AT11) -> 0 | AW11: =IF((AU11+AV11)=(AX11+AY11),"OK","Controllare totale") -> OK | AX11: ='t1'!K11-'t3'!C11-'t3'!E11-'t3'!G11-'t3'!I11+'t3'!K11+'t3'!M11+'t3'!O11 -> 0 | AY11: ='t1'!L11-'t3'!D11-'t3'!F11-'t3'!H11-'t3'!J11+'t3'!L11+'t3'!N11+'t3'!P11 -> 0 | AZ11: ='t1'!M11 -> 0
A12: ='t1'!A12 -> MEDICO I FASCIA T.P. | B12: ='t1'!B12 -> 0D0585 | AU12: =SUM(S12,U12,W12,Y12,C12,E12,G12,I12,K12,M12,O12,Q12,AA12,AC12,AE12,AG12,AI12,AK12,AM12,AO12,AQ12,AS12) -> 0 | AV12: =SUM(T12,V12,X12,Z12,D12,F12,H12,J12,L12,N12,P12,R12,AB12,AD12,AF12,AH12,AJ12,AL12,AN12,AP12,AR12,AT12) -> 0 | AW12: =IF((AU12+AV12)=(AX12+AY12),"OK","Controllare totale") -> OK | AX12: ='t1'!K12-'t3'!C12-'t3'!E12-'t3'!G12-'t3'!I12+'t3'!K12+'t3'!M12+'t3'!O12 -> 0 | AY12: ='t1'!L12-'t3'!D12-'t3'!F12-'t3'!H12-'t3'!J12+'t3'!L12+'t3'!N12+'t3'!P12 -> 0 | AZ12: ='t1'!M12 -> 0
A13: ='t1'!A13 -> MEDICO II FASCIA T.D. | B13: ='t1'!B13 -> 0D0586 | AU13: =SUM(S13,U13,W13,Y13,C13,E13,G13,I13,K13,M13,O13,Q13,AA13,AC13,AE13,AG13,AI13,AK13,AM13,AO13,AQ13,AS13) -> 0 | AV13: =SUM(T13,V13,X13,Z13,D13,F13,H13,J13,L13,N13,P13,R13,AB13,AD13,AF13,AH13,AJ13,AL13,AN13,AP13,AR13,AT13) -> 0 | AW13: =IF((AU13+AV13)=(AX13+AY13),"OK","Controllare totale") -> OK | AX13: ='t1'!K13-'t3'!C13-'t3'!E13-'t3'!G13-'t3'!I13+'t3'!K13+'t3'!M13+'t3'!O13 -> 0 | AY13: ='t1'!L13-'t3'!D13-'t3'!F13-'t3'!H13-'t3'!J13+'t3'!L13+'t3'!N13+'t3'!P13 -> 0 | AZ13: ='t1'!M13 -> 0
A14: ='t1'!A14 -> MEDICO I FASCIA T.D. | B14: ='t1'!B14 -> 0D0496 | AU14: =SUM(S14,U14,W14,Y14,C14,E14,G14,I14,K14,M14,O14,Q14,AA14,AC14,AE14,AG14,AI14,AK14,AM14,AO14,AQ14,AS14) -> 0 | AV14: =SUM(T14,V14,X14,Z14,D14,F14,H14,J14,L14,N14,P14,R14,AB14,AD14,AF14,AH14,AJ14,AL14,AN14,AP14,AR14,AT14) -> 0 | AW14: =IF((AU14+AV14)=(AX14+AY14),"OK","Controllare totale") -> OK | AX14: ='t1'!K14-'t3'!C14-'t3'!E14-'t3'!G14-'t3'!I14+'t3'!K14+'t3'!M14+'t3'!O14 -> 0 | AY14: ='t1'!L14-'t3'!D14-'t3'!F14-'t3'!H14-'t3'!J14+'t3'!L14+'t3'!N14+'t3'!P14 -> 0 | AZ14: ='t1'!M14 -> 0
A15: ='t1'!A15 -> PROFESSIONISTI II LIVELLO | B15: ='t1'!B15 -> 0D0PR2 | AU15: =SUM(S15,U15,W15,Y15,C15,E15,G15,I15,K15,M15,O15,Q15,AA15,AC15,AE15,AG15,AI15,AK15,AM15,AO15,AQ15,AS15) -> 0 | AV15: =SUM(T15,V15,X15,Z15,D15,F15,H15,J15,L15,N15,P15,R15,AB15,AD15,AF15,AH15,AJ15,AL15,AN15,AP15,AR15,AT15) -> 0 | AW15: =IF((AU15+AV15)=(AX15+AY15),"OK","Controllare totale") -> OK | AX15: ='t1'!K15-'t3'!C15-'t3'!E15-'t3'!G15-'t3'!I15+'t3'!K15+'t3'!M15+'t3'!O15 -> 0 | AY15: ='t1'!L15-'t3'!D15-'t3'!F15-'t3'!H15-'t3'!J15+'t3'!L15+'t3'!N15+'t3'!P15 -> 0 | AZ15: ='t1'!M15 -> 0
A16: ='t1'!A16 -> PROFESSIONISTI I LIVELLO | B16: ='t1'!B16 -> 0D0PR1 | AU16: =SUM(S16,U16,W16,Y16,C16,E16,G16,I16,K16,M16,O16,Q16,AA16,AC16,AE16,AG16,AI16,AK16,AM16,AO16,AQ16,AS16) -> 0 | AV16: =SUM(T16,V16,X16,Z16,D16,F16,H16,J16,L16,N16,P16,R16,AB16,AD16,AF16,AH16,AJ16,AL16,AN16,AP16,AR16,AT16) -> 0 | AW16: =IF((AU16+AV16)=(AX16+AY16),"OK","Controllare totale") -> OK | AX16: ='t1'!K16-'t3'!C16-'t3'!E16-'t3'!G16-'t3'!I16+'t3'!K16+'t3'!M16+'t3'!O16 -> 0 | AY16: ='t1'!L16-'t3'!D16-'t3'!F16-'t3'!H16-'t3'!J16+'t3'!L16+'t3'!N16+'t3'!P16 -> 0 | AZ16: ='t1'!M16 -> 0
A17: ='t1'!A17 -> ELEVATE PROFESSIONALITA' | B17: ='t1'!B17 -> 0EP981 | AU17: =SUM(S17,U17,W17,Y17,C17,E17,G17,I17,K17,M17,O17,Q17,AA17,AC17,AE17,AG17,AI17,AK17,AM17,AO17,AQ17,AS17) -> 0 | AV17: =SUM(T17,V17,X17,Z17,D17,F17,H17,J17,L17,N17,P17,R17,AB17,AD17,AF17,AH17,AJ17,AL17,AN17,AP17,AR17,AT17) -> 0 | AW17: =IF((AU17+AV17)=(AX17+AY17),"OK","Controllare totale") -> OK | AX17: ='t1'!K17-'t3'!C17-'t3'!E17-'t3'!G17-'t3'!I17+'t3'!K17+'t3'!M17+'t3'!O17 -> 0 | AY17: ='t1'!L17-'t3'!D17-'t3'!F17-'t3'!H17-'t3'!J17+'t3'!L17+'t3'!N17+'t3'!P17 -> 0 | AZ17: ='t1'!M17 -> 0
A18: ='t1'!A18 -> FUNZIONARI | B18: ='t1'!B18 -> 0FZ000 | AU18: =SUM(S18,U18,W18,Y18,C18,E18,G18,I18,K18,M18,O18,Q18,AA18,AC18,AE18,AG18,AI18,AK18,AM18,AO18,AQ18,AS18) -> 0 | AV18: =SUM(T18,V18,X18,Z18,D18,F18,H18,J18,L18,N18,P18,R18,AB18,AD18,AF18,AH18,AJ18,AL18,AN18,AP18,AR18,AT18) -> 0 | AW18: =IF((AU18+AV18)=(AX18+AY18),"OK","Controllare totale") -> OK | AX18: ='t1'!K18-'t3'!C18-'t3'!E18-'t3'!G18-'t3'!I18+'t3'!K18+'t3'!M18+'t3'!O18 -> 0 | AY18: ='t1'!L18-'t3'!D18-'t3'!F18-'t3'!H18-'t3'!J18+'t3'!L18+'t3'!N18+'t3'!P18 -> 0 | AZ18: ='t1'!M18 -> 0
A19: ='t1'!A19 -> ASSISTENTI | B19: ='t1'!B19 -> 0AS000 | AB19: 1 | AU19: =SUM(S19,U19,W19,Y19,C19,E19,G19,I19,K19,M19,O19,Q19,AA19,AC19,AE19,AG19,AI19,AK19,AM19,AO19,AQ19,AS19) -> 0 | AV19: =SUM(T19,V19,X19,Z19,D19,F19,H19,J19,L19,N19,P19,R19,AB19,AD19,AF19,AH19,AJ19,AL19,AN19,AP19,AR19,AT19) -> 1 | AW19: =IF((AU19+AV19)=(AX19+AY19),"OK","Controllare totale") -> OK | AX19: ='t1'!K19-'t3'!C19-'t3'!E19-'t3'!G19-'t3'!I19+'t3'!K19+'t3'!M19+'t3'!O19 -> 0 | AY19: ='t1'!L19-'t3'!D19-'t3'!F19-'t3'!H19-'t3'!J19+'t3'!L19+'t3'!N19+'t3'!P19 -> 1 | AZ19: ='t1'!M19 -> 1
A20: ='t1'!A20 -> OPERATORI | B20: ='t1'!B20 -> 0OP000 | AU20: =SUM(S20,U20,W20,Y20,C20,E20,G20,I20,K20,M20,O20,Q20,AA20,AC20,AE20,AG20,AI20,AK20,AM20,AO20,AQ20,AS20) -> 0 | AV20: =SUM(T20,V20,X20,Z20,D20,F20,H20,J20,L20,N20,P20,R20,AB20,AD20,AF20,AH20,AJ20,AL20,AN20,AP20,AR20,AT20) -> 0 | AW20: =IF((AU20+AV20)=(AX20+AY20),"OK","Controllare totale") -> OK | AX20: ='t1'!K20-'t3'!C20-'t3'!E20-'t3'!G20-'t3'!I20+'t3'!K20+'t3'!M20+'t3'!O20 -> 0 | AY20: ='t1'!L20-'t3'!D20-'t3'!F20-'t3'!H20-'t3'!J20+'t3'!L20+'t3'!N20+'t3'!P20 -> 0 | AZ20: ='t1'!M20 -> 0
A21: ='t1'!A21 -> CONTRATTISTI | B21: ='t1'!B21 -> 000061 | AU21: =SUM(S21,U21,W21,Y21,C21,E21,G21,I21,K21,M21,O21,Q21,AA21,AC21,AE21,AG21,AI21,AK21,AM21,AO21,AQ21,AS21) -> 0 | AV21: =SUM(T21,V21,X21,Z21,D21,F21,H21,J21,L21,N21,P21,R21,AB21,AD21,AF21,AH21,AJ21,AL21,AN21,AP21,AR21,AT21) -> 0 | AW21: =IF((AU21+AV21)=(AX21+AY21),"OK","Controllare totale") -> OK | AX21: ='t1'!K21-'t3'!C21-'t3'!E21-'t3'!G21-'t3'!I21+'t3'!K21+'t3'!M21+'t3'!O21 -> 0 | AY21: ='t1'!L21-'t3'!D21-'t3'!F21-'t3'!H21-'t3'!J21+'t3'!L21+'t3'!N21+'t3'!P21 -> 0 | AZ21: ='t1'!M21 -> 0
A22: TOTALE | C22: =SUM(C6:C21) -> 0 | D22: =SUM(D6:D21) -> 0 | E22: =SUM(E6:E21) -> 0 | F22: =SUM(F6:F21) -> 0 | G22: =SUM(G6:G21) -> 0 | H22: =SUM(H6:H21) -> 0 | I22: =SUM(I6:I21) -> 0 | J22: =SUM(J6:J21) -> 0 | ... AV22: =SUM(AV6:AV21) -> 1 | AW22: =IF((AU37+AV37)=(AX22+AY22),"OK","Controllare totale") -> Controllare totale | AX22: =SUM(AX6:AX21) -> 0 | AY22: =SUM(AY6:AY21) -> 1
C23: ='t1'!$A$23 -> (a) personale a tempo indeterminato al quale viene applicato un contratto di lavoro di tipo privatistico (es.:tipografico,chimico,edile,metalmeccanico,portierato, ecc.) | AA23: ='t1'!$A$23 -> (a) personale a tempo indeterminato al quale viene applicato un contratto di lavoro di tipo privatistico (es.:tipografico,chimico,edile,metalmeccanico,portierato, ecc.)

Sheet t11
A1: ='t1'!A1 -> ENTI PUBBLICI NON ECONOMICI - anno 2024
C3: N U M E R O G I O R N I D I A S S E N Z A | AC3: N U M E R O G I O R N I D I A S S E N Z A
A4: qualifica/posiz.economica/profilo | B4: Cod. | C4: FERIE | E4: ASSENZE PER MALATTIA RETRIBUITE SOGGETTE A TRATTENUTA | G4: ASSENZE PER MALATTIA RETRIBUITE NON SOGGETTE A TRATTENUTA | I4: CONGEDI RETRIBUITI AI SENSI DELL'ART.42,C.5, DLGS 151/2001 | K4: LEGGE 104/92 | M4: ASS.RETRIB.:MATERNITA',CONGEDO PARENT.,MALATTIA FIGLIO | O4: ALTRI PERMESSI ED ASSENZE RETRIBUITE | Q4: SCIOPERO | S4: ALTRE ASSENZE NON RETRIBUITE | U4: FORMAZIONE | W4: LVORO A DISTANZA | Y4: TOTALE | AC4: FERIE | AE4: ASSENZE PER MALATTIA RETRIBUITE SOGGETTE A TRATTENUTA | AG4: ASSENZE PER MALATTIA RETRIBUITE NON SOGGETTE A TRATTENUTA | AI4: CONGEDI RETRIBUITI AI SENSI DELL'ART.42,C.5, DLGS 151/2001 | AK4: LEGGE 104/92 | AM4: ASS.RETRIB.:MATERNITA',CONGEDO PARENT.,MALATTIA FIGLIO | AO4: ALTRI PERMESSI ED ASSENZE RETRIBUITE | AQ4: SCIOPERO | AS4: ALTRE ASSENZE NON RETRIBUITE | AU4: FORMAZIONE | AW4: LAVORO A DISTANZA | AY4: TOTALE
A5: (sono evidenziate quelle valorizzate nella T1) | C5: F00 | E5: M05 | G5: M06 | I5: O10 | K5: PR4 | M5: PR5 | O5: PR6 | Q5: SC1 | S5: SS2 | U5: Z01 | W5: Z02 | AC5: F00 | AE5: M05 | AG5: M06 | AI5: O10 | AK5: PR4 | AM5: PR5 | AO5: PR6 | AQ5: SC1 | AS5: SS2 | AU5: Z01 | AW5: Z02
C6: Uomini | D6: Donne | E6: Uomini | F6: Donne | G6: Uomini | H6: Donne | I6: Uomini | J6: Donne | K6: Uomini | L6: Donne | M6: Uomini | N6: Donne | O6: Uomini | P6: Donne | Q6: Uomini | R6: Donne | S6: Uomini | T6: Donne | U6: Uomini | V6: Donne | W6: Uomini | X6: Donne | Y6: Uomini | Z6: Donne | AC6: Uomini | AD6: Donne | AE6: Uomini | AF6: Donne | AG6: Uomini | AH6: Donne | AI6: Uomini | AJ6: Donne | AK6: Uomini | AL6: Donne | AM6: Uomini | AN6: Donne | AO6: Uomini | AP6: Donne | AQ6: Uomini | AR6: Donne | AS6: Uomini | AT6: Donne | AU6: Uomini | AV6: Donne | AW6: Uomini | AX6: Donne | AY6: Uomini | AZ6: Donne
C7: N. gg | D7: N. gg | E7: N. gg | F7: N. gg | G7: N. gg | H7: N. gg | I7: N. gg | J7: N. gg | K7: N. gg | L7: N. gg | M7: N. gg | N7: N. gg | O7: N. gg | P7: N. gg | Q7: N. gg | R7: N. gg | S7: N. gg | T7: N. gg | U7: N. gg | V7: N. gg | W7: N. gg | X7: N. gg | Y7: N. gg | Z7: N. gg | AC7: N. gg | AD7: N. gg | AE7: N. gg | AF7: N. gg | AG7: N. gg | AH7: N. gg | AI7: N. gg | AJ7: N. gg | AK7: N. gg | AL7: N. gg | AM7: N. gg | AN7: N. gg | AO7: N. gg | AP7: N. gg | AQ7: N. gg | AR7: N. gg | AS7: N. gg | AT7: N. gg | AU7: N. gg | AV7: N. gg | AW7: N. gg | AX7: N. gg | AY7: N. gg | AZ7: N. gg
A8: ='t1'!A6 -> DIRETTORE GENERALE | B8: ='t1'!B6 -> 0D0097 | C8: =ROUND(AC8,0) -> 0 | D8: =ROUND(AD8,0) -> 0 | E8: =ROUND(AE8,0) -> 0 | F8: =ROUND(AF8,0) -> 0 | G8: =ROUND(AG8,0) -> 0 | H8: =ROUND(AH8,0) -> 0 | I8: =ROUND(AI8,0) -> 0 | J8: =ROUND(AJ8,0) -> 0 | ... Z8: =ROUND(AZ8,0) -> 0 | AA8: ='t1'!M6 -> 0 | AY8: =SUM(AC8,AE8,AG8,AI8,AK8,AM8,AO8,AQ8,AS8,AU8,AW8) -> 0 | AZ8: =SUM(AD8,AF8,AH8,AJ8,AL8,AN8,AP8,AR8,AT8,AV8,AX8) -> 0 | BA8: ='t1'!AQ6 -> 0
A9: ='t1'!A7 -> DIRIGENTE I FASCIA | B9: ='t1'!B7 -> 0D0077 | C9: =ROUND(AC9,0) -> 0 | D9: =ROUND(AD9,0) -> 0 | E9: =ROUND(AE9,0) -> 0 | F9: =ROUND(AF9,0) -> 0 | G9: =ROUND(AG9,0) -> 0 | H9: =ROUND(AH9,0) -> 0 | I9: =ROUND(AI9,0) -> 0 | J9: =ROUND(AJ9,0) -> 0 | ... Z9: =ROUND(AZ9,0) -> 0 | AA9: ='t1'!M7 -> 0 | AY9: =SUM(AC9,AE9,AG9,AI9,AK9,AM9,AO9,AQ9,AS9,AU9,AW9) -> 0 | AZ9: =SUM(AD9,AF9,AH9,AJ9,AL9,AN9,AP9,AR9,AT9,AV9,AX9) -> 0 | BA9: ='t1'!AQ7 -> 0
A10: ='t1'!A8 -> DIRIGENTE I FASCIA A TEMPO DETERM. | B10: ='t1'!B8 -> 0D0078 | C10: =ROUND(AC10,0) -> 0 | D10: =ROUND(AD10,0) -> 0 | E10: =ROUND(AE10,0) -> 0 | F10: =ROUND(AF10,0) -> 0 | G10: =ROUND(AG10,0) -> 0 | H10: =ROUND(AH10,0) -> 0 | I10: =ROUND(AI10,0) -> 0 | J10: =ROUND(AJ10,0) -> 0 | ... Z10: =ROUND(AZ10,0) -> 0 | AA10: ='t1'!M8 -> 0 | AY10: =SUM(AC10,AE10,AG10,AI10,AK10,AM10,AO10,AQ10,AS10,AU10,AW10) -> 0 | AZ10: =SUM(AD10,AF10,AH10,AJ10,AL10,AN10,AP10,AR10,AT10,AV10,AX10) -> 0 | BA10: ='t1'!AQ8 -> 0
A11: ='t1'!A9 -> DIRIGENTE II FASCIA | B11: ='t1'!B9 -> 0D0079 | C11: =ROUND(AC11,0) -> 0 | D11: =ROUND(AD11,0) -> 0 | E11: =ROUND(AE11,0) -> 0 | F11: =ROUND(AF11,0) -> 0 | G11: =ROUND(AG11,0) -> 0 | H11: =ROUND(AH11,0) -> 0 | I11: =ROUND(AI11,0) -> 0 | J11: =ROUND(AJ11,0) -> 0 | ... Z11: =ROUND(AZ11,0) -> 0 | AA11: ='t1'!M9 -> 0 | AY11: =SUM(AC11,AE11,AG11,AI11,AK11,AM11,AO11,AQ11,AS11,AU11,AW11) -> 0 | AZ11: =SUM(AD11,AF11,AH11,AJ11,AL11,AN11,AP11,AR11,AT11,AV11,AX11) -> 0 | BA11: ='t1'!AQ9 -> 0
A12: ='t1'!A10 -> DIRIGENTE II FASCIA A TEMPO DETERM. | B12: ='t1'!B10 -> 0D0080 | C12: =ROUND(AC12,0) -> 0 | D12: =ROUND(AD12,0) -> 0 | E12: =ROUND(AE12,0) -> 0 | F12: =ROUND(AF12,0) -> 0 | G12: =ROUND(AG12,0) -> 0 | H12: =ROUND(AH12,0) -> 0 | I12: =ROUND(AI12,0) -> 0 | J12: =ROUND(AJ12,0) -> 0 | ... Z12: =ROUND(AZ12,0) -> 0 | AA12: ='t1'!M10 -> 0 | AY12: =SUM(AC12,AE12,AG12,AI12,AK12,AM12,AO12,AQ12,AS12,AU12,AW12) -> 0 | AZ12: =SUM(AD12,AF12,AH12,AJ12,AL12,AN12,AP12,AR12,AT12,AV12,AX12) -> 0 | BA12: ='t1'!AQ10 -> 0
A13: ='t1'!A11 -> MEDICO II FASCIA T.P. | B13: ='t1'!B11 -> 0D0584 | C13: =ROUND(AC13,0) -> 0 | D13: =ROUND(AD13,0) -> 0 | E13: =ROUND(AE13,0) -> 0 | F13: =ROUND(AF13,0) -> 0 | G13: =ROUND(AG13,0) -> 0 | H13: =ROUND(AH13,0) -> 0 | I13: =ROUND(AI13,0) -> 0 | J13: =ROUND(AJ13,0) -> 0 | ... Z13: =ROUND(AZ13,0) -> 0 | AA13: ='t1'!M11 -> 0 | AY13: =SUM(AC13,AE13,AG13,AI13,AK13,AM13,AO13,AQ13,AS13,AU13,AW13) -> 0 | AZ13: =SUM(AD13,AF13,AH13,AJ13,AL13,AN13,AP13,AR13,AT13,AV13,AX13) -> 0 | BA13: ='t1'!AQ11 -> 0
A14: ='t1'!A12 -> MEDICO I FASCIA T.P. | B14: ='t1'!B12 -> 0D0585 | C14: =ROUND(AC14,0) -> 0 | D14: =ROUND(AD14,0) -> 0 | E14: =ROUND(AE14,0) -> 0 | F14: =ROUND(AF14,0) -> 0 | G14: =ROUND(AG14,0) -> 0 | H14: =ROUND(AH14,0) -> 0 | I14: =ROUND(AI14,0) -> 0 | J14: =ROUND(AJ14,0) -> 0 | ... Z14: =ROUND(AZ14,0) -> 0 | AA14: ='t1'!M12 -> 0 | AY14: =SUM(AC14,AE14,AG14,AI14,AK14,AM14,AO14,AQ14,AS14,AU14,AW14) -> 0 | AZ14: =SUM(AD14,AF14,AH14,AJ14,AL14,AN14,AP14,AR14,AT14,AV14,AX14) -> 0 | BA14: ='t1'!AQ12 -> 0
A15: ='t1'!A13 -> MEDICO II FASCIA T.D. | B15: ='t1'!B13 -> 0D0586 | C15: =ROUND(AC15,0) -> 0 | D15: =ROUND(AD15,0) -> 0 | E15: =ROUND(AE15,0) -> 0 | F15: =ROUND(AF15,0) -> 0 | G15: =ROUND(AG15,0) -> 0 | H15: =ROUND(AH15,0) -> 0 | I15: =ROUND(AI15,0) -> 0 | J15: =ROUND(AJ15,0) -> 0 | ... Z15: =ROUND(AZ15,0) -> 0 | AA15: ='t1'!M13 -> 0 | AY15: =SUM(AC15,AE15,AG15,AI15,AK15,AM15,AO15,AQ15,AS15,AU15,AW15) -> 0 | AZ15: =SUM(AD15,AF15,AH15,AJ15,AL15,AN15,AP15,AR15,AT15,AV15,AX15) -> 0 | BA15: ='t1'!AQ13 -> 0
A16: ='t1'!A14 -> MEDICO I FASCIA T.D. | B16: ='t1'!B14 -> 0D0496 | C16: =ROUND(AC16,0) -> 0 | D16: =ROUND(AD16,0) -> 0 | E16: =ROUND(AE16,0) -> 0 | F16: =ROUND(AF16,0) -> 0 | G16: =ROUND(AG16,0) -> 0 | H16: =ROUND(AH16,0) -> 0 | I16: =ROUND(AI16,0) -> 0 | J16: =ROUND(AJ16,0) -> 0 | ... Z16: =ROUND(AZ16,0) -> 0 | AA16: ='t1'!M14 -> 0 | AY16: =SUM(AC16,AE16,AG16,AI16,AK16,AM16,AO16,AQ16,AS16,AU16,AW16) -> 0 | AZ16: =SUM(AD16,AF16,AH16,AJ16,AL16,AN16,AP16,AR16,AT16,AV16,AX16) -> 0 | BA16: ='t1'!AQ14 -> 0
A17: ='t1'!A15 -> PROFESSIONISTI II LIVELLO | B17: ='t1'!B15 -> 0D0PR2 | C17: =ROUND(AC17,0) -> 0 | D17: =ROUND(AD17,0) -> 0 | E17: =ROUND(AE17,0) -> 0 | F17: =ROUND(AF17,0) -> 0 | G17: =ROUND(AG17,0) -> 0 | H17: =ROUND(AH17,0) -> 0 | I17: =ROUND(AI17,0) -> 0 | J17: =ROUND(AJ17,0) -> 0 | ... Z17: =ROUND(AZ17,0) -> 0 | AA17: ='t1'!M15 -> 0 | AY17: =SUM(AC17,AE17,AG17,AI17,AK17,AM17,AO17,AQ17,AS17,AU17,AW17) -> 0 | AZ17: =SUM(AD17,AF17,AH17,AJ17,AL17,AN17,AP17,AR17,AT17,AV17,AX17) -> 0 | BA17: ='t1'!AQ15 -> 0
A18: ='t1'!A16 -> PROFESSIONISTI I LIVELLO | B18: ='t1'!B16 -> 0D0PR1 | C18: =ROUND(AC18,0) -> 0 | D18: =ROUND(AD18,0) -> 0 | E18: =ROUND(AE18,0) -> 0 | F18: =ROUND(AF18,0) -> 0 | G18: =ROUND(AG18,0) -> 0 | H18: =ROUND(AH18,0) -> 0 | I18: =ROUND(AI18,0) -> 0 | J18: =ROUND(AJ18,0) -> 0 | ... Z18: =ROUND(AZ18,0) -> 0 | AA18: ='t1'!M16 -> 0 | AY18: =SUM(AC18,AE18,AG18,AI18,AK18,AM18,AO18,AQ18,AS18,AU18,AW18) -> 0 | AZ18: =SUM(AD18,AF18,AH18,AJ18,AL18,AN18,AP18,AR18,AT18,AV18,AX18) -> 0 | BA18: ='t1'!AQ16 -> 0
A19: ='t1'!A17 -> ELEVATE PROFESSIONALITA' | B19: ='t1'!B17 -> 0EP981 | C19: =ROUND(AC19,0) -> 0 | D19: =ROUND(AD19,0) -> 0 | E19: =ROUND(AE19,0) -> 0 | F19: =ROUND(AF19,0) -> 0 | G19: =ROUND(AG19,0) -> 0 | H19: =ROUND(AH19,0) -> 0 | I19: =ROUND(AI19,0) -> 0 | J19: =ROUND(AJ19,0) -> 0 | ... Z19: =ROUND(AZ19,0) -> 0 | AA19: ='t1'!M17 -> 0 | AY19: =SUM(AC19,AE19,AG19,AI19,AK19,AM19,AO19,AQ19,AS19,AU19,AW19) -> 0 | AZ19: =SUM(AD19,AF19,AH19,AJ19,AL19,AN19,AP19,AR19,AT19,AV19,AX19) -> 0 | BA19: ='t1'!AQ17 -> 0
A20: ='t1'!A18 -> FUNZIONARI | B20: ='t1'!B18 -> 0FZ000 | C20: =ROUND(AC20,0) -> 0 | D20: =ROUND(AD20,0) -> 0 | E20: =ROUND(AE20,0) -> 0 | F20: =ROUND(AF20,0) -> 0 | G20: =ROUND(AG20,0) -> 0 | H20: =ROUND(AH20,0) -> 0 | I20: =ROUND(AI20,0) -> 0 | J20: =ROUND(AJ20,0) -> 0 | ... Z20: =ROUND(AZ20,0) -> 0 | AA20: ='t1'!M18 -> 0 | AY20: =SUM(AC20,AE20,AG20,AI20,AK20,AM20,AO20,AQ20,AS20,AU20,AW20) -> 0 | AZ20: =SUM(AD20,AF20,AH20,AJ20,AL20,AN20,AP20,AR20,AT20,AV20,AX20) -> 0 | BA20: ='t1'!AQ18 -> 0
A21: ='t1'!A19 -> ASSISTENTI | B21: ='t1'!B19 -> 0AS000 | C21: =ROUND(AC21,0) -> 0 | D21: =ROUND(AD21,0) -> 26 | E21: =ROUND(AE21,0) -> 0 | F21: =ROUND(AF21,0) -> 2 | G21: =ROUND(AG21,0) -> 0 | H21: =ROUND(AH21,0) -> 0 | I21: =ROUND(AI21,0) -> 0 | J21: =ROUND(AJ21,0) -> 0 | ... Z21: =ROUND(AZ21,0) -> 28 | AA21: ='t1'!M19 -> 1 | AD21: 26 | AF21: 2 | AJ21: 0 | AL21: 0 | AN21: 0 | AP21: 0 | AR21: 0 | AT21: 0 | AV21: 0 | AX21: 0 | AY21: =SUM(AC21,AE21,AG21,AI21,AK21,AM21,AO21,AQ21,AS21,AU21,AW21) -> 0 | AZ21: =SUM(AD21,AF21,AH21,AJ21,AL21,AN21,AP21,AR21,AT21,AV21,AX21) -> 28 | BA21: ='t1'!AQ19 -> 0
A22: ='t1'!A20 -> OPERATORI | B22: ='t1'!B20 -> 0OP000 | C22: =ROUND(AC22,0) -> 0 | D22: =ROUND(AD22,0) -> 0 | E22: =ROUND(AE22,0) -> 0 | F22: =ROUND(AF22,0) -> 0 | G22: =ROUND(AG22,0) -> 0 | H22: =ROUND(AH22,0) -> 0 | I22: =ROUND(AI22,0) -> 0 | J22: =ROUND(AJ22,0) -> 0 | ... Z22: =ROUND(AZ22,0) -> 0 | AA22: ='t1'!M20 -> 0 | AY22: =SUM(AC22,AE22,AG22,AI22,AK22,AM22,AO22,AQ22,AS22,AU22,AW22) -> 0 | AZ22: =SUM(AD22,AF22,AH22,AJ22,AL22,AN22,AP22,AR22,AT22,AV22,AX22) -> 0 | BA22: ='t1'!AQ20 -> 0
A23: ='t1'!A21 -> CONTRATTISTI | B23: ='t1'!B21 -> 000061 | C23: =ROUND(AC23,0) -> 0 | D23: =ROUND(AD23,0) -> 0 | E23: =ROUND(AE23,0) -> 0 | F23: =ROUND(AF23,0) -> 0 | G23: =ROUND(AG23,0) -> 0 | H23: =ROUND(AH23,0) -> 0 | I23: =ROUND(AI23,0) -> 0 | J23: =ROUND(AJ23,0) -> 0 | ... Z23: =ROUND(AZ23,0) -> 0 | AA23: ='t1'!M21 -> 0 | AY23: =SUM(AC23,AE23,AG23,AI23,AK23,AM23,AO23,AQ23,AS23,AU23,AW23) -> 0 | AZ23: =SUM(AD23,AF23,AH23,AJ23,AL23,AN23,AP23,AR23,AT23,AV23,AX23) -> 0 | BA23: ='t1'!AQ21 -> 0
A24: TOTALE | C24: =SUM(C8:C23) -> 0 | D24: =SUM(D8:D23) -> 26 | E24: =SUM(E8:E23) -> 0 | F24: =SUM(F8:F23) -> 2 | G24: =SUM(G8:G23) -> 0 | H24: =SUM(H8:H23) -> 0 | I24: =SUM(I8:I23) -> 0 | J24: =SUM(J8:J23) -> 0 | ... Z24: =SUM(Z8:Z23) -> 28 | AC24: =SUM(AC8:AC23) -> 0 | AD24: =SUM(AD8:AD23) -> 26 | AE24: =SUM(AE8:AE23) -> 0 | AF24: =SUM(AF8:AF23) -> 2 | AG24: =SUM(AG8:AG23) -> 0 | AH24: =SUM(AH8:AH23) -> 0 | AI24: =SUM(AI8:AI23) -> 0 | AJ24: =SUM(AJ8:AJ23) -> 0 | ... AZ24: =SUM(AZ8:AZ23) -> 28
A25: ='t1'!$A$23 -> (a) personale a tempo indeterminato al quale viene applicato un contratto di lavoro di tipo privatistico (es.:tipografico,chimico,edile,metalmeccanico,portierato, ecc.)

Sheet t12
A1: ='t1'!A1 -> ENTI PUBBLICI NON ECONOMICI - anno 2024
AA3: V O C I D I S P E S A
A4: qualifica/posiz.economica/profilo | B4: Cod. | C4: NUMERO DI MENSILITA' (**) | D4: STIPENDIO | E4: R.I.A. | F4: DIFFERENZIALE STIPENDIALE MATURATO | G4: PROGRESSIONI CLASSI E SCATTI/FASCE/DIFFERENZIALI STIPENDIALI | H4: TREDICESIMA MENSILTA' | I4: ARRETRATI ANNI PRECEDENTI | J4: RECUPERI DERIVANTI DA ASSENZE, RITARDI, ECC. | K4: TOTALE | AA4: NUMERO DI MENSILITA' (**) | AB4: STIPENDIO | AC4: R.I.A. | AD4: DIFFERENZIALE STIPENDIALE MATURATO | AE4: PROGRESSIONI CLASSI E SCATTI/FASCE/DIFFERENZIALI STIPENDIALI | AF4: TREDICESIMA MENSILTA' | AG4: ARRETRATI ANNI PRECEDENTI | AH4: RECUPERI DERIVANTI DA ASSENZE, RITARDI, ECC. | AI4: TOTALE
A5: (sono evidenziate quelle valorizzate nella T1) | C5: M000 | D5: A015 | E5: A031 | F5: A033 | G5: A034 | H5: A035 | I5: A045 | J5: A070 | AA5: M000 | AB5: A015 | AC5: A031 | AD5: A033 | AE5: A034 | AF5: A035 | AG5: A045 | AH5: A070
A6: ='t1'!A6 -> DIRETTORE GENERALE | B6: ='t1'!B6 -> 0D0097 | C6: =ROUND(AA6,2) -> 0 | D6: =ROUND(AB6,0) -> 0 | E6: =ROUND(AC6,0) -> 0 | F6: =ROUND(AD6,0) -> 0 | G6: =ROUND(AE6,0) -> 0 | H6: =ROUND(AF6,0) -> 0 | I6: =ROUND(AG6,0) -> 0 | J6: =ROUND(AH6,0) -> 0 | K6: =(D6+E6+F6+G6+H6+I6)-J6 -> 0 | L6: ='t1'!M6 -> 0 | M6: AP | AI6: =(AB6+AC6+AD6+AE6+AF6+AG6)-AH6 -> 0 | AJ6: ='t1'!AK6 -> 0
A7: ='t1'!A7 -> DIRIGENTE I FASCIA | B7: ='t1'!B7 -> 0D0077 | C7: =ROUND(AA7,2) -> 0 | D7: =ROUND(AB7,0) -> 0 | E7: =ROUND(AC7,0) -> 0 | F7: =ROUND(AD7,0) -> 0 | G7: =ROUND(AE7,0) -> 0 | H7: =ROUND(AF7,0) -> 0 | I7: =ROUND(AG7,0) -> 0 | J7: =ROUND(AH7,0) -> 0 | K7: =(D7+E7+F7+G7+H7+I7)-J7 -> 0 | L7: ='t1'!M7 -> 0 | M7: 1F | AI7: =(AB7+AC7+AD7+AE7+AF7+AG7)-AH7 -> 0 | AJ7: =(AC7+AD7+AE7+AF7+AG7+AH7)-AI7 -> 0 | AK7: =(AD7+AE7+AF7+AG7+AH7+AI7)-AJ7 -> 0
A8: ='t1'!A8 -> DIRIGENTE I FASCIA A TEMPO DETERM. | B8: ='t1'!B8 -> 0D0078 | C8: =ROUND(AA8,2) -> 0 | D8: =ROUND(AB8,0) -> 0 | E8: =ROUND(AC8,0) -> 0 | F8: =ROUND(AD8,0) -> 0 | G8: =ROUND(AE8,0) -> 0 | H8: =ROUND(AF8,0) -> 0 | I8: =ROUND(AG8,0) -> 0 | J8: =ROUND(AH8,0) -> 0 | K8: =(D8+E8+F8+G8+H8+I8)-J8 -> 0 | L8: ='t1'!M8 -> 0 | M8: 1F | AI8: =(AB8+AC8+AD8+AE8+AF8+AG8)-AH8 -> 0 | AJ8: ='t1'!AK8 -> 0
A9: ='t1'!A9 -> DIRIGENTE II FASCIA | B9: ='t1'!B9 -> 0D0079 | C9: =ROUND(AA9,2) -> 0 | D9: =ROUND(AB9,0) -> 0 | E9: =ROUND(AC9,0) -> 0 | F9: =ROUND(AD9,0) -> 0 | G9: =ROUND(AE9,0) -> 0 | H9: =ROUND(AF9,0) -> 0 | I9: =ROUND(AG9,0) -> 0 | J9: =ROUND(AH9,0) -> 0 | K9: =(D9+E9+F9+G9+H9+I9)-J9 -> 0 | L9: ='t1'!M9 -> 0 | M9: 2F | AI9: =(AB9+AC9+AD9+AE9+AF9+AG9)-AH9 -> 0 | AJ9: ='t1'!AK9 -> 0
A10: ='t1'!A10 -> DIRIGENTE II FASCIA A TEMPO DETERM. | B10: ='t1'!B10 -> 0D0080 | C10: =ROUND(AA10,2) -> 0 | D10: =ROUND(AB10,0) -> 0 | E10: =ROUND(AC10,0) -> 0 | F10: =ROUND(AD10,0) -> 0 | G10: =ROUND(AE10,0) -> 0 | H10: =ROUND(AF10,0) -> 0 | I10: =ROUND(AG10,0) -> 0 | J10: =ROUND(AH10,0) -> 0 | K10: =(D10+E10+F10+G10+H10+I10)-J10 -> 0 | L10: ='t1'!M10 -> 0 | M10: 2F | AI10: =(AB10+AC10+AD10+AE10+AF10+AG10)-AH10 -> 0 | AJ10: ='t1'!AK10 -> 0
A11: ='t1'!A11 -> MEDICO II FASCIA T.P. | B11: ='t1'!B11 -> 0D0584 | C11: =ROUND(AA11,2) -> 0 | D11: =ROUND(AB11,0) -> 0 | E11: =ROUND(AC11,0) -> 0 | F11: =ROUND(AD11,0) -> 0 | G11: =ROUND(AE11,0) -> 0 | H11: =ROUND(AF11,0) -> 0 | I11: =ROUND(AG11,0) -> 0 | J11: =ROUND(AH11,0) -> 0 | K11: =(D11+E11+F11+G11+H11+I11)-J11 -> 0 | L11: ='t1'!M11 -> 0 | M11: ME | AI11: =(AB11+AC11+AD11+AE11+AF11+AG11)-AH11 -> 0 | AJ11: ='t1'!AK11 -> 0
A12: ='t1'!A12 -> MEDICO I FASCIA T.P. | B12: ='t1'!B12 -> 0D0585 | C12: =ROUND(AA12,2) -> 0 | D12: =ROUND(AB12,0) -> 0 | E12: =ROUND(AC12,0) -> 0 | F12: =ROUND(AD12,0) -> 0 | G12: =ROUND(AE12,0) -> 0 | H12: =ROUND(AF12,0) -> 0 | I12: =ROUND(AG12,0) -> 0 | J12: =ROUND(AH12,0) -> 0 | K12: =(D12+E12+F12+G12+H12+I12)-J12 -> 0 | L12: ='t1'!M12 -> 0 | M12: ME | AI12: =(AB12+AC12+AD12+AE12+AF12+AG12)-AH12 -> 0 | AJ12: ='t1'!AK12 -> 0
A13: ='t1'!A13 -> MEDICO II FASCIA T.D. | B13: ='t1'!B13 -> 0D0586 | C13: =ROUND(AA13,2) -> 0 | D13: =ROUND(AB13,0) -> 0 | E13: =ROUND(AC13,0) -> 0 | F13: =ROUND(AD13,0) -> 0 | G13: =ROUND(AE13,0) -> 0 | H13: =ROUND(AF13,0) -> 0 | I13: =ROUND(AG13,0) -> 0 | J13: =ROUND(AH13,0) -> 0 | K13: =(D13+E13+F13+G13+H13+I13)-J13 -> 0 | L13: ='t1'!M13 -> 0 | M13: ME | AI13: =(AB13+AC13+AD13+AE13+AF13+AG13)-AH13 -> 0 | AJ13: ='t1'!AK13 -> 0
A14: ='t1'!A14 -> MEDICO I FASCIA T.D. | B14: ='t1'!B14 -> 0D0496 | C14: =ROUND(AA14,2) -> 0 | D14: =ROUND(AB14,0) -> 0 | E14: =ROUND(AC14,0) -> 0 | F14: =ROUND(AD14,0) -> 0 | G14: =ROUND(AE14,0) -> 0 | H14: =ROUND(AF14,0) -> 0 | I14: =ROUND(AG14,0) -> 0 | J14: =ROUND(AH14,0) -> 0 | K14: =(D14+E14+F14+G14+H14+I14)-J14 -> 0 | L14: ='t1'!M14 -> 0 | M14: ME | AI14: =(AB14+AC14+AD14+AE14+AF14+AG14)-AH14 -> 0 | AJ14: ='t1'!AK14 -> 0
A15: ='t1'!A15 -> PROFESSIONISTI II LIVELLO | B15: ='t1'!B15 -> 0D0PR2 | C15: =ROUND(AA15,2) -> 0 | D15: =ROUND(AB15,0) -> 0 | E15: =ROUND(AC15,0) -> 0 | F15: =ROUND(AD15,0) -> 0 | G15: =ROUND(AE15,0) -> 0 | H15: =ROUND(AF15,0) -> 0 | I15: =ROUND(AG15,0) -> 0 | J15: =ROUND(AH15,0) -> 0 | K15: =(D15+E15+F15+G15+H15+I15)-J15 -> 0 | L15: ='t1'!M15 -> 0 | M15: PR | AI15: =(AB15+AC15+AD15+AE15+AF15+AG15)-AH15 -> 0 | AJ15: ='t1'!AK15 -> 0
A16: ='t1'!A16 -> PROFESSIONISTI I LIVELLO | B16: ='t1'!B16 -> 0D0PR1 | C16: =ROUND(AA16,2) -> 0 | D16: =ROUND(AB16,0) -> 0 | E16: =ROUND(AC16,0) -> 0 | F16: =ROUND(AD16,0) -> 0 | G16: =ROUND(AE16,0) -> 0 | H16: =ROUND(AF16,0) -> 0 | I16: =ROUND(AG16,0) -> 0 | J16: =ROUND(AH16,0) -> 0 | K16: =(D16+E16+F16+G16+H16+I16)-J16 -> 0 | L16: ='t1'!M16 -> 0 | M16: PR | AI16: =(AB16+AC16+AD16+AE16+AF16+AG16)-AH16 -> 0 | AJ16: ='t1'!AK16 -> 0
A17: ='t1'!A17 -> ELEVATE PROFESSIONALITA' | B17: ='t1'!B17 -> 0EP981 | C17: =ROUND(AA17,2) -> 0 | D17: =ROUND(AB17,0) -> 0 | E17: =ROUND(AC17,0) -> 0 | F17: =ROUND(AD17,0) -> 0 | G17: =ROUND(AE17,0) -> 0 | H17: =ROUND(AF17,0) -> 0 | I17: =ROUND(AG17,0) -> 0 | J17: =ROUND(AH17,0) -> 0 | K17: =(D17+E17+F17+G17+H17+I17)-J17 -> 0 | L17: ='t1'!M17 -> 0 | M17: PR | AI17: =(AB17+AC17+AD17+AE17+AF17+AG17)-AH17 -> 0 | AJ17: ='t1'!AK17 -> 0
A18: ='t1'!A18 -> FUNZIONARI | B18: ='t1'!B18 -> 0FZ000 | C18: =ROUND(AA18,2) -> 0 | D18: =ROUND(AB18,0) -> 0 | E18: =ROUND(AC18,0) -> 0 | F18: =ROUND(AD18,0) -> 0 | G18: =ROUND(AE18,0) -> 0 | H18: =ROUND(AF18,0) -> 0 | I18: =ROUND(AG18,0) -> 0 | J18: =ROUND(AH18,0) -> 0 | K18: =(D18+E18+F18+G18+H18+I18)-J18 -> 0 | L18: ='t1'!M18 -> 0 | M18: PR | AI18: =(AB18+AC18+AD18+AE18+AF18+AG18)-AH18 -> 0 | AJ18: ='t1'!AK18 -> 0
A19: ='t1'!A19 -> ASSISTENTI | B19: ='t1'!B19 -> 0AS000 | C19: =ROUND(AA19,2) -> 6.66 | D19: =ROUND(AB19,0) -> 10750 | E19: =ROUND(AC19,0) -> 0 | F19: =ROUND(AD19,0) -> 1342 | G19: =ROUND(AE19,0) -> 0 | H19: =ROUND(AF19,0) -> 1099 | I19: =ROUND(AG19,0) -> 0 | J19: =ROUND(AH19,0) -> 0 | K19: =(D19+E19+F19+G19+H19+I19)-J19 -> 13191 | L19: ='t1'!M19 -> 1 | M19: PR | AA19: 6.66 | AB19: 10750 | AD19: 1342 | AF19: 1099 | AI19: =(AB19+AC19+AD19+AE19+AF19+AG19)-AH19 -> 13191 | AJ19: ='t1'!AK19 -> 1
A20: ='t1'!A20 -> OPERATORI | B20: ='t1'!B20 -> 0OP000 | C20: =ROUND(AA20,2) -> 0 | D20: =ROUND(AB20,0) -> 0 | E20: =ROUND(AC20,0) -> 0 | F20: =ROUND(AD20,0) -> 0 | G20: =ROUND(AE20,0) -> 0 | H20: =ROUND(AF20,0) -> 0 | I20: =ROUND(AG20,0) -> 0 | J20: =ROUND(AH20,0) -> 0 | K20: =(D20+E20+F20+G20+H20+I20)-J20 -> 0 | L20: ='t1'!M20 -> 0 | M20: PR | AI20: =(AB20+AC20+AD20+AE20+AF20+AG20)-AH20 -> 0 | AJ20: ='t1'!AK20 -> 0
A21: ='t1'!A21 -> CONTRATTISTI | B21: ='t1'!B21 -> 000061 | C21: =ROUND(AA21,2) -> 0 | D21: =ROUND(AB21,0) -> 0 | E21: =ROUND(AC21,0) -> 0 | F21: =ROUND(AD21,0) -> 0 | G21: =ROUND(AE21,0) -> 0 | H21: =ROUND(AF21,0) -> 0 | I21: =ROUND(AG21,0) -> 0 | J21: =ROUND(AH21,0) -> 0 | K21: =(D21+E21+F21+G21+H21+I21)-J21 -> 0 | L21: ='t1'!M21 -> 0 | M21: PR | AI21: =(AB21+AC21+AD21+AE21+AF21+AG21)-AH21 -> 0 | AJ21: ='t1'!AK21 -> 0
A22: TOTALE | C22: =SUM(C6:C21) -> 6.66 | D22: =SUM(D6:D21) -> 10750 | E22: =SUM(E6:E21) -> 0 | F22: =SUM(F6:F21) -> 1342 | G22: =SUM(G6:G21) -> 0 | H22: =SUM(H6:H21) -> 1099 | I22: =SUM(I6:I21) -> 0 | J22: =SUM(J6:J21) -> 0 | K22: =SUM(K6:K21) -> 13191 | AA22: =SUM(AA6:AA21) -> 6.66 | AB22: =SUM(AB6:AB21) -> 10750 | AC22: =SUM(AC6:AC21) -> 0 | AD22: =SUM(AD6:AD21) -> 1342 | AE22: =SUM(AE6:AE21) -> 0 | AF22: =SUM(AF6:AF21) -> 1099 | AG22: =SUM(AG6:AG21) -> 0 | AH22: =SUM(AH6:AH21) -> 0 | AI22: =SUM(AI6:AI21) -> 13191
A23: ='t1'!$A$23 -> (a) personale a tempo indeterminato al quale viene applicato un contratto di lavoro di tipo privatistico (es.:tipografico,chimico,edile,metalmeccanico,portierato, ecc.)
A25: (*) gli importi vanno indicati in EURO, senza cifre decimali (cfr. circolare: "istruzioni generali e specifiche di comparto")
A26: (**) il numero delle mensilità va espresso con 2 cifre decimali (cfr. circolare: "istruzioni generali e specifiche di comparto ")

Sheet t13
A1: ='t1'!A1 -> ENTI PUBBLICI NON ECONOMICI - anno 2024
C3: V O C I D I S P E S A | AA3: V O C I D I S P E S A
A4: qualifica/posiz.economica/profilo | B4: Cod. | C4: IND. DI VACANZA CONTRATTUALE | D4: RETRIBUZIONE DI POSIZIONE | E4: RETRIBUZIONE DI POSIZIONE - QUOTA VARIABILE | F4: RETRIBUZIONE DI RISULTATO | G4: INDENNITA' DI ENTE | H4: ASSEGNO AD PERSONAM | I4: INDENNITA' ART.42, COMMA 5, D.LGS. 151/2001 | J4: INDENNITA' PROFESSIONALI | K4: COMPENSI ONERI RISCHI E DISAGI | L4: INDENNITA' FUNZIONE POSIZIONI ORGANIZZATIVE | M4: COMPENSI PRODUTTIVITA' | N4: PROGETTI SPECIALI ( ART.18 L.88/89 ) | O4: INCENTIVI ALLA MOBILITA' | P4: INDENNITA' DI SPECIFICHE RESPONSABILITA' | Q4: ONORARI AVVOCATI | R4: COMPETENZE PERSONALE COMANDATO/DISTACCATO PRESSO L'AMM.NE | S4: ARRETRATI ANNI PRECEDENTI | T4: ALTRE SPESE ACCESSORIE ED INDENNITA' VARIE | U4: STRAORDINARIO | V4: TOTALE | AA4: IND. DI VACANZA CONTRATTUALE | AB4: RETRIBUZIONE DI POSIZIONE | AC4: RETRIBUZIONE DI POSIZIONE - QUOTA VARIABILE | AD4: RETRIBUZIONE DI RISULTATO | AE4: INDENNITA' DI ENTE | AF4: ASSEGNO AD PERSONAM | AG4: INDENNITA' ART.42, COMMA 5, D.LGS. 151/2001 | AH4: INDENNITA' PROFESSIONALI | AI4: COMPENSI ONERI RISCHI E DISAGI | AJ4: INDENNITA' FUNZIONE POSIZIONI ORGANIZZATIVE | AK4: COMPENSI PRODUTTIVITA' | AL4: PROGETTI SPECIALI ( ART.18 L.88/89 ) | AM4: INCENTIVI ALLA MOBILITA' | AN4: INDENNITA' DI SPECIFICHE RESPONSABILITA' | AO4: ONORARI AVVOCATI | AP4: COMPETENZE PERSONALE COMANDATO/DISTACCATO PRESSO L'AMM.NE | AQ4: ARRETRATI ANNI PRECEDENTI | AR4: ALTRE SPESE ACCESSORIE ED INDENNITA' VARIE | AS4: STRAORDINARIO | AT4: TOTALE | CA4: MACRO CATEGO RIA
A5: (sono evidenziate quelle valorizzate nella T1) | C5: I422 | D5: I207 | E5: I507 | F5: I212 | G5: I144 | H5: I418 | I5: I424 | J5: I426 | K5: S604 | L5: S616 | M5: S630 | N5: S670 | O5: S708 | P5: S711 | Q5: S750 | R5: S761 | S5: S998 | T5: S999 | U5: T101 | AA5: I422 | AB5: I207 | AC5: I507 | AD5: I212 | AE5: I144 | AF5: I418 | AG5: I424 | AH5: I426 | AI5: S604 | AJ5: S616 | AK5: S630 | AL5: S670 | AM5: S708 | AN5: S711 | AO5: S750 | AP5: S761 | AQ5: S998 | AR5: S999 | AS5: T101
A6: ='t1'!A6 -> DIRETTORE GENERALE | B6: ='t1'!B6 -> 0D0097 | C6: =ROUND(AA6,0) -> 0 | D6: =ROUND(AB6,0) -> 0 | E6: =ROUND(AC6,0) -> 0 | F6: =ROUND(AD6,0) -> 0 | G6: =ROUND(AE6,0) -> 0 | H6: =ROUND(AF6,0) -> 0 | I6: =ROUND(AG6,0) -> 0 | J6: =ROUND(AH6,0) -> 0 | ... U6: =ROUND(AS6,0) -> 0 | V6: =SUM(C6:U6) -> 0 | W6: ='t1'!M6 -> 0 | AT6: =SUM(AA6:AS6) -> 0 | AU6: ='t1'!AQ6 -> 0 | CA6: AP
A7: ='t1'!A7 -> DIRIGENTE I FASCIA | B7: ='t1'!B7 -> 0D0077 | C7: =ROUND(AA7,0) -> 0 | D7: =ROUND(AB7,0) -> 0 | E7: =ROUND(AC7,0) -> 0 | F7: =ROUND(AD7,0) -> 0 | G7: =ROUND(AE7,0) -> 0 | H7: =ROUND(AF7,0) -> 0 | I7: =ROUND(AG7,0) -> 0 | J7: =ROUND(AH7,0) -> 0 | ... U7: =ROUND(AS7,0) -> 0 | V7: =SUM(C7:U7) -> 0 | W7: ='t1'!M7 -> 0 | AT7: =SUM(AA7:AS7) -> 0 | AU7: ='t1'!AQ7 -> 0 | CA7: 1F
A8: ='t1'!A8 -> DIRIGENTE I FASCIA A TEMPO DETERM. | B8: ='t1'!B8 -> 0D0078 | C8: =ROUND(AA8,0) -> 0 | D8: =ROUND(AB8,0) -> 0 | E8: =ROUND(AC8,0) -> 0 | F8: =ROUND(AD8,0) -> 0 | G8: =ROUND(AE8,0) -> 0 | H8: =ROUND(AF8,0) -> 0 | I8: =ROUND(AG8,0) -> 0 | J8: =ROUND(AH8,0) -> 0 | ... U8: =ROUND(AS8,0) -> 0 | V8: =SUM(C8:U8) -> 0 | W8: ='t1'!M8 -> 0 | AT8: =SUM(AA8:AS8) -> 0 | AU8: ='t1'!AQ8 -> 0 | CA8: 1F
A9: ='t1'!A9 -> DIRIGENTE II FASCIA | B9: ='t1'!B9 -> 0D0079 | C9: =ROUND(AA9,0) -> 0 | D9: =ROUND(AB9,0) -> 0 | E9: =ROUND(AC9,0) -> 0 | F9: =ROUND(AD9,0) -> 0 | G9: =ROUND(AE9,0) -> 0 | H9: =ROUND(AF9,0) -> 0 | I9: =ROUND(AG9,0) -> 0 | J9: =ROUND(AH9,0) -> 0 | ... U9: =ROUND(AS9,0) -> 0 | V9: =SUM(C9:U9) -> 0 | W9: ='t1'!M9 -> 0 | AT9: =SUM(AA9:AS9) -> 0 | AU9: ='t1'!AQ9 -> 0 | CA9: 2F
A10: ='t1'!A10 -> DIRIGENTE II FASCIA A TEMPO DETERM. | B10: ='t1'!B10 -> 0D0080 | C10: =ROUND(AA10,0) -> 0 | D10: =ROUND(AB10,0) -> 0 | E10: =ROUND(AC10,0) -> 0 | F10: =ROUND(AD10,0) -> 0 | G10: =ROUND(AE10,0) -> 0 | H10: =ROUND(AF10,0) -> 0 | I10: =ROUND(AG10,0) -> 0 | J10: =ROUND(AH10,0) -> 0 | ... U10: =ROUND(AS10,0) -> 0 | V10: =SUM(C10:U10) -> 0 | W10: ='t1'!M10 -> 0 | AT10: =SUM(AA10:AS10) -> 0 | AU10: ='t1'!AQ10 -> 0 | CA10: 2F
A11: ='t1'!A11 -> MEDICO II FASCIA T.P. | B11: ='t1'!B11 -> 0D0584 | C11: =ROUND(AA11,0) -> 0 | D11: =ROUND(AB11,0) -> 0 | E11: =ROUND(AC11,0) -> 0 | F11: =ROUND(AD11,0) -> 0 | G11: =ROUND(AE11,0) -> 0 | H11: =ROUND(AF11,0) -> 0 | I11: =ROUND(AG11,0) -> 0 | J11: =ROUND(AH11,0) -> 0 | ... U11: =ROUND(AS11,0) -> 0 | V11: =SUM(C11:U11) -> 0 | W11: ='t1'!M11 -> 0 | AT11: =SUM(AA11:AS11) -> 0 | AU11: ='t1'!AQ11 -> 0 | CA11: ME
A12: ='t1'!A12 -> MEDICO I FASCIA T.P. | B12: ='t1'!B12 -> 0D0585 | C12: =ROUND(AA12,0) -> 0 | D12: =ROUND(AB12,0) -> 0 | E12: =ROUND(AC12,0) -> 0 | F12: =ROUND(AD12,0) -> 0 | G12: =ROUND(AE12,0) -> 0 | H12: =ROUND(AF12,0) -> 0 | I12: =ROUND(AG12,0) -> 0 | J12: =ROUND(AH12,0) -> 0 | ... U12: =ROUND(AS12,0) -> 0 | V12: =SUM(C12:U12) -> 0 | W12: ='t1'!M12 -> 0 | AT12: =SUM(AA12:AS12) -> 0 | AU12: ='t1'!AQ12 -> 0 | CA12: ME
A13: ='t1'!A13 -> MEDICO II FASCIA T.D. | B13: ='t1'!B13 -> 0D0586 | C13: =ROUND(AA13,0) -> 0 | D13: =ROUND(AB13,0) -> 0 | E13: =ROUND(AC13,0) -> 0 | F13: =ROUND(AD13,0) -> 0 | G13: =ROUND(AE13,0) -> 0 | H13: =ROUND(AF13,0) -> 0 | I13: =ROUND(AG13,0) -> 0 | J13: =ROUND(AH13,0) -> 0 | ... U13: =ROUND(AS13,0) -> 0 | V13: =SUM(C13:U13) -> 0 | W13: ='t1'!M13 -> 0 | AT13: =SUM(AA13:AS13) -> 0 | AU13: ='t1'!AQ13 -> 0 | CA13: ME
A14: ='t1'!A14 -> MEDICO I FASCIA T.D. | B14: ='t1'!B14 -> 0D0496 | C14: =ROUND(AA14,0) -> 0 | D14: =ROUND(AB14,0) -> 0 | E14: =ROUND(AC14,0) -> 0 | F14: =ROUND(AD14,0) -> 0 | G14: =ROUND(AE14,0) -> 0 | H14: =ROUND(AF14,0) -> 0 | I14: =ROUND(AG14,0) -> 0 | J14: =ROUND(AH14,0) -> 0 | ... U14: =ROUND(AS14,0) -> 0 | V14: =SUM(C14:U14) -> 0 | W14: ='t1'!M14 -> 0 | AT14: =SUM(AA14:AS14) -> 0 | AU14: ='t1'!AQ14 -> 0 | CA14: ME
A15: ='t1'!A15 -> PROFESSIONISTI II LIVELLO | B15: ='t1'!B15 -> 0D0PR2 | C15: =ROUND(AA15,0) -> 0 | D15: =ROUND(AB15,0) -> 0 | E15: =ROUND(AC15,0) -> 0 | F15: =ROUND(AD15,0) -> 0 | G15: =ROUND(AE15,0) -> 0 | H15: =ROUND(AF15,0) -> 0 | I15: =ROUND(AG15,0) -> 0 | J15: =ROUND(AH15,0) -> 0 | ... U15: =ROUND(AS15,0) -> 0 | V15: =SUM(C15:U15) -> 0 | W15: ='t1'!M15 -> 0 | AT15: =SUM(AA15:AS15) -> 0 | AU15: ='t1'!AQ15 -> 0 | CA15: PR
A16: ='t1'!A16 -> PROFESSIONISTI I LIVELLO | B16: ='t1'!B16 -> 0D0PR1 | C16: =ROUND(AA16,0) -> 0 | D16: =ROUND(AB16,0) -> 0 | E16: =ROUND(AC16,0) -> 0 | F16: =ROUND(AD16,0) -> 0 | G16: =ROUND(AE16,0) -> 0 | H16: =ROUND(AF16,0) -> 0 | I16: =ROUND(AG16,0) -> 0 | J16: =ROUND(AH16,0) -> 0 | ... U16: =ROUND(AS16,0) -> 0 | V16: =SUM(C16:U16) -> 0 | W16: ='t1'!M16 -> 0 | AT16: =SUM(AA16:AS16) -> 0 | AU16: ='t1'!AQ16 -> 0 | CA16: PR
A17: ='t1'!A17 -> ELEVATE PROFESSIONALITA' | B17: ='t1'!B17 -> 0EP981 | C17: =ROUND(AA17,0) -> 0 | D17: =ROUND(AB17,0) -> 0 | E17: =ROUND(AC17,0) -> 0 | F17: =ROUND(AD17,0) -> 0 | G17: =ROUND(AE17,0) -> 0 | H17: =ROUND(AF17,0) -> 0 | I17: =ROUND(AG17,0) -> 0 | J17: =ROUND(AH17,0) -> 0 | ... U17: =ROUND(AS17,0) -> 0 | V17: =SUM(C17:U17) -> 0 | W17: ='t1'!M17 -> 0 | AT17: =SUM(AA17:AS17) -> 0 | AU17: ='t1'!AQ17 -> 0 | CA17: ND
A18: ='t1'!A18 -> FUNZIONARI | B18: ='t1'!B18 -> 0FZ000 | C18: =ROUND(AA18,0) -> 0 | D18: =ROUND(AB18,0) -> 0 | E18: =ROUND(AC18,0) -> 0 | F18: =ROUND(AD18,0) -> 0 | G18: =ROUND(AE18,0) -> 0 | H18: =ROUND(AF18,0) -> 0 | I18: =ROUND(AG18,0) -> 0 | J18: =ROUND(AH18,0) -> 0 | ... U18: =ROUND(AS18,0) -> 0 | V18: =SUM(C18:U18) -> 0 | W18: ='t1'!M18 -> 0 | AT18: =SUM(AA18:AS18) -> 0 | AU18: ='t1'!AQ18 -> 0 | CA18: ND
A19: ='t1'!A19 -> ASSISTENTI | B19: ='t1'!B19 -> 0AS000 | C19: =ROUND(AA19,0) -> 60 | D19: =ROUND(AB19,0) -> 0 | E19: =ROUND(AC19,0) -> 0 | F19: =ROUND(AD19,0) -> 1769 | G19: =ROUND(AE19,0) -> 847 | H19: =ROUND(AF19,0) -> 0 | I19: =ROUND(AG19,0) -> 0 | J19: =ROUND(AH19,0) -> 0 | ... U19: =ROUND(AS19,0) -> 947 | V19: =SUM(C19:U19) -> 3804 | W19: ='t1'!M19 -> 1 | AA19: 60 | AD19: 1769 | AE19: 847 | AR19: 181 | AS19: 947 | AT19: =SUM(AA19:AS19) -> 3804 | AU19: ='t1'!AQ19 -> 0 | CA19: ND
A20: ='t1'!A20 -> OPERATORI | B20: ='t1'!B20 -> 0OP000 | C20: =ROUND(AA20,0) -> 0 | D20: =ROUND(AB20,0) -> 0 | E20: =ROUND(AC20,0) -> 0 | F20: =ROUND(AD20,0) -> 0 | G20: =ROUND(AE20,0) -> 0 | H20: =ROUND(AF20,0) -> 0 | I20: =ROUND(AG20,0) -> 0 | J20: =ROUND(AH20,0) -> 0 | ... U20: =ROUND(AS20,0) -> 0 | V20: =SUM(C20:U20) -> 0 | W20: ='t1'!M20 -> 0 | AT20: =SUM(AA20:AS20) -> 0 | AU20: ='t1'!AQ20 -> 0 | CA20: ND
A21: ='t1'!A21 -> CONTRATTISTI | B21: ='t1'!B21 -> 000061 | C21: =ROUND(AA21,0) -> 0 | D21: =ROUND(AB21,0) -> 0 | E21: =ROUND(AC21,0) -> 0 | F21: =ROUND(AD21,0) -> 0 | G21: =ROUND(AE21,0) -> 0 | H21: =ROUND(AF21,0) -> 0 | I21: =ROUND(AG21,0) -> 0 | J21: =ROUND(AH21,0) -> 0 | ... U21: =ROUND(AS21,0) -> 0 | V21: =SUM(C21:U21) -> 0 | W21: ='t1'!M21 -> 0 | AT21: =SUM(AA21:AS21) -> 0 | AU21: ='t1'!AQ21 -> 0 | CA21: ND
A22: TOTALE | C22: =SUM(C6:C21) -> 60 | D22: =SUM(D6:D21) -> 0 | E22: =SUM(E6:E21) -> 0 | F22: =SUM(F6:F21) -> 1769 | G22: =SUM(G6:G21) -> 847 | H22: =SUM(H6:H21) -> 0 | I22: =SUM(I6:I21) -> 0 | J22: =SUM(J6:J21) -> 0 | ... V22: =SUM(V6:V21) -> 3804 | AA22: =SUM(AA6:AA21) -> 60 | AB22: =SUM(AB6:AB21) -> 0 | AC22: =SUM(AC6:AC21) -> 0 | AD22: =SUM(AD6:AD21) -> 1769 | AE22: =SUM(AE6:AE21) -> 847 | AF22: =SUM(AF6:AF21) -> 0 | AG22: =SUM(AG6:AG21) -> 0 | AH22: =SUM(AH6:AH21) -> 0 | ... AT22: =SUM(AT6:AT21) -> 3804
A23: ='t1'!$A$23 -> (a) personale a tempo indeterminato al quale viene applicato un contratto di lavoro di tipo privatistico (es.:tipografico,chimico,edile,metalmeccanico,portierato, ecc.)
A25: (*) gli importi vanno indicati in EURO, senza cifre decimali (cfr. circolare: "istruzioni generali e specifiche di comparto")

Sheet t14
A1: ='t1'!A1 -> ENTI PUBBLICI NON ECONOMICI - anno 2024
B2: =IF(AND(A32="",(D26+D27+D28+D29)>0),"ATTENZIONE! Inserire nel campo NOTE l'elenco delle Istituzioni ed il relativo importo dei rimborsi",IF(AND(A32<>"",(D26+D27+D28+D29)=0),"ATTENZIONE! il campo NOTE non deve essere compilato in assenza di rimborsi",""))
A3: DESCRIZIONE | B3: Codice | D3: Importo
A4: ASSEGNI PER IL NUCLEO FAMILIARE | B4: L005 | C4: =ROUND(D4,0) -> 0
A5: GESTIONE MENSE | B5: L010 | C5: =ROUND(D5,0) -> 0
A6: EROGAZIONE BUONI PASTO | B6: L011 | C6: =ROUND(D6,0) -> 0
A7: FORMAZIONE DEL PERSONALE | B7: L020 | C7: =ROUND(D7,0) -> 0
A8: BENESSERE DEL PERSONALE | B8: L090 | C8: =ROUND(D8,0) -> 0
A9: EQUO INDENNIZZO AL PERSONALE | B9: L100 | C9: =ROUND(D9,0) -> 0
A10: SOMME CORRISPOSTE AD AGENZIA DI SOMMINISTRAZIONE(INTERINALI) | B10: L105 | C10: =ROUND(D10,0) -> 0
A11: COPERTURE ASSICURATIVE | B11: L107 | C11: =ROUND(D11,0) -> 0
A12: CONTRATTI DI COLLABORAZIONE PROFESSIONALE | B12: L111 | C12: =ROUND(D12,0) -> 2435 | D12: 2435
A13: INCARICHI DI STUDIO/RICERCA/CONSULENZA | B13: L112 | C13: =ROUND(D13,0) -> 0
A14: CONTRATTI PER RESA SERVIZI/ADEMPIMENTI OBBLIGATORI PER LEGGE | B14: L115 | C14: =ROUND(D14,0) -> 0
A15: ALTRE SPESE | B15: L110 | C15: =ROUND(D15,0) -> 110 | D15: 110
A16: RETRIBUZIONI PERSONALE A TEMPO DETERMINATO | B16: P015 | C16: =ROUND(D16,0) -> 0
A17: RETRIBUZIONI PERSONALE CON CONTRATTO DI FORMAZIONE E LAVORO | B17: P016 | C17: =ROUND(D17,0) -> 0
A18: INDENNITA' DI MISSIONE E TRASFERIMENTO | B18: P030 | C18: =ROUND(D18,0) -> 0
A19: CONTRIBUTI A CARICO DELL'AMM.NE PER FONDI PREV. COMPLEMENTARE | B19: P035 | C19: =ROUND(D19,0) -> 0
A20: CONTRIBUTI A CARICO DELL'AMM.NE SU COMP. FISSE E ACCESSORIE | B20: P055 | C20: =ROUND(D20,0) -> 4412 | D20: 4412 | G20: Si
A21: QUOTE ANNUE ACCANTONAMENTO TFR O ALTRA IND. FINE SERVIZIO | B21: P058 | C21: =ROUND(D21,0) -> 1639 | D21: 1639 | G21: No
A22: IRAP | B22: P061 | C22: =ROUND(D22,0) -> 1457 | D22: 1457 | F22: IRAP Commerciale | G22: 2
A23: ONERI PER I CONTRATTI DI SOMMINISTRAZIONE(INTERINALI) | B23: P062 | C23: =ROUND(D23,0) -> 0
A24: COMPENSI PER PERSONALE LSU/LPU | B24: P065 | C24: =ROUND(D24,0) -> 0
A25: SOMME RIMBORSATE PER PERSONALE COMAND./FUORI RUOLO/IN CONV. | B25: P071 | C25: =ROUND(D25,0) -> 0
A26: ALTRE SOMME RIMBORSATE ALLE AMMINISTRAZIONI | B26: P074 | C26: =ROUND(D26,0) -> 0
A27: SOMME RICEVUTE DA U.E. E/O PRIVATI (-) | B27: P098 | C27: =ROUND(D27,0) -> 0
A28: RIMBORSI RICEVUTI PER PERS. COMAND./FUORI RUOLO/IN CONV. (-) | B28: P090 | C28: =ROUND(D28,0) -> 0
A29: ALTRI RIMBORSI RICEVUTI DALLE AMMINISTRAZIONI (-) | B29: P099 | C29: =ROUND(D29,0) -> 0
A30: =IF(G22=1,"ATTENZIONE è stata dichiarata IRAP commerciale. Controllare l'importo inserito!"," ")
A31: NOTE: Elenco Istituzioni ed importi dei rimborsi effettuati (**)
E32: =IF(AND(A32="",(D25+D26)>0),"ATTENZIONE! Inserire nel campo NOTE l'elenco delle Istituzioni ed il relativo importo dei rimborsi EFFETTUATI!",IF(AND(A32<>"",(D25+D26)=0),"ATTENZIONE! il campo NOTE non deve essere compilato in assenza di rimborsi",""))
A34: NOTE: Elenco Istituzioni ed importi dei rimborsi ricevuti (***)
E35: =IF(AND(A35="",(D27+D28+D29)>0),"ATTENZIONE! Inserire nel campo NOTE l'elenco delle Istituzioni ed il relativo importo dei rimborsi RICEVUTI!",IF(AND(A35<>"",(D27+D28+D29)=0),"ATTENZIONE! il campo NOTE non deve essere compilato in assenza di rimborsi",""))
A36: (*) gli importi vanno indicati in EURO, senza cifre decimali (cfr. circolare: "istruzioni generali e specifiche di comparto")
A37: (**) campo riservato all'inserimento delle informazioni di dettaglio (nome Istituzione ed importo) riguardanti i rimborsi effettuati (P071, P074). Eventuali note su altre voci di spesa dovranno essere immesse nel campo "note e chiarimenti" della SI_1
A38: (***) campo riservato all'inserimento delle informazioni di dettaglio (nome Istituzione ed importo) riguardanti i rimborsi ricevuti (P090, P098, P099). Eventuali note su altre voci di spesa dovranno essere immesse nel campo "note e chiarimenti" della SI_1

Sheet t15(1)
A1: ='t1'!$A$1 -> ENTI PUBBLICI NON ECONOMICI - anno 2024 | H1: 1F | Q1: 44 | R1: SQ9
A5: Costituzione fondi per il trattamento accessorio (1) | E5: Destinazione fondi per il trattamento accessorio (1) | H5: SQUADRATURA 9
A6: DESCRIZIONE | B6: CODICE | C6: IMPORTI | E6: DESCRIZIONE | F6: CODICE | G6: IMPORTI | H6: =IF(AND(SUMIF($S:$S,"SQ9",$R:$R)=0,ISBLANK('SICI(1)'!F13)),"OK",IF(AND(ABS(SUMIF($S:$S,"SQ9",$R:$R))>0,ISBLANK('SICI(1)'!F13)),"Attenzione: inserire le voci di costituzione del fondo unicamente in presenza di certificazione dello stesso (cfr. SICI GEN196) !",IF(AND(SUMIF($S:$S,"SQ9",$R:$R)=0,'SICI(1)'!F13>0),"Attenzione: in presenza di date di certificazione del fondo (cfr. SICI GEN196) è necessario compilare il lato costituzione di T15 !","OK"))) -> OK
A7: Fondo retribuzione di posizione e risultato | E7: Fondo retribuzione di posizione e risultato | O7: Risorse / Costituzione del fondo | T7: Impeghi / Importi erogati
A8: Risorse fisse aventi carattere di certezza e stabilità | E8: Destinazioni erogate per prestazioni rese nell'anno di riferimento | O8: Fondo | P8: Natura | Q8: Voce | R8: Dato | T8: Fondo | U8: Natura | V8: Voce | W8: Dato
A9: Fondo 2004 cert org contr. / parte fissa (art1 c189 L266/05) | B9: F76G | E9: Retribuzione di posizione | F9: U448 | O9: 44 | P9: 7 | Q9: =B9 -> F76G | R9: =IF(ISNUMBER(C9),ROUND(C9,0),0) -> 0 | S9: =VLOOKUP(O9,$Q:$R,2,FALSE) -> SQ9 | T9: 44 | U9: 61 | V9: =F9 -> U448 | W9: =IF(ISNUMBER(G9),ROUND(G9,0),0) -> 0
A10: Art 4 c 1 alinea 2 e 3 Ccnl 04-05 - Incrementi | B10: F05H | E10: Retribuzione di risultato | F10: U449 | O10: 44 | P10: 7 | Q10: =B10 -> F05H | R10: =IF(ISNUMBER(C10),ROUND(C10,0),0) -> 0 | S10: =VLOOKUP(O10,$Q:$R,2,FALSE) -> SQ9 | T10: 44 | U10: 61 | V10: =F10 -> U449 | W10: =IF(ISNUMBER(G10),ROUND(G10,0),0) -> 0
A11: Art 18 c 1 Ccnl 06-09 - Incrementi | B11: F06H | E11: Retribuzione di risultato (onnicomprensività) | F11: U02I | O11: 44 | P11: 7 | Q11: =B11 -> F06H | R11: =IF(ISNUMBER(C11),ROUND(C11,0),0) -> 0 | S11: =VLOOKUP(O11,$Q:$R,2,FALSE) -> SQ9 | T11: 44 | U11: 61 | V11: =F11 -> U02I | W11: =IF(ISNUMBER(G11),ROUND(G11,0),0) -> 0
A12: Art 4 c 1 Ccnl 08-09 - Incrementi | B12: F07H | E12: Welfare integrativo a carico del fondo | F12: U02S | H12: INCONGRUENZA 9 | O12: 44 | P12: 7 | Q12: =B12 -> F07H | R12: =IF(ISNUMBER(C12),ROUND(C12,0),0) -> 0 | S12: =VLOOKUP(O12,$Q:$R,2,FALSE) -> SQ9 | T12: 44 | U12: 61 | V12: =F12 -> U02S | W12: =IF(ISNUMBER(G12),ROUND(G12,0),0) -> 0
A13: Art 48 c 1 Ccnl 16-18 - Incrementi | B13: F11V | E13: Altri istituti non compresi fra i precedenti | F13: U998 | H13: =IF(LEN(H17&H18&H19&H20)>0,"Attenzione, le seguenti voci creano incongruenza perché magg. del 10% del totale:","OK") -> OK | O13: 44 | P13: 7 | Q13: =B13 -> F11V | R13: =IF(ISNUMBER(C13),ROUND(C13,0),0) -> 0 | S13: =VLOOKUP(O13,$Q:$R,2,FALSE) -> SQ9 | T13: 44 | U13: 61 | V13: =F13 -> U998 | W13: =IF(ISNUMBER(G13),ROUND(G13,0),0) -> 0
A14: Art 29 c 2 Ccnl 19-21 - 2,75% m.s. 2018 (2) | B14: F27J | E14: Totale Destinazioni erogate per prestazioni rese nell'anno di riferimento | G14: =SUM(G9:G13) -> 0 | O14: 44 | P14: 7 | Q14: =B14 -> F27J | R14: =IF(ISNUMBER(C14),ROUND(C14,0),0) -> 0 | S14: =VLOOKUP(O14,$Q:$R,2,FALSE) -> SQ9 | T14: ###
A15: Ria personale cessato base annua (art52 c.4 p.1 Ccnl 02-05) | B15: F08H | E15: Totale Fondo posizione e risultato | G15: =G14 -> 0 | O15: 44 | P15: 7 | Q15: =B15 -> F08H | R15: =IF(ISNUMBER(C15),ROUND(C15,0),0) -> 0 | S15: =VLOOKUP(O15,$Q:$R,2,FALSE) -> SQ9
A16: Nuovi servizi/riorg/incr dot org (art. 52 c. 7 Ccnl02-05) | B16: F09H | O16: 44 | P16: 7 | Q16: =B16 -> F09H | R16: =IF(ISNUMBER(C16),ROUND(C16,0),0) -> 0 | S16: =VLOOKUP(O16,$Q:$R,2,FALSE) -> SQ9
A17: Art 11 c 1 L B DL 135/18 - Incr acc ass deroga fac ass.li | B17: F16L | H17: =IF(C40<>0,IF(R18/ABS(C$40)>0.1,"Fondo posizione e risultato - Altre risorse fisse - F00O",""),"") | O17: 44 | P17: 7 | Q17: =B17 -> F16L | R17: =IF(ISNUMBER(C17),ROUND(C17,0),0) -> 0 | S17: =VLOOKUP(O17,$Q:$R,2,FALSE) -> SQ9
A18: Altre risorse non comprese fra le precedenti | B18: F00O | H18: =IF(C40<>0,IF(R30/ABS(C$40)>0.1,"Fondo posizione e risultato - Altre risorse variabili - F00O",""),"") | O18: 44 | P18: 7 | Q18: =B18 -> F00O | R18: =IF(ISNUMBER(C18),ROUND(C18,0),0) -> 0 | S18: =VLOOKUP(O18,$Q:$R,2,FALSE) -> SQ9
A19: Totale Risorse fisse | C19: =SUM(C9:C18) -> 0 | H19: =IF(C40<>0,IF(R37/ABS(C$40)>0.1,"Fondo posizione e risultato - Altre decurtazioni - F01P",""),"")
A20: Risorse variabili | H20: =IF(G15<>0,IF(W13/ABS(G15)>0.1,"Fondo posizione e risultato - Altre destinazioni - U998",""),"")
A21: Art 43 L 449/1997 - Entr. conto terzi o utenza o sponsor. | B21: F50H | O21: 44 | P21: 9 | Q21: =B21 -> F50H | R21: =IF(ISNUMBER(C21),ROUND(C21,0),0) -> 0 | S21: =VLOOKUP(O21,$Q:$R,2,FALSE) -> SQ9
A22: Art 43 L 449/1997 - Risparmi di gestione | B22: F51H | H22: SQUADRATURA 8 | O22: 44 | P22: 9 | Q22: =B22 -> F51H | R22: =IF(ISNUMBER(C22),ROUND(C22,0),0) -> 0 | S22: =VLOOKUP(O22,$Q:$R,2,FALSE) -> SQ9
A23: Ris. da terzi per incar. agg.vi (art 52 c 3 L. a Ccnl 02-05) | B23: F54B | H23: =IF(AND(SUMIF($O:$O,$Q1,$R:$R)<>0,SUM('SICI(1)'!$F$13)>0),IF(SUMIFS($R:$R,$P:$P,"<>81",$O:$O,$Q1)-SUMIFS($R:$R,$P:$P,"81",$O:$O,$Q1)-SUMIF($T:$T,$Q1,$W:$W)<0,"Attenzione, nelle seguenti sezioni le destinazioni risultano superiori alle relative risorse e generano pertanto squadratura 8: "&CHAR(10)&A7,"OK"),"OK") -> OK | O23: 44 | P23: 9 | Q23: =B23 -> F54B | R23: =IF(ISNUMBER(C23),ROUND(C23,0),0) -> 0 | S23: =VLOOKUP(O23,$Q:$R,2,FALSE) -> SQ9
A24: Risorse art. 18 L. 88/89 | B24: F19S | O24: 44 | P24: 9 | Q24: =B24 -> F19S | R24: =IF(ISNUMBER(C24),ROUND(C24,0),0) -> 0 | S24: =VLOOKUP(O24,$Q:$R,2,FALSE) -> SQ9
A25: Spec. disp. di legge o reg.ti (art. 48 c. 3 p. 2 Ccnl 16-18) (3) | B25: F11W | O25: 44 | P25: 9 | Q25: =B25 -> F11W | R25: =IF(ISNUMBER(C25),ROUND(C25,0),0) -> 0 | S25: =VLOOKUP(O25,$Q:$R,2,FALSE) -> SQ9
A26: Ria pers. cessato rateo anno prec(art 52 c.4 p.2 Ccnl 02-05) | B26: F10H | O26: 44 | P26: 9 | Q26: =B26 -> F10H | R26: =IF(ISNUMBER(C26),ROUND(C26,0),0) -> 0 | S26: =VLOOKUP(O26,$Q:$R,2,FALSE) -> SQ9
A27: Nuovi servizi / riorganizzazione (art. 52 c. 7 Ccnl 02-05) | B27: F15H | O27: 44 | P27: 9 | Q27: =B27 -> F15H | R27: =IF(ISNUMBER(C27),ROUND(C27,0),0) -> 0 | S27: =VLOOKUP(O27,$Q:$R,2,FALSE) -> SQ9
A28: Art 1 c 604 L 234/2021 - Increm 0,22% m.s. 2018 dal 1.1.2022 | B28: F24T | O28: 44 | P28: 9 | Q28: =B28 -> F24T | R28: =IF(ISNUMBER(C28),ROUND(C28,0),0) -> 0 | S28: =VLOOKUP(O28,$Q:$R,2,FALSE) -> SQ9
A29: Somme non utilizzate fondo/i anno precedente | B29: F999 | O29: 44 | P29: 9 | Q29: =B29 -> F999 | R29: =IF(ISNUMBER(C29),ROUND(C29,0),0) -> 0 | S29: =VLOOKUP(O29,$Q:$R,2,FALSE) -> SQ9
A30: Altre risorse non comprese fra le precedenti | B30: F00O | O30: 44 | P30: 9 | Q30: =B30 -> F00O | R30: =IF(ISNUMBER(C30),ROUND(C30,0),0) -> 0 | S30: =VLOOKUP(O30,$Q:$R,2,FALSE) -> SQ9
A31: Totale Risorse variabili | C31: =SUM(C21:C30) -> 0
A32: Decurtazioni
A33: Art 1 c 189 L 266/05 - Dec. fondo rispetto limite 2004-10% | B33: F02P | O33: 44 | P33: 81 | Q33: =B33 -> F02P | R33: =IF(ISNUMBER(C33),ROUND(C33,0),0) -> 0 | S33: =VLOOKUP(O33,$Q:$R,2,FALSE) -> SQ9
A34: Art 1 c 456 L 147/2013 - Decurtazione permanente | B34: F27I | O34: 44 | P34: 81 | Q34: =B34 -> F27I | R34: =IF(ISNUMBER(C34),ROUND(C34,0),0) -> 0 | S34: =VLOOKUP(O34,$Q:$R,2,FALSE) -> SQ9
A35: Art 23 c 2 DLgs 75/2017 - Dec. fondo rispetto limite 2016 | B35: F00P | O35: 44 | P35: 81 | Q35: =B35 -> F00P | R35: =IF(ISNUMBER(C35),ROUND(C35,0),0) -> 0 | S35: =VLOOKUP(O35,$Q:$R,2,FALSE) -> SQ9
A36: Art 40 c 3-q DLgs 165/2001 - Dec. anno per piani di recup. | B36: F01S | O36: 44 | P36: 81 | Q36: =B36 -> F01S | R36: =IF(ISNUMBER(C36),ROUND(C36,0),0) -> 0 | S36: =VLOOKUP(O36,$Q:$R,2,FALSE) -> SQ9
A37: Altre decurtazioni non comprese fra le precedenti | B37: F01P | O37: 44 | P37: 81 | Q37: =B37 -> F01P | R37: =IF(ISNUMBER(C37),ROUND(C37,0),0) -> 0 | S37: =VLOOKUP(O37,$Q:$R,2,FALSE) -> SQ9
A38: Totale Decurtazioni | C38: =SUM(C33:C37) -> 0 | O38: ###
A39: Totale Fondo posizione e risultato | C39: =C19+C31-C38 -> 0
A40: TOTALE GENERALE RISORSE | C40: =C39 -> 0 | E40: TOTALE GENERALE IMPIEGHI EROGATI | G40: =G15 -> 0
A42: (1) Tutti gli importi vanno indicati in euro e al netto degli oneri sociali (contributi ed IRAP) a carico del datore di lavoro
A43: (2) Tale incremento ricomprende gli incrementi di cui al comma 1 del medesimo articolo.
A44: (3) Escluse le poste identificate in voci specifiche separate.

Sheet t15(2)
A1: ='t1'!$A$1 -> ENTI PUBBLICI NON ECONOMICI - anno 2024 | H1: 2F | Q1: 44 | R1: SQ9
A5: Costituzione fondi per il trattamento accessorio (1) | E5: Destinazione fondi per il trattamento accessorio (1) | H5: SQUADRATURA 9
A6: DESCRIZIONE | B6: CODICE | C6: IMPORTI | E6: DESCRIZIONE | F6: CODICE | G6: IMPORTI | H6: =IF(AND(SUMIF($S:$S,"SQ9",$R:$R)=0,ISBLANK('SICI(2)'!F13),ISBLANK('SICI(2)'!F17)),"OK",IF(AND(ABS(SUMIF($S:$S,"SQ9",$R:$R))>0,ISBLANK('SICI(2)'!F13),ISBLANK('SICI(2)'!F17)),"Attenzione: inserire le voci di costituzione del fondo unicamente in presenza di certificazione dello stesso (cfr. SICI GEN353 o GEN355) !",IF(AND(SUMIF($S:$S,"SQ9",$R:$R)=0,SUM('SICI(2)'!F13,'SICI(2)'!F17)>0),"Attenzione: in presenza di date di certificazione del fondo (cfr. SICI GEN353 o GEN355) è necessario compilare il lato costituzione di T15 !","OK"))) -> OK
A7: Fondo retribuzione di posizione e risultato | E7: Fondo retribuzione di posizione e risultato | O7: Risorse / Costituzione del fondo | T7: Impeghi / Importi erogati
A8: Risorse fisse aventi carattere di certezza e stabilità | E8: Destinazioni erogate per prestazioni rese nell'anno di riferimento | O8: Fondo | P8: Natura | Q8: Voce | R8: Dato | T8: Fondo | U8: Natura | V8: Voce | W8: Dato
A9: Fondo 2004 cert org contr. / parte fissa (art1 c189 L266/05) | B9: F76G | E9: Retribuzione di posizione | F9: U448 | O9: 44 | P9: 7 | Q9: =B9 -> F76G | R9: =IF(ISNUMBER(C9),ROUND(C9,0),0) -> 0 | S9: =VLOOKUP(O9,$Q:$R,2,FALSE) -> SQ9 | T9: 44 | U9: 61 | V9: =F9 -> U448 | W9: =IF(ISNUMBER(G9),ROUND(G9,0),0) -> 0
A10: Incrementi Ccnl 04-05 (art. 7 c. 1 alinea 2 e 3) | B10: F11H | E10: Retribuzione di risultato | F10: U449 | O10: 44 | P10: 7 | Q10: =B10 -> F11H | R10: =IF(ISNUMBER(C10),ROUND(C10,0),0) -> 0 | S10: =VLOOKUP(O10,$Q:$R,2,FALSE) -> SQ9 | T10: 44 | U10: 61 | V10: =F10 -> U449 | W10: =IF(ISNUMBER(G10),ROUND(G10,0),0) -> 0
A11: Incrementi Ccnl 06-09 (art. 21 c. 1) | B11: F12H | E11: Retribuzione di risultato (onnicomprensività) | F11: U02I | O11: 44 | P11: 7 | Q11: =B11 -> F12H | R11: =IF(ISNUMBER(C11),ROUND(C11,0),0) -> 0 | S11: =VLOOKUP(O11,$Q:$R,2,FALSE) -> SQ9 | T11: 44 | U11: 61 | V11: =F11 -> U02I | W11: =IF(ISNUMBER(G11),ROUND(G11,0),0) -> 0
A12: Incrementi Ccnl 08-09 (art. 7 c. 1) | B12: F86G | E12: Welfare integrativo a carico del fondo | F12: U02S | H12: INCONGRUENZA 9 | O12: 44 | P12: 7 | Q12: =B12 -> F86G | R12: =IF(ISNUMBER(C12),ROUND(C12,0),0) -> 0 | S12: =VLOOKUP(O12,$Q:$R,2,FALSE) -> SQ9 | T12: 44 | U12: 61 | V12: =F12 -> U02S | W12: =IF(ISNUMBER(G12),ROUND(G12,0),0) -> 0
A13: Incrementi Ccnl 16-18 (art. 51 c. 1) | B13: F11X | E13: Altri istituti non compresi fra i precedenti | F13: U998 | H13: =IF(LEN(H17&H18&H19&H20)>0,"Attenzione, le seguenti voci creano incongruenza perché magg. del 10% del totale:","OK") -> OK | O13: 44 | P13: 7 | Q13: =B13 -> F11X | R13: =IF(ISNUMBER(C13),ROUND(C13,0),0) -> 0 | S13: =VLOOKUP(O13,$Q:$R,2,FALSE) -> SQ9 | T13: 44 | U13: 61 | V13: =F13 -> U998 | W13: =IF(ISNUMBER(G13),ROUND(G13,0),0) -> 0
A14: Art 32 c 2 Ccnl 19-21 - 2,57% m.s. 2018 (2) | B14: F27L | E14: Totale Destinazioni erogate per prestazioni rese nell'anno di riferimento | G14: =SUM(G9:G13) -> 0 | O14: 44 | P14: 7 | Q14: =B14 -> F27L | R14: =IF(ISNUMBER(C14),ROUND(C14,0),0) -> 0 | S14: =VLOOKUP(O14,$Q:$R,2,FALSE) -> SQ9 | T14: ###
A15: Ria personale cessato base annua (art59 c.4 p.1 Ccnl 02-05) | B15: F13H | E15: Totale Fondo posizione e risultato | G15: =G14 -> 0 | O15: 44 | P15: 7 | Q15: =B15 -> F13H | R15: =IF(ISNUMBER(C15),ROUND(C15,0),0) -> 0 | S15: =VLOOKUP(O15,$Q:$R,2,FALSE) -> SQ9
A16: Nuovi servizi/riorg/incr dot org (art. 59 c. 9 Ccnl 02-05) | B16: F62B | O16: 44 | P16: 7 | Q16: =B16 -> F62B | R16: =IF(ISNUMBER(C16),ROUND(C16,0),0) -> 0 | S16: =VLOOKUP(O16,$Q:$R,2,FALSE) -> SQ9
A17: Art 11 c 1 L B DL 135/18 - Incr acc ass deroga fac ass.li | B17: F16L | H17: =IF(C42<>0,IF(R18/ABS(C$42)>0.1,"Fondo posizione e risultato - Altre risorse fisse - F00O",""),"") | O17: 44 | P17: 7 | Q17: =B17 -> F16L | R17: =IF(ISNUMBER(C17),ROUND(C17,0),0) -> 0 | S17: =VLOOKUP(O17,$Q:$R,2,FALSE) -> SQ9
A18: Altre risorse non comprese fra le precedenti | B18: F00O | H18: =IF(C42<>0,IF(R33/ABS(C$42)>0.1,"Fondo posizione e risultato - Altre risorse variabili - F00O",""),"") | O18: 44 | P18: 7 | Q18: =B18 -> F00O | R18: =IF(ISNUMBER(C18),ROUND(C18,0),0) -> 0 | S18: =VLOOKUP(O18,$Q:$R,2,FALSE) -> SQ9
A19: Totale Risorse fisse | C19: =SUM(C9:C18) -> 0 | H19: =IF(C42<>0,IF(R40/ABS(C$42)>0.1,"Fondo posizione e risultato - Altre decurtazioni - F01P",""),"")
A20: Risorse variabili | H20: =IF(G15<>0,IF(W13/ABS(G43)>0.1,"Fondo posizione e risultato - Altre destinazioni - U998",""),"")
A21: Art 43 L 449/1997 - Entr. conto terzi o utenza o sponsor. | B21: F50H | O21: 44 | P21: 9 | Q21: =B21 -> F50H | R21: =IF(ISNUMBER(C21),ROUND(C21,0),0) -> 0 | S21: =VLOOKUP(O21,$Q:$R,2,FALSE) -> SQ9
A22: Art 43 L 449/1997 - Risparmi di gestione | B22: F51H | H22: SQUADRATURA 8 | O22: 44 | P22: 9 | Q22: =B22 -> F51H | R22: =IF(ISNUMBER(C22),ROUND(C22,0),0) -> 0 | S22: =VLOOKUP(O22,$Q:$R,2,FALSE) -> SQ9
A23: Risorse art. 18 L. 88/89 | B23: F19S | H23: =IF(AND(SUMIF($O:$O,$Q1,$R:$R)<>0,SUM('SICI(2)'!$F$13,'SICI(2)'!$F$17)>0),IF(SUMIFS($R:$R,$P:$P,"<>81",$O:$O,$Q1)-SUMIFS($R:$R,$P:$P,"81",$O:$O,$Q1)-SUMIF($T:$T,$Q1,$W:$W)<0,"Attenzione, nelle seguenti sezioni le destinazioni risultano superiori alle relative risorse e generano pertanto squadratura 8: "&CHAR(10)&A7,"OK"),"OK") -> OK | O23: 44 | P23: 9 | Q23: =B23 -> F19S | R23: =IF(ISNUMBER(C23),ROUND(C23,0),0) -> 0 | S23: =VLOOKUP(O23,$Q:$R,2,FALSE) -> SQ9
A24: Art 16 cc 4-5-6 DL 98/11 - Risp. piani razionalizzazione | B24: F96H | O24: 44 | P24: 9 | Q24: =B24 -> F96H | R24: =IF(ISNUMBER(C24),ROUND(C24,0),0) -> 0 | S24: =VLOOKUP(O24,$Q:$R,2,FALSE) -> SQ9
A25: Spec. disp. di legge o reg.ti (art. 51 c. 3 p. 2 Ccnl 16-18) (3) | B25: F11Y | O25: 44 | P25: 9 | Q25: =B25 -> F11Y | R25: =IF(ISNUMBER(C25),ROUND(C25,0),0) -> 0 | S25: =VLOOKUP(O25,$Q:$R,2,FALSE) -> SQ9
A26: Ris. da terzi per incar. agg.vi (art 59 c 3 L. a Ccnl02-05) | B26: F63B | O26: 44 | P26: 9 | Q26: =B26 -> F63B | R26: =IF(ISNUMBER(C26),ROUND(C26,0),0) -> 0 | S26: =VLOOKUP(O26,$Q:$R,2,FALSE) -> SQ9
A27: Magg. entr. o ec. gest. (art. 59 c. 3 L. d Ccnl 02-05) | B27: F64B | O27: 44 | P27: 9 | Q27: =B27 -> F64B | R27: =IF(ISNUMBER(C27),ROUND(C27,0),0) -> 0 | S27: =VLOOKUP(O27,$Q:$R,2,FALSE) -> SQ9
A28: Ris. art. 3 c. 2 Ccnl 5.4.01 (art. 59 c. 3 L. e Ccnl 02-05) | B28: F65B | O28: 44 | P28: 9 | Q28: =B28 -> F65B | R28: =IF(ISNUMBER(C28),ROUND(C28,0),0) -> 0 | S28: =VLOOKUP(O28,$Q:$R,2,FALSE) -> SQ9
A29: Ria pers. cessato rateo anno cess (art59 c.4 p.2 Ccnl 02-05) | B29: F14H | O29: 44 | P29: 9 | Q29: =B29 -> F14H | R29: =IF(ISNUMBER(C29),ROUND(C29,0),0) -> 0 | S29: =VLOOKUP(O29,$Q:$R,2,FALSE) -> SQ9
A30: Nuovi servizi / riorganizzazione (art. 59 c. 9 Ccnl 02-05) | B30: F57B | O30: 44 | P30: 9 | Q30: =B30 -> F57B | R30: =IF(ISNUMBER(C30),ROUND(C30,0),0) -> 0 | S30: =VLOOKUP(O30,$Q:$R,2,FALSE) -> SQ9
A31: Art 1 c 604 L 234/2021 - Increm 0,22% m.s. 2018 dal 1.1.2022 | B31: F24T | O31: 44 | P31: 9 | Q31: =B31 -> F24T | R31: =IF(ISNUMBER(C31),ROUND(C31,0),0) -> 0 | S31: =VLOOKUP(O31,$Q:$R,2,FALSE) -> SQ9
A32: Somme non utilizzate fondo/i anno precedente | B32: F999 | O32: 44 | P32: 9 | Q32: =B32 -> F999 | R32: =IF(ISNUMBER(C32),ROUND(C32,0),0) -> 0 | S32: =VLOOKUP(O32,$Q:$R,2,FALSE) -> SQ9
A33: Altre risorse non comprese fra le precedenti | B33: F00O | O33: 44 | P33: 9 | Q33: =B33 -> F00O | R33: =IF(ISNUMBER(C33),ROUND(C33,0),0) -> 0 | S33: =VLOOKUP(O33,$Q:$R,2,FALSE) -> SQ9
A34: Totale Risorse variabili | C34: =SUM(C21:C33) -> 0
A35: Decurtazioni
A36: Art 1 c 189 L 266/05 - Dec. fondo rispetto limite 2004-10% | B36: F02P | O36: 44 | P36: 81 | Q36: =B36 -> F02P | R36: =IF(ISNUMBER(C36),ROUND(C36,0),0) -> 0 | S36: =VLOOKUP(O36,$Q:$R,2,FALSE) -> SQ9
A37: Art 1 c 456 L 147/2013 - Decurtazione permanente | B37: F27I | O37: 44 | P37: 81 | Q37: =B37 -> F27I | R37: =IF(ISNUMBER(C37),ROUND(C37,0),0) -> 0 | S37: =VLOOKUP(O37,$Q:$R,2,FALSE) -> SQ9
A38: Art 23 c 2 DLgs 75/2017 - Dec. fondo rispetto limite 2016 | B38: F00P | O38: 44 | P38: 81 | Q38: =B38 -> F00P | R38: =IF(ISNUMBER(C38),ROUND(C38,0),0) -> 0 | S38: =VLOOKUP(O38,$Q:$R,2,FALSE) -> SQ9
A39: Art 40 c 3-q DLgs 165/2001 - Dec. anno per piani di recup. | B39: F01S | O39: 44 | P39: 81 | Q39: =B39 -> F01S | R39: =IF(ISNUMBER(C39),ROUND(C39,0),0) -> 0 | S39: =VLOOKUP(O39,$Q:$R,2,FALSE) -> SQ9
A40: Altre decurtazioni non comprese fra le precedenti | B40: F01P | O40: 44 | P40: 81 | Q40: =B40 -> F01P | R40: =IF(ISNUMBER(C40),ROUND(C40,0),0) -> 0 | S40: =VLOOKUP(O40,$Q:$R,2,FALSE) -> SQ9
A41: Totale Decurtazioni | C41: =SUM(C36:C40) -> 0 | O41: ###
A42: Totale Fondo posizione e risultato | C42: =C19+C34-C41 -> 0
A43: TOTALE GENERALE RISORSE | C43: =C42 -> 0 | E43: TOTALE GENERALE IMPIEGHI EROGATI | G43: =G15 -> 0
A45: (1) Tutti gli importi vanno indicati in euro e al netto degli oneri sociali (contributi ed IRAP) a carico del datore di lavoro
A46: (2) Tale incremento ricomprende gli incrementi di cui al comma 1 del medesimo articolo.
A47: (2) Escluse le poste identificate in voci specifiche separate.

Sheet t15(3)
A1: ='t1'!$A$1 -> ENTI PUBBLICI NON ECONOMICI - anno 2024 | H1: ME | Q1: 45 | R1: SQ9
A5: Costituzione fondi per il trattamento accessorio (1) | E5: Destinazione fondi per il trattamento accessorio (1) | H5: SQUADRATURA 9
A6: DESCRIZIONE | B6: CODICE | C6: IMPORTI | E6: DESCRIZIONE | F6: CODICE | G6: IMPORTI | H6: =IF(AND(SUMIF($S:$S,"SQ9",$R:$R)=0,ISBLANK('SICI(3)'!F13),ISBLANK('SICI(3)'!F17)),"OK",IF(AND(ABS(SUMIF($S:$S,"SQ9",$R:$R))>0,ISBLANK('SICI(3)'!F13),ISBLANK('SICI(3)'!F17)),"Attenzione: inserire le voci di costituzione del fondo unicamente in presenza di certificazione dello stesso (cfr. SICI GEN353 o GEN355) !",IF(AND(SUMIF($S:$S,"SQ9",$R:$R)=0,SUM('SICI(3)'!F13,'SICI(3)'!F17)>0),"Attenzione: in presenza di date di certificazione del fondo (cfr. SICI GEN353 o GEN355) è necessario compilare il lato costituzione di T15 !","OK"))) -> OK
A7: Fondo Area Medica | E7: =A7 -> Fondo Area Medica | O7: Risorse / Costituzione del fondo | T7: Impeghi / Importi erogati
A8: Risorse fisse aventi carattere di certezza e stabilità | E8: Destinazioni erogate per prestazioni rese nell'anno di riferimento | O8: Fondo | P8: Natura | Q8: Voce | R8: Dato | T8: Fondo | U8: Natura | V8: Voce | W8: Dato
A9: Fondo 2004 cert org contr. / parte fissa (art1 c189 L266/05) | B9: F76G | E9: Indennità di specificità medica | F9: U264 | O9: 45 | P9: 7 | Q9: =B9 -> F76G | R9: =IF(ISNUMBER(C9),ROUND(C9,0),0) -> 0 | S9: =VLOOKUP(O9,$Q:$R,2,FALSE) -> SQ9 | T9: 45 | U9: 61 | V9: =F9 -> U264 | W9: =IF(ISNUMBER(G9),ROUND(G9,0),0) -> 0
A10: Incrementi Ccnl 04-05 (art. 14 c. 1 alinea 2 e 3) | B10: F90G | E10: Retribuzione di posizione | F10: U448 | O10: 45 | P10: 7 | Q10: =B10 -> F90G | R10: =IF(ISNUMBER(C10),ROUND(C10,0),0) -> 0 | S10: =VLOOKUP(O10,$Q:$R,2,FALSE) -> SQ9 | T10: 45 | U10: 61 | V10: =F10 -> U448 | W10: =IF(ISNUMBER(G10),ROUND(G10,0),0) -> 0
A11: Incrementi Ccnl 06-07 (art. 40 c. 1) | B11: F91G | E11: Retribuzione di risultato | F11: U449 | O11: 45 | P11: 7 | Q11: =B11 -> F91G | R11: =IF(ISNUMBER(C11),ROUND(C11,0),0) -> 0 | S11: =VLOOKUP(O11,$Q:$R,2,FALSE) -> SQ9 | T11: 45 | U11: 61 | V11: =F11 -> U449 | W11: =IF(ISNUMBER(G11),ROUND(G11,0),0) -> 0
A12: Incrementi Ccnl 08-09 (art. 11 c. 1) | B12: F92G | E12: Specifico trattamento economico | F12: U267 | H12: INCONGRUENZA 9 | O12: 45 | P12: 7 | Q12: =B12 -> F92G | R12: =IF(ISNUMBER(C12),ROUND(C12,0),0) -> 0 | S12: =VLOOKUP(O12,$Q:$R,2,FALSE) -> SQ9 | T12: 45 | U12: 61 | V12: =F12 -> U267 | W12: =IF(ISNUMBER(G12),ROUND(G12,0),0) -> 0
A13: Incrementi Ccnl 16-18 (art. 97 c. 1) | B13: F11Z | E13: Indennità condizioni di lavoro | F13: U06J | H13: =IF(LEN(H16&H18&H19&H20)>0,"Attenzione, le seguenti voci creano incongruenza perché magg. del 10% del totale:","OK") -> OK | O13: 45 | P13: 7 | Q13: =B13 -> F11Z | R13: =IF(ISNUMBER(C13),ROUND(C13,0),0) -> 0 | S13: =VLOOKUP(O13,$Q:$R,2,FALSE) -> SQ9 | T13: 45 | U13: 61 | V13: =F13 -> U06J | W13: =IF(ISNUMBER(G13),ROUND(G13,0),0) -> 0
A14: Art 61 c 2 Ccnl 19-21 - 2,06% m.s. 2018 (2) | B14: F27P | E14: Welfare integrativo a carico del fondo | F14: U02S | O14: 45 | P14: 7 | Q14: =B14 -> F27P | R14: =IF(ISNUMBER(C14),ROUND(C14,0),0) -> 0 | S14: =VLOOKUP(O14,$Q:$R,2,FALSE) -> SQ9 | T14: 45 | U14: 61 | V14: =F14 -> U02S | W14: =IF(ISNUMBER(G14),ROUND(G14,0),0) -> 0
A15: Ria personale cessato base annua (art14 cc 2-3 Ccnl 14.4.97) | B15: F93G | E15: Altri istituti non compresi fra i precedenti | F15: U998 | O15: 45 | P15: 7 | Q15: =B15 -> F93G | R15: =IF(ISNUMBER(C15),ROUND(C15,0),0) -> 0 | S15: =VLOOKUP(O15,$Q:$R,2,FALSE) -> SQ9 | T15: 45 | U15: 61 | V15: =F15 -> U998 | W15: =IF(ISNUMBER(G15),ROUND(G15,0),0) -> 0
A16: Nuovi servizi/riorg/incr dot org (art. 2 c. 2 Ccnl 08.01.03) | B16: F18C | E16: Totale Destinazioni erogate per prestazioni rese nell'anno di riferimento | G16: =SUM(G9:G15) -> 0 | H16: =IF(C41<>0,IF(R18/ABS(C$41)>0.1,"Fondo medici - Altre risorse fisse - F00O",""),"") | O16: 45 | P16: 7 | Q16: =B16 -> F18C | R16: =IF(ISNUMBER(C16),ROUND(C16,0),0) -> 0 | S16: =VLOOKUP(O16,$Q:$R,2,FALSE) -> SQ9 | T16: ###
A17: Art 11 c 1 L B DL 135/18 - Incr acc ass deroga fac ass.li | B17: F16L | E17: Totale Fondo Medici | G17: =G16 -> 0 | O17: 45 | P17: 7 | Q17: =B17 -> F16L | R17: =IF(ISNUMBER(C17),ROUND(C17,0),0) -> 0 | S17: =VLOOKUP(O17,$Q:$R,2,FALSE) -> SQ9
A18: Altre risorse non comprese fra le precedenti | B18: F00O | H18: =IF(C41<>0,IF(R32/ABS(C$41)>0.1,"Fondo medici - Altre risorse variabili - F00O",""),"") | O18: 45 | P18: 7 | Q18: =B18 -> F00O | R18: =IF(ISNUMBER(C18),ROUND(C18,0),0) -> 0 | S18: =VLOOKUP(O18,$Q:$R,2,FALSE) -> SQ9
A19: Totale Risorse fisse | C19: =SUM(C9:C18) -> 0 | H19: =IF(C41<>0,IF(R39/ABS(C$41)>0.1,"Fondo medici - Altre decurtazioni - F01P",""),"")
A20: Risorse variabili | H20: =IF(G42<>0,IF(W15/ABS(G42)>0.1,"Fondo medici - Altre destinazioni - U998",""),"")
A21: Art 43 L 449/1997 - Entr. conto terzi o utenza o sponsor. | B21: F50H | O21: 45 | P21: 9 | Q21: =B21 -> F50H | R21: =IF(ISNUMBER(C21),ROUND(C21,0),0) -> 0 | S21: =VLOOKUP(O21,$Q:$R,2,FALSE) -> SQ9
A22: Art 43 L 449/1997 - Risparmi di gestione | B22: F51H | H22: SQUADRATURA 8 | O22: 45 | P22: 9 | Q22: =B22 -> F51H | R22: =IF(ISNUMBER(C22),ROUND(C22,0),0) -> 0 | S22: =VLOOKUP(O22,$Q:$R,2,FALSE) -> SQ9
A23: Ria pers. cessato rateo anno cess (art14 cc2-3 Ccnl 14.4.97) | B23: F94G | H23: =IF(AND(SUMIF($O:$O,$Q1,$R:$R)<>0,SUM('SICI(3)'!$F$13,'SICI(3)'!$F$17)>0),IF(SUMIFS($R:$R,$P:$P,"<>81",$O:$O,$Q1)-SUMIFS($R:$R,$P:$P,"81",$O:$O,$Q1)-SUMIF($T:$T,$Q1,$W:$W)<0,"Attenzione, nelle seguenti sezioni le destinazioni risultano superiori alle relative risorse e generano pertanto squadratura 8: "&CHAR(10)&A7,"OK"),"OK") -> OK | O23: 45 | P23: 9 | Q23: =B23 -> F94G | R23: =IF(ISNUMBER(C23),ROUND(C23,0),0) -> 0 | S23: =VLOOKUP(O23,$Q:$R,2,FALSE) -> SQ9
A24: Risparmi di gestione personale(art. 43 c. 2 L. b Ccnl 98-01) | B24: F19C | O24: 45 | P24: 9 | Q24: =B24 -> F19C | R24: =IF(ISNUMBER(C24),ROUND(C24,0),0) -> 0 | S24: =VLOOKUP(O24,$Q:$R,2,FALSE) -> SQ9
A25: Risparmi incentivazione (art. 43 c. 2 L. c Ccnl 98-01) | B25: F20C | O25: 45 | P25: 9 | Q25: =B25 -> F20C | R25: =IF(ISNUMBER(C25),ROUND(C25,0),0) -> 0 | S25: =VLOOKUP(O25,$Q:$R,2,FALSE) -> SQ9
A26: Disp. legge/reg./atti amm. (art. 43 c. 2 L. e Ccnl 98-01) | B26: F22C | O26: 45 | P26: 9 | Q26: =B26 -> F22C | R26: =IF(ISNUMBER(C26),ROUND(C26,0),0) -> 0 | S26: =VLOOKUP(O26,$Q:$R,2,FALSE) -> SQ9
A27: Risorse art. 18 L. 88/89 | B27: F19S | O27: 45 | P27: 9 | Q27: =B27 -> F19S | R27: =IF(ISNUMBER(C27),ROUND(C27,0),0) -> 0 | S27: =VLOOKUP(O27,$Q:$R,2,FALSE) -> SQ9
A28: Nuovi servizi / riorganizzazione (art. 2 c. 2 Ccnl 08.01.03) | B28: F23C | O28: 45 | P28: 9 | Q28: =B28 -> F23C | R28: =IF(ISNUMBER(C28),ROUND(C28,0),0) -> 0 | S28: =VLOOKUP(O28,$Q:$R,2,FALSE) -> SQ9
A29: Art 16 cc 4-5-6 DL 98/11 - Risp. piani razionalizzazione | B29: F96H | O29: 45 | P29: 9 | Q29: =B29 -> F96H | R29: =IF(ISNUMBER(C29),ROUND(C29,0),0) -> 0 | S29: =VLOOKUP(O29,$Q:$R,2,FALSE) -> SQ9
A30: Art 1 c 604 L 234/2021 - Increm 0,22% m.s. 2018 dal 1.1.2022 | B30: F24T | O30: 45 | P30: 9 | Q30: =B30 -> F24T | R30: =IF(ISNUMBER(C30),ROUND(C30,0),0) -> 0 | S30: =VLOOKUP(O30,$Q:$R,2,FALSE) -> SQ9
A31: Somme non utilizzate fondo/i anno precedente | B31: F999 | O31: 45 | P31: 9 | Q31: =B31 -> F999 | R31: =IF(ISNUMBER(C31),ROUND(C31,0),0) -> 0 | S31: =VLOOKUP(O31,$Q:$R,2,FALSE) -> SQ9
A32: Altre risorse non comprese fra le precedenti | B32: F00O | O32: 45 | P32: 9 | Q32: =B32 -> F00O | R32: =IF(ISNUMBER(C32),ROUND(C32,0),0) -> 0 | S32: =VLOOKUP(O32,$Q:$R,2,FALSE) -> SQ9
A33: Totale Risorse variabili | C33: =SUM(C21:C32) -> 0
A34: Decurtazioni
A35: Art 1 c 189 L 266/05 - Dec. fondo rispetto limite 2004-10% | B35: F02P | O35: 45 | P35: 81 | Q35: =B35 -> F02P | R35: =IF(ISNUMBER(C35),ROUND(C35,0),0) -> 0 | S35: =VLOOKUP(O35,$Q:$R,2,FALSE) -> SQ9
A36: Art 1 c 456 L 147/2013 - Decurtazione permanente | B36: F27I | O36: 45 | P36: 81 | Q36: =B36 -> F27I | R36: =IF(ISNUMBER(C36),ROUND(C36,0),0) -> 0 | S36: =VLOOKUP(O36,$Q:$R,2,FALSE) -> SQ9
A37: Art 23 c 2 DLgs 75/2017 - Dec. fondo rispetto limite 2016 | B37: F00P | O37: 45 | P37: 81 | Q37: =B37 -> F00P | R37: =IF(ISNUMBER(C37),ROUND(C37,0),0) -> 0 | S37: =VLOOKUP(O37,$Q:$R,2,FALSE) -> SQ9
A38: Art 40 c 3-q DLgs 165/2001 - Dec. anno per piani di recup. | B38: F01S | O38: 45 | P38: 81 | Q38: =B38 -> F01S | R38: =IF(ISNUMBER(C38),ROUND(C38,0),0) -> 0 | S38: =VLOOKUP(O38,$Q:$R,2,FALSE) -> SQ9
A39: Altre decurtazioni non comprese fra le precedenti | B39: F01P | O39: 45 | P39: 81 | Q39: =B39 -> F01P | R39: =IF(ISNUMBER(C39),ROUND(C39,0),0) -> 0 | S39: =VLOOKUP(O39,$Q:$R,2,FALSE) -> SQ9
A40: Totale Decurtazioni | C40: =SUM(C35:C39) -> 0 | O40: ###
A41: Totale Fondo Medici | C41: =C19+C33-C40 -> 0
A42: TOTALE GENERALE RISORSE | C42: =C41 -> 0 | E42: TOTALE GENERALE IMPIEGHI EROGATI | G42: =G17 -> 0
A44: (1) Tutti gli importi vanno indicati in euro e al netto degli oneri sociali (contributi ed IRAP) a carico del datore di lavoro
A45: (2) Tale incremento ricomprende gli incrementi di cui al comma 1 del medesimo articolo

Sheet t15(4)
A1: ='t1'!$A$1 -> ENTI PUBBLICI NON ECONOMICI - anno 2024 | H1: PR | Q1: 28 | R1: SQ9
A5: Costituzione fondi per il trattamento accessorio (1) | E5: Destinazione fondi per il trattamento accessorio (1) | H5: SQUADRATURA 9
A6: DESCRIZIONE | B6: CODICE | C6: IMPORTI | E6: DESCRIZIONE | F6: CODICE | G6: IMPORTI | H6: =IF(AND(SUMIF($S:$S,"SQ9",$R:$R)=0,ISBLANK('SICI(4)'!F13),ISBLANK('SICI(4)'!F17)),"OK",IF(AND(ABS(SUMIF($S:$S,"SQ9",$R:$R))>0,ISBLANK('SICI(4)'!F13),ISBLANK('SICI(4)'!F17)),"Attenzione: inserire le voci di costituzione del fondo unicamente in presenza di certificazione dello stesso (cfr. SICI GEN353 o GEN355) !",IF(AND(SUMIF($S:$S,"SQ9",$R:$R)=0,SUM('SICI(4)'!F13,'SICI(4)'!F17)>0),"Attenzione: in presenza di date di certificazione del fondo (cfr. SICI GEN353 o GEN355) è necessario compilare il lato costituzione di T15 !","OK"))) -> OK
A7: Fondo Area dei Professionisti | E7: =A7 -> Fondo Area dei Professionisti | O7: Risorse / Costituzione del fondo | T7: Impeghi / Importi erogati
A8: Risorse fisse aventi carattere di certezza e stabilità | E8: Destinazioni erogate per prestazioni rese nell'anno di riferimento | O8: Fondo | P8: Natura | Q8: Voce | R8: Dato | T8: Fondo | U8: Natura | V8: Voce | W8: Dato
A9: Fondo 2004 cert org contr. / parte fissa (art1 c189 L266/05) | B9: F76G | E9: Indennità coordinamento | F9: U552 | O9: 28 | P9: 7 | Q9: =B9 -> F76G | R9: =IF(ISNUMBER(C9),ROUND(C9,0),0) -> 0 | S9: =VLOOKUP(O9,$Q:$R,2,FALSE) -> SQ9 | T9: 28 | U9: 61 | V9: =F9 -> U552 | W9: =IF(ISNUMBER(G9),ROUND(G9,0),0) -> 0
A10: Art 12 c 1 al 2 Ccnl 04-05 - 0,80% m.s. 2003 | B10: F99G | E10: Indennità professionisti legali | F10: U554 | O10: 28 | P10: 7 | Q10: =B10 -> F99G | R10: =IF(ISNUMBER(C10),ROUND(C10,0),0) -> 0 | S10: =VLOOKUP(O10,$Q:$R,2,FALSE) -> SQ9 | T10: 28 | U10: 61 | V10: =F10 -> U554 | W10: =IF(ISNUMBER(G10),ROUND(G10,0),0) -> 0
A11: Incrementi Ccnl 06-09 (art. 39 c. 1) | B11: F01H | E11: Indennità altri professionisti | F11: U556 | O11: 28 | P11: 7 | Q11: =B11 -> F01H | R11: =IF(ISNUMBER(C11),ROUND(C11,0),0) -> 0 | S11: =VLOOKUP(O11,$Q:$R,2,FALSE) -> SQ9 | T11: 28 | U11: 61 | V11: =F11 -> U556 | W11: =IF(ISNUMBER(G11),ROUND(G11,0),0) -> 0
A12: Incrementi Ccnl 08-09 (art. 10 c. 1) | B12: F02H | E12: Retribuzione risultato professionisti legali | F12: U10I | H12: INCONGRUENZA 9 | O12: 28 | P12: 7 | Q12: =B12 -> F02H | R12: =IF(ISNUMBER(C12),ROUND(C12,0),0) -> 0 | S12: =VLOOKUP(O12,$Q:$R,2,FALSE) -> SQ9 | T12: 28 | U12: 61 | V12: =F12 -> U10I | W12: =IF(ISNUMBER(G12),ROUND(G12,0),0) -> 0
A13: Incrementi Ccnl 16-18 (art. 89 c. 1) | B13: F12J | E13: Welfare integrativo a carico del fondo | F13: U02S | H13: =IF(LEN(H15&H16&H18&H19)>0,"Attenzione, le seguenti voci creano incongruenza perché magg. del 10% del totale:","OK") -> OK | O13: 28 | P13: 7 | Q13: =B13 -> F12J | R13: =IF(ISNUMBER(C13),ROUND(C13,0),0) -> 0 | S13: =VLOOKUP(O13,$Q:$R,2,FALSE) -> SQ9 | T13: 28 | U13: 61 | V13: =F13 -> U02S | W13: =IF(ISNUMBER(G13),ROUND(G13,0),0) -> 0
A14: Art 54 c 2 Ccnl 19-21 - 2,23% m.s. 2018 (2) | B14: F27Q | E14: Retribuzione risultato altri professionisti | F14: U11I | O14: 28 | P14: 7 | Q14: =B14 -> F27Q | R14: =IF(ISNUMBER(C14),ROUND(C14,0),0) -> 0 | S14: =VLOOKUP(O14,$Q:$R,2,FALSE) -> SQ9 | T14: 28 | U14: 61 | V14: =F14 -> U11I | W14: =IF(ISNUMBER(G14),ROUND(G14,0),0) -> 0
A15: Ria pers. cessato base annua (art 86 c 4 p 1 Ccnl 94-97) | B15: F03H | E15: Altri istituti non compresi fra i precedenti | F15: U998 | H15: =IF(C43<>0,IF(R18/ABS(C$43)>0.1,"Fondo professionisti - Altre risorse fisse - F00O",""),"") | O15: 28 | P15: 7 | Q15: =B15 -> F03H | R15: =IF(ISNUMBER(C15),ROUND(C15,0),0) -> 0 | S15: =VLOOKUP(O15,$Q:$R,2,FALSE) -> SQ9 | T15: 28 | U15: 61 | V15: =F15 -> U998 | W15: =IF(ISNUMBER(G15),ROUND(G15,0),0) -> 0
A16: Nuovi servizi/riorg/incr dot org (art. 1 c. 2 Ccnl 8.1.03) | B16: F04C | E16: Totale Destinazioni erogate per prestazioni rese nell'anno di riferimento | G16: =SUM(G9:G15) -> 0 | H16: =IF(C43<>0,IF(R34/ABS(C$43)>0.1,"Fondo professionisti - Altre risorse variabili - F00O",""),"") | O16: 28 | P16: 7 | Q16: =B16 -> F04C | R16: =IF(ISNUMBER(C16),ROUND(C16,0),0) -> 0 | S16: =VLOOKUP(O16,$Q:$R,2,FALSE) -> SQ9 | T16: ###
A17: Art 11 c 1 L B DL 135/18 - Incr acc ass deroga fac ass.li | B17: F16L | E17: Totale Fondo Professionisti | G17: =G16 -> 0 | O17: 28 | P17: 7 | Q17: =B17 -> F16L | R17: =IF(ISNUMBER(C17),ROUND(C17,0),0) -> 0 | S17: =VLOOKUP(O17,$Q:$R,2,FALSE) -> SQ9
A18: Altre risorse non comprese fra le precedenti | B18: F00O | H18: =IF(C43<>0,IF(R41/ABS(C$43)>0.1,"Fondo professionisti - Altre decurtazioni - F01P",""),"") | O18: 28 | P18: 7 | Q18: =B18 -> F00O | R18: =IF(ISNUMBER(C18),ROUND(C18,0),0) -> 0 | S18: =VLOOKUP(O18,$Q:$R,2,FALSE) -> SQ9
A19: Totale Risorse fisse | C19: =SUM(C9:C18) -> 0 | H19: =IF(G44<>0,IF(W15/ABS(G44)>0.1,"Fondo professionisti - Altre destinazioni - U998",""),"")
A20: Risorse variabili
A21: Art 43 L 449/1997 - Entr. conto terzi o utenza o sponsor. | B21: F50H | O21: 28 | P21: 9 | Q21: =B21 -> F50H | R21: =IF(ISNUMBER(C21),ROUND(C21,0),0) -> 0 | S21: =VLOOKUP(O21,$Q:$R,2,FALSE) -> SQ9
A22: Art 43 L 449/1997 - Risparmi di gestione | B22: F51H | H22: SQUADRATURA 8 | O22: 28 | P22: 9 | Q22: =B22 -> F51H | R22: =IF(ISNUMBER(C22),ROUND(C22,0),0) -> 0 | S22: =VLOOKUP(O22,$Q:$R,2,FALSE) -> SQ9
A23: Art 9 c 3 DL 90/2014 - Comp Avvocati carico controparti | B23: F10M | H23: =IF(AND(SUMIF($O:$O,$Q1,$R:$R)<>0,SUM('SICI(4)'!$F$13,'SICI(4)'!$F$17)>0),IF(SUMIFS($R:$R,$P:$P,"<>81",$O:$O,$Q1)-SUMIFS($R:$R,$P:$P,"81",$O:$O,$Q1)-SUMIF($T:$T,$Q1,$W:$W)<0,"Attenzione, nelle seguenti sezioni le destinazioni risultano superiori alle relative risorse e generano pertanto squadratura 8: "&CHAR(10)&A7,"OK"),"OK") -> OK | O23: 28 | P23: 9 | Q23: =B23 -> F10M | R23: =IF(ISNUMBER(C23),ROUND(C23,0),0) -> 0 | S23: =VLOOKUP(O23,$Q:$R,2,FALSE) -> SQ9
A24: Art 9 c 6 DL 90/2014 - Comp Avvocati spese compensate | B24: F10N | O24: 28 | P24: 9 | Q24: =B24 -> F10N | R24: =IF(ISNUMBER(C24),ROUND(C24,0),0) -> 0 | S24: =VLOOKUP(O24,$Q:$R,2,FALSE) -> SQ9
A25: Art 16 cc 4-5-6 DL 98/11 - Risp. piani razionalizzazione | B25: F96H | O25: 28 | P25: 9 | Q25: =B25 -> F96H | R25: =IF(ISNUMBER(C25),ROUND(C25,0),0) -> 0 | S25: =VLOOKUP(O25,$Q:$R,2,FALSE) -> SQ9
A26: Spec. disp. di legge (art. 42 c. 2 L. e Ccnl 98-01) (3) | B26: F12K | O26: 28 | P26: 9 | Q26: =B26 -> F12K | R26: =IF(ISNUMBER(C26),ROUND(C26,0),0) -> 0 | S26: =VLOOKUP(O26,$Q:$R,2,FALSE) -> SQ9
A27: Ria pers. cess. rateo anno cess (art 86 c 4 p 2 Ccnl 94-97) | B27: F04H | O27: 28 | P27: 9 | Q27: =B27 -> F04H | R27: =IF(ISNUMBER(C27),ROUND(C27,0),0) -> 0 | S27: =VLOOKUP(O27,$Q:$R,2,FALSE) -> SQ9
A28: Risparmi di gestione personale(art. 42 c. 2 L. b Ccnl 98-01) | B28: F05C | O28: 28 | P28: 9 | Q28: =B28 -> F05C | R28: =IF(ISNUMBER(C28),ROUND(C28,0),0) -> 0 | S28: =VLOOKUP(O28,$Q:$R,2,FALSE) -> SQ9
A29: Risparmi incentivazione (art. 42 c. 2 L. c Ccnl 98-01) | B29: F06C | O29: 28 | P29: 9 | Q29: =B29 -> F06C | R29: =IF(ISNUMBER(C29),ROUND(C29,0),0) -> 0 | S29: =VLOOKUP(O29,$Q:$R,2,FALSE) -> SQ9
A30: Risorse art. 18 L. 88/89 | B30: F19S | O30: 28 | P30: 9 | Q30: =B30 -> F19S | R30: =IF(ISNUMBER(C30),ROUND(C30,0),0) -> 0 | S30: =VLOOKUP(O30,$Q:$R,2,FALSE) -> SQ9
A31: Nuovi servizi / riorganizzazione (art. 1 c 2 Ccnl 8.1.03) | B31: F11C | O31: 28 | P31: 9 | Q31: =B31 -> F11C | R31: =IF(ISNUMBER(C31),ROUND(C31,0),0) -> 0 | S31: =VLOOKUP(O31,$Q:$R,2,FALSE) -> SQ9
A32: Art 1 c 604 L 234/2021 - Increm 0,22% m.s. 2018 dal 1.1.2022 | B32: F24T | O32: 28 | P32: 9 | Q32: =B32 -> F24T | R32: =IF(ISNUMBER(C32),ROUND(C32,0),0) -> 0 | S32: =VLOOKUP(O32,$Q:$R,2,FALSE) -> SQ9
A33: Somme non utilizzate fondo/i anno precedente | B33: F999 | O33: 28 | P33: 9 | Q33: =B33 -> F999 | R33: =IF(ISNUMBER(C33),ROUND(C33,0),0) -> 0 | S33: =VLOOKUP(O33,$Q:$R,2,FALSE) -> SQ9
A34: Altre risorse non comprese fra le precedenti | B34: F00O | O34: 28 | P34: 9 | Q34: =B34 -> F00O | R34: =IF(ISNUMBER(C34),ROUND(C34,0),0) -> 0 | S34: =VLOOKUP(O34,$Q:$R,2,FALSE) -> SQ9
A35: Totale Risorse variabili | C35: =SUM(C21:C34) -> 0
A36: Decurtazioni
A37: Art 1 c 189 L 266/05 - Dec. fondo rispetto limite 2004-10% | B37: F02P | O37: 28 | P37: 81 | Q37: =B37 -> F02P | R37: =IF(ISNUMBER(C37),ROUND(C37,0),0) -> 0 | S37: =VLOOKUP(O37,$Q:$R,2,FALSE) -> SQ9
A38: Art 1 c 456 L 147/2013 - Decurtazione permanente | B38: F27I | O38: 28 | P38: 81 | Q38: =B38 -> F27I | R38: =IF(ISNUMBER(C38),ROUND(C38,0),0) -> 0 | S38: =VLOOKUP(O38,$Q:$R,2,FALSE) -> SQ9
A39: Art 23 c 2 DLgs 75/2017 - Dec. fondo rispetto limite 2016 | B39: F00P | O39: 28 | P39: 81 | Q39: =B39 -> F00P | R39: =IF(ISNUMBER(C39),ROUND(C39,0),0) -> 0 | S39: =VLOOKUP(O39,$Q:$R,2,FALSE) -> SQ9
A40: Art 40 c 3-q DLgs 165/2001 - Dec. anno per piani di recup. | B40: F01S | O40: 28 | P40: 81 | Q40: =B40 -> F01S | R40: =IF(ISNUMBER(C40),ROUND(C40,0),0) -> 0 | S40: =VLOOKUP(O40,$Q:$R,2,FALSE) -> SQ9
A41: Altre decurtazioni non comprese fra le precedenti | B41: F01P | O41: 28 | P41: 81 | Q41: =B41 -> F01P | R41: =IF(ISNUMBER(C41),ROUND(C41,0),0) -> 0 | S41: =VLOOKUP(O41,$Q:$R,2,FALSE) -> SQ9
A42: Totale Decurtazioni | C42: =SUM(C37:C41) -> 0 | O42: ###
A43: Totale Fondo Professionisti | C43: =C19+C35-C42 -> 0
A44: TOTALE GENERALE RISORSE | C44: =C43 -> 0 | E44: TOTALE GENERALE IMPIEGHI EROGATI | G44: =G17 -> 0
A46: (1) Tutti gli importi vanno indicati in euro e al netto degli oneri sociali (contributi ed IRAP) a carico del datore di lavoro
A47: (2) Tale incremento ricomprende gli incrementi di cui al comma 1 del medesimo articolo.
A48: (3) Escluse le poste identificate in voci specifiche separate.

Sheet t15(5)
A1: ='t1'!$A$1 -> ENTI PUBBLICI NON ECONOMICI - anno 2024 | H1: ND | Q1: 52 | R1: SQ9
Q2: 78 | R2: NO
A5: Costituzione fondi per il trattamento accessorio (1) | E5: Destinazione fondi per il trattamento accessorio (1) | H5: SQUADRATURA 9
A6: DESCRIZIONE | B6: CODICE | C6: IMPORTI | E6: DESCRIZIONE | F6: CODICE | G6: IMPORTI | H6: =IF(AND(SUMIF($S:$S,"SQ9",$R:$R)=0,ISBLANK('SICI(5)'!F13),ISBLANK('SICI(5)'!F17)),"OK",IF(AND(ABS(SUMIF($S:$S,"SQ9",$R:$R))>0,ISBLANK('SICI(5)'!F13),ISBLANK('SICI(5)'!F17)),"Attenzione: inserire le voci di costituzione del fondo unicamente in presenza di certificazione dello stesso (cfr. SICI GEN353 o GEN355) !",IF(AND(SUMIF($S:$S,"SQ9",$R:$R)=0,SUM('SICI(5)'!F13,'SICI(5)'!F17)>0),"Attenzione: in presenza di date di certificazione del fondo (cfr. SICI GEN353 o GEN355) è necessario compilare il lato costituzione di T15 !","OK"))) -> OK
A7: Fondo risorse decentrate | E7: =A7 -> Fondo risorse decentrate | O7: Risorse / Costituzione del fondo | T7: Impeghi / Importi erogati
A8: Risorse fisse aventi carattere di certezza e stabilità | E8: Destinazioni erogate per prestazioni rese nell'anno di riferimento | O8: Fondo | P8: Natura | Q8: Voce | R8: Dato | T8: Fondo | U8: Natura | V8: Voce | W8: Dato
A9: Art 76 c 2 Ccnl 16-18 - Unico importo consolidato 2017 | B9: F05L | E9: Differenziali stipendiali in essere non disponibili alla CI | F9: U20S | O9: 52 | P9: 7 | Q9: =B9 -> F05L | R9: =IF(ISNUMBER(C9),ROUND(C9,0),0) -> 0 | S9: =VLOOKUP(O9,$Q:$R,2,FALSE) -> SQ9 | T9: 52 | U9: 61 | V9: =F9 -> U20S | W9: =IF(ISNUMBER(G9),ROUND(G9,0),0) -> 0
A10: Art 49 c 2 Ccnl 19-21 - Ris diff stip preced carico bilancio | B10: F20S | E10: Progressioni economiche anno di rifer.to | F10: U02P | O10: 52 | P10: 7 | Q10: =B10 -> F20S | R10: =IF(ISNUMBER(C10),ROUND(C10,0),0) -> 0 | S10: =VLOOKUP(O10,$Q:$R,2,FALSE) -> SQ9 | T10: 52 | U10: 61 | V10: =F10 -> U02P | W10: =IF(ISNUMBER(G10),ROUND(G10,0),0) -> 0
A11: Art 76 c 3 L a) Ccnl 16-18 - Incremento da 1.1.18 | B11: F05M | E11: Performance organizzativa | F11: U02L | O11: 52 | P11: 7 | Q11: =B11 -> F05M | R11: =IF(ISNUMBER(C11),ROUND(C11,0),0) -> 0 | S11: =VLOOKUP(O11,$Q:$R,2,FALSE) -> SQ9 | T11: 52 | U11: 61 | V11: =F11 -> U02L | W11: =IF(ISNUMBER(G11),ROUND(G11,0),0) -> 0
A12: Art 49 c 3 Ccnl 19-21 - Increm (in % m.s. 2018, tab D Ccnl) | B12: F20T | E12: Performance individuale | F12: U02M | H12: INCONGRUENZA 9 | O12: 52 | P12: 7 | Q12: =B12 -> F20T | R12: =IF(ISNUMBER(C12),ROUND(C12,0),0) -> 0 | S12: =VLOOKUP(O12,$Q:$R,2,FALSE) -> SQ9 | T12: 52 | U12: 61 | V12: =F12 -> U02M | W12: =IF(ISNUMBER(G12),ROUND(G12,0),0) -> 0
A13: Art 32 c 1 Ccnl 22-24 - Increm (in % m.s. 2021, tab 7 Ccnl) | B13: F32O | E13: Performance nuovi modelli organizzativi (lavoro agile) | F13: U07H | H13: =IF(LEN(H15&H16&H17&H18)>0,"Attenzione, le seguenti voci creano incongruenza perché magg. del 10% del totale:","OK") -> OK | O13: 52 | P13: 7 | Q13: =B13 -> F32O | R13: =IF(ISNUMBER(C13),ROUND(C13,0),0) -> 0 | S13: =VLOOKUP(O14,$Q:$R,2,FALSE) -> SQ9 | T13: 52 | U13: 61 | V13: =F13 -> U07H | W13: =IF(ISNUMBER(G13),ROUND(G13,0),0) -> 0
A14: Art 76 c 3 L b) Ccnl 16-18 - RIA pers cessato misura intera | B14: F05N | E14: Indennità condizioni di lavoro | F14: U02N | O14: 52 | P14: 7 | Q14: =B14 -> F05N | R14: =IF(ISNUMBER(C14),ROUND(C14,0),0) -> 0 | S14: =VLOOKUP(O15,$Q:$R,2,FALSE) -> SQ9 | T14: 52 | U14: 61 | V14: =F14 -> U02N | W14: =IF(ISNUMBER(G14),ROUND(G14,0),0) -> 0
A15: Art 76 c 3 L c) Ccnl 16-18 - Ind amm/ente pers cess non riut | B15: F05O | E15: Specifiche responsabilità | F15: U00L | H15: =IF(C44<>0,IF(R19/ABS(C$44)>0.1,"Fondo risorse decentrate - Altre risorse fisse - F00O",""),"") | O15: 52 | P15: 7 | Q15: =B15 -> F05O | R15: =IF(ISNUMBER(C15),ROUND(C15,0),0) -> 0 | S15: =VLOOKUP(O16,$Q:$R,2,FALSE) -> SQ9 | T15: 52 | U15: 61 | V15: =F15 -> U00L | W15: =IF(ISNUMBER(G15),ROUND(G15,0),0) -> 0
A16: Art 2 c 3 DLgs 165/2001 - Risp. tratt. ec. pre-Ccnl 94-97 | B16: F70A | E16: Indennità posizioni organizzative | F16: U02Q | H16: =IF(C44<>0,IF(R35/ABS(C$44)>0.1,"Fondo risorse decentrate - Altre risorse variabili - F00O",""),"") | O16: 52 | P16: 7 | Q16: =B16 -> F70A | R16: =IF(ISNUMBER(C16),ROUND(C16,0),0) -> 0 | S16: =VLOOKUP(O17,$Q:$R,2,FALSE) -> SQ9 | T16: 52 | U16: 61 | V16: =F16 -> U02Q | W16: =IF(ISNUMBER(G16),ROUND(G16,0),0) -> 0
A17: Art 73 c 1 Ccnl 16-18 - Ridet per increm stip Ccnl | B17: F02Z | E17: Incentivi alla mobilità territoriale | F17: U02R | H17: =IF(C44<>0,IF(R42/ABS(C$44)>0.1,"Fondo risorse decentrate - Altre decurtazioni - F01P",""),"") | O17: 52 | P17: 7 | Q17: =B17 -> F02Z | R17: =IF(ISNUMBER(C17),ROUND(C17,0),0) -> 0 | S17: =VLOOKUP(O18,$Q:$R,2,FALSE) -> SQ9 | T17: 52 | U17: 61 | V17: =F17 -> U02R | W17: =IF(ISNUMBER(G17),ROUND(G17,0),0) -> 0
A18: Art 11 c 1 L B DL 135/18 - Incr acc ass deroga fac ass.li (2) | B18: F16L | E18: Welfare integrativo a carico del fondo | F18: U02S | H18: =IF(G24<>0,IF(W22/ABS(G24)>0.1,"Fondo risorse decentrate - Altre destinazioni - U998",""),"") | O18: 52 | P18: 7 | Q18: =B18 -> F16L | R18: =IF(ISNUMBER(C18),ROUND(C18,0),0) -> 0 | S18: =VLOOKUP(O19,$Q:$R,2,FALSE) -> SQ9 | T18: 52 | U18: 61 | V18: =F18 -> U02S | W18: =IF(ISNUMBER(G18),ROUND(G18,0),0) -> 0
A19: Altre risorse non comprese fra le precedenti | B19: F00O | E19: Quota annuale TFR carico fondo | F19: U02T | O19: 52 | P19: 7 | Q19: =B19 -> F00O | R19: =IF(ISNUMBER(C19),ROUND(C19,0),0) -> 0 | T19: 52 | U19: 61 | V19: =F19 -> U02T | W19: =IF(ISNUMBER(G19),ROUND(G19,0),0) -> 0
A20: Totale Risorse fisse | C20: =SUM(C9:C19) -> 0 | E20: Incentivi funzioni tecniche | F20: U22I | H20: SQUADRATURA 8 | T20: 52 | U20: 61 | V20: =F20 -> U22I | W20: =IF(ISNUMBER(G20),ROUND(G20,0),0) -> 0
A21: Risorse variabili | E21: Altre specifiche disposizioni di legge | F21: U00Q | H21: =IF(AND(SUM($R:$R)<>0,SUM('SICI(5)'!$F$13,'SICI(5)'!$F$17)>0),IF(SUM($R:$R)-(SUMIF($P:$P,"81",$R:$R)*2)-SUM($W:$W)<0,"Attenzione, le destinazioni risultano superiori alle relative risorse e generano pertanto squadratura 8. ","OK"),"OK") -> OK | S21: =VLOOKUP(O22,$Q:$R,2,FALSE) -> SQ9 | T21: 52 | U21: 61 | V21: =F21 -> U00Q | W21: =IF(ISNUMBER(G21),ROUND(G21,0),0) -> 0
A22: Art 43 L 449/1997 - Entr. conto terzi o utenza o sponsor. | B22: F50H | E22: Altri istituti non compresi fra i precedenti | F22: U998 | O22: 52 | P22: 9 | Q22: =B22 -> F50H | R22: =IF(ISNUMBER(C22),ROUND(C22,0),0) -> 0 | S22: =VLOOKUP(O23,$Q:$R,2,FALSE) -> SQ9 | T22: 52 | U22: 61 | V22: =F22 -> U998 | W22: =IF(ISNUMBER(G22),ROUND(G22,0),0) -> 0
A23: Art 43 L 449/1997 - Risparmi di gestione | B23: F51H | E23: Totale Destinazioni erogate per prestazioni rese nell'anno di riferimento | G23: =SUM(G9:G22) -> 0 | O23: 52 | P23: 9 | Q23: =B23 -> F51H | R23: =IF(ISNUMBER(C23),ROUND(C23,0),0) -> 0 | S23: =VLOOKUP(O24,$Q:$R,2,FALSE) -> SQ9
A24: Art 16 cc 4-5-6 DL 98/11 - Risp. piani razionalizzazione | B24: F96H | E24: =A44 -> Totale Fondo risorse decentrate | G24: =G23 -> 0 | O24: 52 | P24: 9 | Q24: =B24 -> F96H | R24: =IF(ISNUMBER(C24),ROUND(C24,0),0) -> 0 | S24: =VLOOKUP(O25,$Q:$R,2,FALSE) -> SQ9
A25: Risorse art. 18 L. 88/89 | B25: F19S | O25: 52 | P25: 9 | Q25: =B25 -> F19S | R25: =IF(ISNUMBER(C25),ROUND(C25,0),0) -> 0 | S25: =VLOOKUP(O26,$Q:$R,2,FALSE) -> SQ9
A26: Art 1 DL 80/2021 - Increm. ass TD finanz diretto PNRR (3) | B26: F24O | H26: =IF(SUMIFS($R:$R,$P:$P,"<>81",$O:$O,$Q2)-SUMIFS($R:$R,$P:$P,"81",$O:$O,$Q2)-SUMIF($T:$T,$Q$2,$W:$W)<0,$A$45,"") | O26: 52 | P26: 9 | Q26: =B26 -> F24O | R26: =IF(ISNUMBER(C26),ROUND(C26,0),0) -> 0 | S26: =VLOOKUP(O27,$Q:$R,2,FALSE) -> SQ9
A27: Art. 45 DLgs 36/2023 - Incentivi alle funzioni tecniche (4) | B27: F24P | O27: 52 | P27: 9 | Q27: =B27 -> F24P | R27: =IF(ISNUMBER(C27),ROUND(C27,0),0) -> 0 | S27: =VLOOKUP(O28,$Q:$R,2,FALSE) -> SQ9
A28: Art 11 c 1 L B DL 135/18 - Incr acc ass TD deroga fac ass.li | B28: F26U | O28: 52 | P28: 9 | Q28: =B28 -> F26U | R28: =IF(ISNUMBER(C28),ROUND(C28,0),0) -> 0 | S28: =VLOOKUP(O29,$Q:$R,2,FALSE) -> SQ9
A29: Art 76 c 4 L c) Ccnl 16-18 - Altre spec. disp. di legge (5) | B29: F05R | O29: 52 | P29: 9 | Q29: =B29 -> F05R | R29: =IF(ISNUMBER(C29),ROUND(C29,0),0) -> 0 | S29: =VLOOKUP(O30,$Q:$R,2,FALSE) -> SQ9
A30: Art 76 c 4 L d) Ccnl 16-18 - RIA Ind amm/ente ces mens resid | B30: F05S | O30: 52 | P30: 9 | Q30: =B30 -> F05S | R30: =IF(ISNUMBER(C30),ROUND(C30,0),0) -> 0 | S30: =VLOOKUP(O31,$Q:$R,2,FALSE) -> SQ9
A31: Art 49 c 7 Ccnl 19-21 - Risparmi straordinario anno rif.to (6) | B31: F20U | O31: 52 | P31: 9 | Q31: =B31 -> F20U | R31: =IF(ISNUMBER(C31),ROUND(C31,0),0) -> 0 | S31: =VLOOKUP(O32,$Q:$R,2,FALSE) -> SQ9
A32: Art 1 c 604 L 234/2021 - Increm 0,22% m.s. 2018 dal 1.1.2022 | B32: F24T | O32: 52 | P32: 9 | Q32: =B32 -> F24T | R32: =IF(ISNUMBER(C32),ROUND(C32,0),0) -> 0 | S32: =VLOOKUP(O33,$Q:$R,2,FALSE) -> SQ9
A33: Art 76 c 4 L g) Ccnl 16-18 - Nuovi servizi / processi riorg | B33: F05T | O33: 52 | P33: 9 | Q33: =B33 -> F05T | R33: =IF(ISNUMBER(C33),ROUND(C33,0),0) -> 0 | S33: =VLOOKUP(O34,$Q:$R,2,FALSE) -> SQ9
A34: Somme non utilizzate fondo/i anno precedente | B34: F999 | O34: 52 | P34: 9 | Q34: =B34 -> F999 | R34: =IF(ISNUMBER(C34),ROUND(C34,0),0) -> 0 | S34: =VLOOKUP(O35,$Q:$R,2,FALSE) -> SQ9
A35: Altre risorse non comprese fra le precedenti | B35: F00O | O35: 52 | P35: 9 | Q35: =B35 -> F00O | R35: =IF(ISNUMBER(C35),ROUND(C35,0),0) -> 0
A36: Totale Risorse variabili | C36: =SUM(C22:C35) -> 0
A37: Decurtazioni | S37: =VLOOKUP(O38,$Q:$R,2,FALSE) -> SQ9
A38: Art 1 c 189 L 266/05 - Dec. fondo rispetto limite 2004-10% | B38: F02P | O38: 52 | P38: 81 | Q38: =B38 -> F02P | R38: =IF(ISNUMBER(C38),ROUND(C38,0),0) -> 0 | S38: =VLOOKUP(O39,$Q:$R,2,FALSE) -> SQ9
A39: Art 1 c 456 L 147/2013 - Decurtazione permanente | B39: F27I | O39: 52 | P39: 81 | Q39: =B39 -> F27I | R39: =IF(ISNUMBER(C39),ROUND(C39,0),0) -> 0 | S39: =VLOOKUP(O40,$Q:$R,2,FALSE) -> SQ9
A40: Art 23 c 2 DLgs 75/2017 - Dec. fondo rispetto limite 2016 | B40: F00P | O40: 52 | P40: 81 | Q40: =B40 -> F00P | R40: =IF(ISNUMBER(C40),ROUND(C40,0),0) -> 0 | S40: =VLOOKUP(O41,$Q:$R,2,FALSE) -> SQ9
A41: Art 40 c 3-q DLgs 165/2001 - Dec. anno per piani di recup. | B41: F01S | O41: 52 | P41: 81 | Q41: =B41 -> F01S | R41: =IF(ISNUMBER(C41),ROUND(C41,0),0) -> 0 | S41: =VLOOKUP(O42,$Q:$R,2,FALSE) -> SQ9
A42: Altre decurtazioni non comprese fra le precedenti | B42: F01P | O42: 52 | P42: 81 | Q42: =B42 -> F01P | R42: =IF(ISNUMBER(C42),ROUND(C42,0),0) -> 0
A43: Totale Decurtazioni | C43: =SUM(C38:C42) -> 0
A44: Totale Fondo risorse decentrate | C44: =C36+C20-C43 -> 0 | R44: =IF(ISNUMBER(C40),ROUND(C40,0),"")
A45: Straordinario (bilancio) | E45: Straordinario (bilancio)
A46: Risorse a carico del Bilancio | E46: Destinazioni erogate per prestazioni rese nell'anno di riferimento | R46: =IF(ISNUMBER(C42),ROUND(C42,0),"") | S46: =VLOOKUP(O47,$Q:$R,2,FALSE) -> NO
A47: Art 30 Ccnl 98-01 - Ris straordinario ord stanziate bilancio | B47: F16K | E47: Prestazioni lavoro straordinario | F47: U06B | O47: 78 | P47: 2 | Q47: =B47 -> F16K | R47: =IF(ISNUMBER(C47),ROUND(C47,0),0) -> 0 | T47: 78 | U47: 61 | V47: =F47 -> U06B | W47: =IF(ISNUMBER(G47),ROUND(G47,0),0) -> 0
A48: Totale Risorse a carico del Bilancio | C48: =SUM(C47:C47) -> 0 | E48: Totale Destinazioni erogate per prestazioni rese nell'anno di riferimento | G48: =SUM(G47:G47) -> 0 | T48: ###
A49: Decurtazioni | E49: Totale Straordinario (bilancio) | G49: =G48 -> 0 | S49: =VLOOKUP(O50,$Q:$R,2,FALSE) -> NO
A50: Art 49 c 7 Ccnl 19-21 - Risp straord non utiliz anno corr. (6) | B50: F20Z | O50: 78 | P50: 81 | Q50: =B50 -> F20Z | R50: =IF(ISNUMBER(C50),ROUND(C50,0),0) -> 0
A51: Totale Decurtazioni | C51: =SUM(C50:C50) -> 0 | O51: ###
A52: Totale Straordinario (bilancio) | C52: =C48-C51 -> 0
A53: TOTALE GENERALE RISORSE | C53: =C44+C52 -> 0 | E53: TOTALE GENERALE IMPIEGHI EROGATI | G53: =G24+G49 -> 0
A55: (1) Tutti gli importi vanno indicati in euro e al netto degli oneri sociali (contributi ed IRAP) a carico del datore di lavoro
A56: (2) Nota bene: gli incrementi della retribuzione accessoria, in deroga al limite 2016, per le assunzioni a t.d. ai sensi dell’art. 1 del DL n. 80/2021 per l’attuazione di progetti PNRR, vanno indicati nelle risorse variabili alla voce F24O.
A57: (3) Indicare l’incremento della retribuzione accessoria, in deroga al limite 2016, per assunzioni a t.d. effettuate ai sensi dell’art.1 del DL n. 80/2021, il cui costo è incluso nel quadro economico del progetto con relativo rimborso a carico
A58: delle risorse del PNRR.
A59: (4) Ricomprendere in questa voce anche gli incentivi ex art. 113 del DLgs n. 50/2016 di competenza dell’anno di rilevazione.
A60: (5) Escluse le poste identificate in voci specifiche separate.
A61: (6) Secondo le indicazioni dell'articolo 49, comma 7 del Ccnl 9 maggio 2022, l'eventuale quota di straordinario non utilizzata nell'anno confluisce nel fondo dell'anno di riferimento, non determinando pertanto, in quanto giroconto
A62: a saldo neutrale, incrementi soggetti a verifica del limite 2016. Ai fini del corretto funzionamento delle verifiche del limite, risulta quindi necessario decurtare le risorse destinate allo straordinario del medesimo importo (voce F20Z).

Sheet SICI(1)
G1: SQUADRATURA 5 | H1: 1F
A2: SCHEDA UNIFICATA EX ART. 40 BIS, COMMA 3 DEL D.LGS. N.165/2001: | G2: =IF(AND(ISBLANK($F$19),SUM('t15(1)'!$W:$W)+SUM('t15(1)'!$R:$R)>0),"Attenzione: è necessario compilare la domanda LEG428 !!!","OK") -> OK
A3: "SPECIFICHE INFORMAZIONI SULLA CONTRATTAZIONE INTEGRATIVA"
G4: INCONGRUENZA 16
G5: =IF(AND(ISBLANK(F13),),"OK",IF(AND(OR(ISBLANK(F13),YEAR(F13)>'t1'!L1-1)),"OK","Attenzione: almeno una data di certificazione è antececedente l'anno "&'t1'!L1&", è necessario giustificare")) -> OK
A6: ='t1'!$A$1 -> ENTI PUBBLICI NON ECONOMICI - anno 2024
D7: MACROCATEGORIA: DIRIGENTI DI I^ FASCIA | N7: Contatore
N8: =(COUNTIF(F:F,"<>"&"")+COUNTIF(D68,"<>"&"")+COUNTIF(D71,"<>"&"")) -> 0
A11: GEN | D11: FONDO RELATIVO ALL'ANNO DI RILEVAZIONE / TEMPISTICA DELLA C.I. | K11: Cod_sez | L11: Cod_dom | M11: Tipo_dom | N11: Dato
A13: GEN196 | B13: DATE | D13: Data di certificazione della costituzione del fondo/i specificamente riferita all'anno di rilevazione (art. 40-bis, c.1 del Dlgs 165/2001) | G13: =IF(AND(ISBLANK(F13),C13="x",$N$8>0),"Attenzione: domanda a risposta obbligatoria",IF(ISBLANK(F13),"",IF(AND(F13>=DATE('t1'!$L$1-2,1,1),F13<=TODAY()),"","Digitare una data non anteriore al 1 Gennaio "&'t1'!$L$1-1&" (gg/mm/aaaa)"))) | K13: =LEFT(A13,3) -> GEN | L13: =RIGHT(A13,3) -> 196 | M13: =B13 -> DATE | N13: =IF(AND(F13>=DATE('t1'!$L$1-1,1,1),F13<=TODAY()),"'"&DAY(F13)&"/"&MONTH(F13)&"/"&YEAR(F13),"")
A15: GEN195 | B15: INT | C15: x | D15: Annualità di ritardo nella certificazione del fondo/i contrattazione integrativa alla compilazione/rettifica della presente scheda (0=almeno costituzione fondo/i anno rilevazione certif.; 1=almeno costituzione fondo/i anno precedente certif. ecc.) | G15: =IF(AND(ISBLANK(F15),C15="x",$N$8>0),"Attenzione: domanda a risposta obbligatoria",IF(AND(SUM(F9:F13)>0,G1="ok",F15>0),"Attenzione, dato incoerente",IF(ISBLANK(F15),"",IF(ISNUMBER(F15),IF(F15-INT(F15)=0,""," Errore ! Inserire un numero intero senza decimali")," Errore ! Inserire un numero intero senza decimali")))) | K15: =LEFT(A15,3) -> GEN | L15: =RIGHT(A15,3) -> 195 | M15: =B15 -> INT | N15: =IF(ISNUMBER(F15),ROUND(F15,0),"")
A17: LEG | D17: RISPETTO DI SPECIFICI LIMITI DI LEGGE
A19: LEG428 | B19: INT | C19: x | D19: Importo del limite 2016 riferito alla presente macrocategoria (euro) | G19: =IF(AND(ISBLANK(F19),C19="x",$N$8>0),"Attenzione: domanda a risposta obbligatoria",IF(ISBLANK(F19),"",IF(ISNUMBER(F19),IF(F19-INT(F19)=0,""," Errore ! Inserire un numero intero senza decimali")," Errore ! Inserire un numero intero senza decimali"))) | K19: =LEFT(A19,3) -> LEG | L19: =RIGHT(A19,3) -> 428 | M19: =B19 -> INT | N19: =IF(ISNUMBER(F19),ROUND(F19,0),"")
A21: LEG398 | B21: INT | D21: Totale risorse della tabella 15 (e, ove previste, anche della sezione LEG della scheda SICI) della presente macro-categoria non rilevanti ai fini della verifica del limite art. 23 c. 2 Dlgs 75/2017 (euro) | G21: =IF(AND(ISBLANK(F21),C21="x",$N$8>0),"Attenzione: domanda a risposta obbligatoria",IF(ISBLANK(F21),"",IF(ISNUMBER(F21),IF(F21-INT(F21)=0,""," Errore ! Inserire un numero intero senza decimali")," Errore ! Inserire un numero intero senza decimali"))) | K21: =LEFT(A21,3) -> LEG | L21: =RIGHT(A21,3) -> 398 | M21: =B21 -> INT | N21: =IF(ISNUMBER(F21),ROUND(F21,0),"")
A23: ORG | D23: ORGANIZZAZIONE E INCARICHI
A25: ORG431 | B25: INT | D25: Numero complessivo di funzioni dirigenziali di I^ fascia previste nell'ordinamento | G25: =IF(AND(ISBLANK(F25),C25="x",$N$8>0),"Attenzione: domanda a risposta obbligatoria",IF(ISBLANK(F25),"",IF(ISNUMBER(F25),IF(F25-INT(F25)=0,""," Errore ! Inserire un numero intero senza decimali")," Errore ! Inserire un numero intero senza decimali"))) | K25: =LEFT(A25,3) -> ORG | L25: =RIGHT(A25,3) -> 431 | M25: =B25 -> INT | N25: =IF(ISNUMBER(F25),ROUND(F25,0),"")
A27: ORG268 | B27: INT | D27: Numero di posizioni dirigenziali effettivamente coperte alla data del 31.12 dell'anno di rilevazione per la fascia più elevata | G27: =IF(AND(ISBLANK(F27),C27="x",$N$8>0),"Attenzione: domanda a risposta obbligatoria",IF(ISBLANK(F27),"",IF(ISNUMBER(F27),IF(F27-INT(F27)=0,""," Errore ! Inserire un numero intero senza decimali")," Errore ! Inserire un numero intero senza decimali"))) | K27: =LEFT(A27,3) -> ORG | L27: =RIGHT(A27,3) -> 268 | M27: =B27 -> INT | N27: =IF(ISNUMBER(F27),ROUND(F27,0),"")
A29: ORG136 | B29: INT | D29: Valore unitario su base annua della retribuzione di posizione previsto per la fascia più elevata (euro) | G29: =IF(AND(ISBLANK(F29),C29="x",$N$8>0),"Attenzione: domanda a risposta obbligatoria",IF(ISBLANK(F29),"",IF(ISNUMBER(F29),IF(F29-INT(F29)=0,""," Errore ! Inserire un numero intero senza decimali")," Errore ! Inserire un numero intero senza decimali"))) | K29: =LEFT(A31,3) -> ORG | L29: =RIGHT(A29,3) -> 136 | M29: =B31 -> INT | N29: =IF(ISNUMBER(F29),ROUND(F29,0),"")
A31: ORG269 | B31: INT | D31: Numero di posizioni dirigenziali effettivamente coperte alla data del 31.12 dell'anno di rilevazione per la fascia meno elevata | G31: =IF(AND(ISBLANK(F31),C31="x",$N$8>0),"Attenzione: domanda a risposta obbligatoria",IF(ISBLANK(F31),"",IF(ISNUMBER(F31),IF(F31-INT(F31)=0,""," Errore ! Inserire un numero intero senza decimali")," Errore ! Inserire un numero intero senza decimali"))) | K31: =LEFT(A35,3) -> ORG | L31: =RIGHT(A31,3) -> 269 | M31: =B35 -> INT | N31: =IF(ISNUMBER(F31),ROUND(F31,0),"")
A33: ORG179 | B33: INT | D33: Valore unitario su base annua della retribuzione di posizione previsto per la fascia meno elevata (euro) | G33: =IF(AND(ISBLANK(F33),C33="x",$N$8>0),"Attenzione: domanda a risposta obbligatoria",IF(ISBLANK(F33),"",IF(ISNUMBER(F33),IF(F33-INT(F33)=0,""," Errore ! Inserire un numero intero senza decimali")," Errore ! Inserire un numero intero senza decimali"))) | K33: =LEFT(A29,3) -> ORG | L33: =RIGHT(A33,3) -> 179 | M33: =B29 -> INT | N33: =IF(ISNUMBER(F33),ROUND(F33,0),"")
A35: ORG270 | B35: INT | D35: Numero di posizioni dirigenziali effettivamente coperte alla data del 31.12 dell'anno di rilevazione per le restanti fasce | G35: =IF(AND(ISBLANK(F35),C35="x",$N$8>0),"Attenzione: domanda a risposta obbligatoria",IF(ISBLANK(F35),"",IF(ISNUMBER(F35),IF(F35-INT(F35)=0,""," Errore ! Inserire un numero intero senza decimali")," Errore ! Inserire un numero intero senza decimali"))) | K35: =LEFT(A33,3) -> ORG | L35: =RIGHT(A35,3) -> 270 | M35: =B33 -> INT | N35: =IF(ISNUMBER(F35),ROUND(F35,0),"")
A37: ORG161 | B37: INT | D37: Valore unitario su base annua della retribuzione di posizione previsto per le restanti fasce (valore medio in euro) | G37: =IF(AND(ISBLANK(F37),C37="x",$N$8>0),"Attenzione: domanda a risposta obbligatoria",IF(ISBLANK(F37),"",IF(ISNUMBER(F37),IF(F37-INT(F37)=0,""," Errore ! Inserire un numero intero senza decimali")," Errore ! Inserire un numero intero senza decimali"))) | K37: =LEFT(A37,3) -> ORG | L37: =RIGHT(A37,3) -> 161 | M37: =B37 -> INT | N37: =IF(ISNUMBER(F37),ROUND(F37,0),"")
A39: ORG271 | B39: INT | D39: Numero di posizioni dirigenziali effettivamente coperte alla data del 31.12 dell'anno di rilevazione con incarico ad interim | G39: =IF(AND(ISBLANK(F39),C39="x",$N$8>0),"Attenzione: domanda a risposta obbligatoria",IF(ISBLANK(F39),"",IF(ISNUMBER(F39),IF(F39-INT(F39)=0,""," Errore ! Inserire un numero intero senza decimali")," Errore ! Inserire un numero intero senza decimali"))) | K39: =LEFT(A39,3) -> ORG | L39: =RIGHT(A39,3) -> 271 | M39: =B39 -> INT | N39: =IF(ISNUMBER(F39),ROUND(F39,0),"")
A41: ORG272 | B41: INT | D41: Valore medio su base annua della retribuzione per gli incarichi dirigenziali ad interim (risultato in euro) | G41: =IF(AND(ISBLANK(F41),C41="x",$N$8>0),"Attenzione: domanda a risposta obbligatoria",IF(ISBLANK(F41),"",IF(ISNUMBER(F41),IF(F41-INT(F41)=0,""," Errore ! Inserire un numero intero senza decimali")," Errore ! Inserire un numero intero senza decimali"))) | K41: =LEFT(A41,3) -> ORG | L41: =RIGHT(A41,3) -> 272 | M41: =B41 -> INT | N41: =IF(ISNUMBER(F41),ROUND(F41,0),"")
A43: PRD | D43: PERFORMANCE / RISULTATO
A45: PRD137 | B45: INT | D45: Importo totale della retribuzione di risultato erogata a valere sul fondo dell'anno di rilevazione (euro) | G45: =IF(AND(ISBLANK(F45),C45="x",$N$8>0),"Attenzione: domanda a risposta obbligatoria",IF(ISBLANK(F45),"",IF(ISNUMBER(F45),IF(F45-INT(F45)=0,""," Errore ! Inserire un numero intero senza decimali")," Errore ! Inserire un numero intero senza decimali"))) | K45: =LEFT(A45,3) -> PRD | L45: =RIGHT(A45,3) -> 137 | M45: =B45 -> INT | N45: =IF(ISNUMBER(F45),ROUND(F45,0),"")
A47: PRD115 | B47: INT | D47: Importo totale della retribuzione di risultato non erogata a seguito della valutazione non piena con riferimento al fondo dell'anno di rilevazione (euro) | G47: =IF(AND(ISBLANK(F47),C47="x",$N$8>0),"Attenzione: domanda a risposta obbligatoria",IF(ISBLANK(F47),"",IF(ISNUMBER(F47),IF(F47-INT(F47)=0,""," Errore ! Inserire un numero intero senza decimali")," Errore ! Inserire un numero intero senza decimali"))) | K47: =LEFT(A47,3) -> PRD | L47: =RIGHT(A47,3) -> 115 | M47: =B47 -> INT | N47: =IF(ISNUMBER(F47),ROUND(F47,0),"")
A49: WLF | D49: WELFARE INTEGRATIVO | G49: =IF(AND(LEN(F49)=1,OR(UPPER(F49)="N",UPPER(F49)="S")),"",IF(ISBLANK(F49),""," Errore ! Inserire S o N"))
A51: WLF529 | B51: INT | D51: Disponibilità anno di rilevazione per la concessione di benefici di welfare al netto degli eventuali utilizzi a carico del fondo per la retribuzione di posizione e risultato (euro) | G51: =IF(AND(ISBLANK(F51),C51="x",$N$8>0),"Attenzione: domanda a risposta obbligatoria",IF(ISBLANK(F51),"",IF(ISNUMBER(F51),IF(F51-INT(F51)=0,""," Errore ! Inserire un numero intero senza decimali")," Errore ! Inserire un numero intero senza decimali"))) | K51: =LEFT(A51,3) -> WLF | L51: =RIGHT(A51,3) -> 529 | M51: =B51 -> INT | N51: =IF(ISNUMBER(F51),ROUND(F51,0),"")
A53: WLF467 | B53: INT | D53: Welfare integrativo anno di rilevazione - Iniziative di sostegno al reddito della famiglia effettivamente erogate (euro) | G53: =IF(AND(ISBLANK(F53),C53="x",$N$8>0),"Attenzione: domanda a risposta obbligatoria",IF(ISBLANK(F53),"",IF(ISNUMBER(F53),IF(F53-INT(F53)=0,""," Errore ! Inserire un numero intero senza decimali")," Errore ! Inserire un numero intero senza decimali"))) | K53: =LEFT(A53,3) -> WLF | L53: =RIGHT(A53,3) -> 467 | M53: =B53 -> INT | N53: =IF(ISNUMBER(F53),ROUND(F53,0),"")
A55: WLF468 | B55: INT | D55: Welfare integrativo anno di rilevazione - Supporto all'istruzione e promozione del merito dei figli effettivamente erogate (euro) | G55: =IF(AND(ISBLANK(F55),C55="x",$N$8>0),"Attenzione: domanda a risposta obbligatoria",IF(ISBLANK(F55),"",IF(ISNUMBER(F55),IF(F55-INT(F55)=0,""," Errore ! Inserire un numero intero senza decimali")," Errore ! Inserire un numero intero senza decimali"))) | K55: =LEFT(A55,3) -> WLF | L55: =RIGHT(A55,3) -> 468 | M55: =B55 -> INT | N55: =IF(ISNUMBER(F55),ROUND(F55,0),"")
A57: WLF469 | B57: INT | D57: Welfare integrativo anno di rilevazione - Contributi a favore di attività culturali, ricreative e con finalità sociale effettivamente erogate (euro) | G57: =IF(AND(ISBLANK(F57),C57="x",$N$8>0),"Attenzione: domanda a risposta obbligatoria",IF(ISBLANK(F57),"",IF(ISNUMBER(F57),IF(F57-INT(F57)=0,""," Errore ! Inserire un numero intero senza decimali")," Errore ! Inserire un numero intero senza decimali"))) | K57: =LEFT(A57,3) -> WLF | L57: =RIGHT(A57,3) -> 469 | M57: =B57 -> INT | N57: =IF(ISNUMBER(F57),ROUND(F57,0),"")
A59: WLF520 | B59: INT | D59: Welfare integrativo anno di rilevazione - Prestiti a favore di dipendenti in difficoltà ad accedere ai canali ordinari del credito bancario o che si trovino nella necessità di affrontare spese non differibili effettivamente erogati (euro) | G59: =IF(AND(ISBLANK(F59),C59="x",$N$8>0),"Attenzione: domanda a risposta obbligatoria",IF(ISBLANK(F59),"",IF(ISNUMBER(F59),IF(F59-INT(F59)=0,""," Errore ! Inserire un numero intero senza decimali")," Errore ! Inserire un numero intero senza decimali"))) | K59: =LEFT(A59,3) -> WLF | L59: =RIGHT(A59,3) -> 520 | M59: =B59 -> INT | N59: =IF(ISNUMBER(F59),ROUND(F59,0),"")
A61: WLF471 | B61: INT | D61: Welfare integrativo anno di rilevazione - Polizze sanitarie integrative effettivamente erogate (euro) | G61: =IF(AND(ISBLANK(F61),C61="x",$N$8>0),"Attenzione: domanda a risposta obbligatoria",IF(ISBLANK(F61),"",IF(ISNUMBER(F61),IF(F61-INT(F61)=0,""," Errore ! Inserire un numero intero senza decimali")," Errore ! Inserire un numero intero senza decimali"))) | K61: =LEFT(A61,3) -> WLF | L61: =RIGHT(A61,3) -> 471 | M61: =B61 -> INT | N61: =IF(ISNUMBER(F61),ROUND(F61,0),"")
A63: WLF521 | B63: INT | D63: Welfare integrativo anno di rilevazione - Altre categorie di beni e servizi che in base alle vigenti norme fiscali non concorrono a formare reddito di lavoro dipendente effettivamente erogate (euro) | G63: =IF(AND(ISBLANK(F63),C63="x",$N$8>0),"Attenzione: domanda a risposta obbligatoria",IF(ISBLANK(F63),"",IF(ISNUMBER(F63),IF(F63-INT(F63)=0,""," Errore ! Inserire un numero intero senza decimali")," Errore ! Inserire un numero intero senza decimali"))) | K63: =LEFT(A63,3) -> WLF | L63: =RIGHT(A63,3) -> 521 | M63: =B63 -> INT | N63: =IF(ISNUMBER(F63),ROUND(F63,0),"")
A65: INF | D65: INFORMAZIONI / CHIARIMENTI
A67: INF209 | B67: NOTE | D67: Informazioni/chiarimenti da parte dell'Organo di controllo (max 1.500 caratteri) | K67: =LEFT(A67,3) -> INF | L67: =RIGHT(A67,3) -> 209 | M67: =B67 -> NOTE | N67: =IF(ISBLANK(D68),"",LEFT(D68,1500))
G68: =IF(LEN(D68)>1500,"Attenzione, è stato superato il numero massimo di 1500 caratteri","")
A70: INF127 | B70: NOTE | D70: Informazioni/chiarimenti da parte dell'Amministrazione (max 1.500 caratteri) | K70: =LEFT(A70,3) -> INF | L70: =RIGHT(A70,3) -> 127 | M70: =B70 -> NOTE | N70: =IF(ISBLANK(D71),"",LEFT(D71,1500))
G71: =IF(LEN(D71)>1500,"Attenzione, è stato superato il numero massimo di 1500 caratteri","") | K71: ###

Sheet SICI(2)
G1: SQUADRATURA 5 | H1: 2F
A2: SCHEDA UNIFICATA EX ART. 40 BIS, COMMA 3 DEL D.LGS. N.165/2001: | G2: =IF(AND(ISBLANK($F$23),SUM('t15(2)'!$W:$W)+SUM('t15(2)'!$R:$R)>0),"Attenzione: è necessario compilare la domanda LEG428 !!!","OK") -> OK
A3: "SPECIFICHE INFORMAZIONI SULLA CONTRATTAZIONE INTEGRATIVA"
G4: INCONGRUENZA 16
G5: =IF(AND(ISBLANK(F13),ISBLANK(F17)),"OK",IF(AND(OR(ISBLANK(F13),YEAR(F13)>'t1'!L1-1),OR(ISBLANK(F17),YEAR(F17)>'t1'!L1-1)),"OK","Attenzione: almeno una data di certificazione è antececedente l'anno "&'t1'!L1&", è necessario giustificare")) -> OK
A6: ='t1'!$A$1 -> ENTI PUBBLICI NON ECONOMICI - anno 2024
D7: MACROCATEGORIA: DIRIGENTI DI II^ FASCIA | N7: Contatore
N8: =(COUNTIF(F:F,"<>"&"")+COUNTIF(D82,"<>"&"")+COUNTIF(D85,"<>"&"")) -> 0
A11: GEN | D11: FONDO RELATIVO ALL'ANNO DI RILEVAZIONE / TEMPISTICA DELLA C.I. | K11: Cod_sez | L11: Cod_dom | M11: Tipo_dom | N11: Dato
A13: GEN353 | B13: DATE | D13: In caso di certificazione disgiunta: data di certificazione della sola costituzione del fondo/i specificamente riferita all'anno di rilevazione (art. 40-bis, c.1 del Dlgs 165/2001) | G13: =IF(AND(ISBLANK(F13),C13="x",$N$8>0),"Attenzione: domanda a risposta obbligatoria",IF(ISBLANK(F13),"",IF(AND(F13>=DATE('t1'!$L$1-2,1,1),F13<=TODAY()),"","Digitare una data non anteriore al 1 Gennaio "&'t1'!$L$1-1&" (gg/mm/aaaa)"))) | K13: =LEFT(A13,3) -> GEN | L13: =RIGHT(A13,3) -> 353 | M13: =B13 -> DATE | N13: =IF(AND(F13>=DATE('t1'!$L$1-1,1,1),F13<=TODAY()),"'"&DAY(F13)&"/"&MONTH(F13)&"/"&YEAR(F13),"")
A15: GEN354 | B15: DATE | D15: In caso di certificazione disgiunta: data di certificazione del solo contratto integrativo economico specificamente riferito al fondo/i dell'anno di rilevazione, sulla base di certificazione costituzione fondo effettuata in precedenza (art. 40-bis, c.1 del Dlgs 165/2001) | G15: =IF(AND(ISBLANK(F15),C15="x",$N$8>0),"Attenzione: domanda a risposta obbligatoria",IF(ISBLANK(F15),"",IF(AND(F15>=DATE('t1'!$L$1-2,1,1),F15<=TODAY()),"","Digitare una data non anteriore al 1 Gennaio "&'t1'!$L$1-1&" (gg/mm/aaaa)"))) | K15: =LEFT(A15,3) -> GEN | L15: =RIGHT(A15,3) -> 354 | M15: =B15 -> DATE | N15: =IF(AND(F15>=DATE('t1'!$L$1-1,1,1),F15<=TODAY()),"'"&DAY(F15)&"/"&MONTH(F15)&"/"&YEAR(F15),"")
A17: GEN355 | B17: DATE | D17: In caso di certificazione congiunta: data di certificazione tanto della costituzione del fondo che del contratto integrativo economico specificamente riferito al fondo/i dell'anno di rilevazione (art. 40-bis, c.1 del Dlgs 165/2001) | G17: =IF(AND(ISBLANK(F17),C17="x",$N$8>0),"Attenzione: domanda a risposta obbligatoria",IF(ISBLANK(F17),"",IF(AND(F17>=DATE('t1'!$L$1-2,1,1),F17<=TODAY()),"","Digitare una data non anteriore al 1 Gennaio "&'t1'!$L$1-1&" (gg/mm/aaaa)"))) | K17: =LEFT(A17,3) -> GEN | L17: =RIGHT(A17,3) -> 355 | M17: =B17 -> DATE | N17: =IF(AND(F17>=DATE('t1'!$L$1-1,1,1),F17<=TODAY()),"'"&DAY(F17)&"/"&MONTH(F17)&"/"&YEAR(F17),"")
A19: GEN195 | B19: INT | C19: x | D19: Annualità di ritardo nella certificazione del fondo/i contrattazione integrativa alla compilazione/rettifica della presente scheda (0=almeno costituzione fondo/i anno rilevazione certif.; 1=almeno costituzione fondo/i anno precedente certif. ecc.) | G19: =IF(AND(ISBLANK(F19),C19="x",$N$8>0),"Attenzione: domanda a risposta obbligatoria",IF(AND(SUM(F13:F17)>0,G5="ok",F19>0),"Attenzione, dato incoerente",IF(ISBLANK(F19),"",IF(ISNUMBER(F19),IF(F19-INT(F19)=0,""," Errore ! Inserire un numero intero senza decimali")," Errore ! Inserire un numero intero senza decimali")))) | K19: =LEFT(A19,3) -> GEN | L19: =RIGHT(A19,3) -> 195 | M19: =B19 -> INT | N19: =IF(ISNUMBER(F19),ROUND(F19,0),"")
A21: LEG | D21: RISPETTO DI SPECIFICI LIMITI DI LEGGE
A23: LEG428 | B23: INT | C23: x | D23: Importo del limite 2016 riferito alla presente macrocategoria (euro) | G23: =IF(AND(ISBLANK(F23),C23="x",$N$8>0),"Attenzione: domanda a risposta obbligatoria",IF(ISBLANK(F23),"",IF(ISNUMBER(F23),IF(F23-INT(F23)=0,""," Errore ! Inserire un numero intero senza decimali")," Errore ! Inserire un numero intero senza decimali"))) | K23: =LEFT(A23,3) -> LEG | L23: =RIGHT(A23,3) -> 428 | M23: =B23 -> INT | N23: =IF(ISNUMBER(F23),ROUND(F23,0),"")
A25: LEG398 | B25: INT | D25: Totale risorse della tabella 15 (e, ove previste, anche della sezione LEG della scheda SICI) della presente macro-categoria non rilevanti ai fini della verifica del limite art. 23 c. 2 Dlgs 75/2017 (euro) | G25: =IF(AND(ISBLANK(F25),C25="x",$N$8>0),"Attenzione: domanda a risposta obbligatoria",IF(ISBLANK(F25),"",IF(ISNUMBER(F25),IF(F25-INT(F25)=0,""," Errore ! Inserire un numero intero senza decimali")," Errore ! Inserire un numero intero senza decimali"))) | K25: =LEFT(A25,3) -> LEG | L25: =RIGHT(A25,3) -> 398 | M25: =B25 -> INT | N25: =IF(ISNUMBER(F25),ROUND(F25,0),"")
A27: ORG | D27: ORGANIZZAZIONE E INCARICHI
A29: ORG189 | B29: INT | D29: Numero complessivo di funzioni dirigenziali di II^ fascia previste nell'ordinamento | G29: =IF(AND(ISBLANK(F29),C29="x",$N$8>0),"Attenzione: domanda a risposta obbligatoria",IF(ISBLANK(F29),"",IF(ISNUMBER(F29),IF(F29-INT(F29)=0,""," Errore ! Inserire un numero intero senza decimali")," Errore ! Inserire un numero intero senza decimali"))) | K29: =LEFT(A29,3) -> ORG | L29: =RIGHT(A29,3) -> 189 | M29: =B29 -> INT | N29: =IF(ISNUMBER(F29),ROUND(F29,0),"")
A31: ORG268 | B31: INT | D31: Numero di posizioni dirigenziali effettivamente coperte alla data del 31.12 dell'anno di rilevazione per la fascia più elevata | G31: =IF(AND(ISBLANK(F31),C31="x",$N$8>0),"Attenzione: domanda a risposta obbligatoria",IF(ISBLANK(F31),"",IF(ISNUMBER(F31),IF(F31-INT(F31)=0,""," Errore ! Inserire un numero intero senza decimali")," Errore ! Inserire un numero intero senza decimali"))) | K31: =LEFT(A31,3) -> ORG | L31: =RIGHT(A31,3) -> 268 | M31: =B31 -> INT | N31: =IF(ISNUMBER(F31),ROUND(F31,0),"")
A33: ORG136 | B33: INT | D33: Valore unitario su base annua della retribuzione di posizione previsto per la fascia più elevata (euro) | G33: =IF(AND(ISBLANK(F33),C33="x",$N$8>0),"Attenzione: domanda a risposta obbligatoria",IF(ISBLANK(F33),"",IF(ISNUMBER(F33),IF(F33-INT(F33)=0,""," Errore ! Inserire un numero intero senza decimali")," Errore ! Inserire un numero intero senza decimali"))) | K33: =LEFT(A35,3) -> ORG | L33: =RIGHT(A33,3) -> 136 | M33: =B35 -> INT | N33: =IF(ISNUMBER(F33),ROUND(F33,0),"")
A35: ORG269 | B35: INT | D35: Numero di posizioni dirigenziali effettivamente coperte alla data del 31.12 dell'anno di rilevazione per la fascia meno elevata | G35: =IF(AND(ISBLANK(F35),C35="x",$N$8>0),"Attenzione: domanda a risposta obbligatoria",IF(ISBLANK(F35),"",IF(ISNUMBER(F35),IF(F35-INT(F35)=0,""," Errore ! Inserire un numero intero senza decimali")," Errore ! Inserire un numero intero senza decimali"))) | K35: =LEFT(A39,3) -> ORG | L35: =RIGHT(A35,3) -> 269 | M35: =B39 -> INT | N35: =IF(ISNUMBER(F35),ROUND(F35,0),"")
A37: ORG179 | B37: INT | D37: Valore unitario su base annua della retribuzione di posizione previsto per la fascia meno elevata (euro) | G37: =IF(AND(ISBLANK(F37),C37="x",$N$8>0),"Attenzione: domanda a risposta obbligatoria",IF(ISBLANK(F37),"",IF(ISNUMBER(F37),IF(F37-INT(F37)=0,""," Errore ! Inserire un numero intero senza decimali")," Errore ! Inserire un numero intero senza decimali"))) | K37: =LEFT(A33,3) -> ORG | L37: =RIGHT(A37,3) -> 179 | M37: =B33 -> INT | N37: =IF(ISNUMBER(F37),ROUND(F37,0),"")
A39: ORG270 | B39: INT | D39: Numero di posizioni dirigenziali effettivamente coperte alla data del 31.12 dell'anno di rilevazione per le restanti fasce | G39: =IF(AND(ISBLANK(F39),C39="x",$N$8>0),"Attenzione: domanda a risposta obbligatoria",IF(ISBLANK(F39),"",IF(ISNUMBER(F39),IF(F39-INT(F39)=0,""," Errore ! Inserire un numero intero senza decimali")," Errore ! Inserire un numero intero senza decimali"))) | K39: =LEFT(A37,3) -> ORG | L39: =RIGHT(A39,3) -> 270 | M39: =B37 -> INT | N39: =IF(ISNUMBER(F39),ROUND(F39,0),"")
A41: ORG161 | B41: INT | D41: Valore unitario su base annua della retribuzione di posizione previsto per le restanti fasce (valore medio in euro) | G41: =IF(AND(ISBLANK(F41),C41="x",$N$8>0),"Attenzione: domanda a risposta obbligatoria",IF(ISBLANK(F41),"",IF(ISNUMBER(F41),IF(F41-INT(F41)=0,""," Errore ! Inserire un numero intero senza decimali")," Errore ! Inserire un numero intero senza decimali"))) | K41: =LEFT(A41,3) -> ORG | L41: =RIGHT(A41,3) -> 161 | M41: =B41 -> INT | N41: =IF(ISNUMBER(F41),ROUND(F41,0),"")
A43: ORG271 | B43: INT | D43: Numero di posizioni dirigenziali effettivamente coperte alla data del 31.12 dell'anno di rilevazione con incarico ad interim | G43: =IF(AND(ISBLANK(F43),C43="x",$N$8>0),"Attenzione: domanda a risposta obbligatoria",IF(ISBLANK(F43),"",IF(ISNUMBER(F43),IF(F43-INT(F43)=0,""," Errore ! Inserire un numero intero senza decimali")," Errore ! Inserire un numero intero senza decimali"))) | K43: =LEFT(A43,3) -> ORG | L43: =RIGHT(A43,3) -> 271 | M43: =B43 -> INT | N43: =IF(ISNUMBER(F43),ROUND(F43,0),"")
A45: ORG272 | B45: INT | D45: Valore medio su base annua della retribuzione per gli incarichi dirigenziali ad interim (risultato in euro) | G45: =IF(AND(ISBLANK(F45),C45="x",$N$8>0),"Attenzione: domanda a risposta obbligatoria",IF(ISBLANK(F45),"",IF(ISNUMBER(F45),IF(F45-INT(F45)=0,""," Errore ! Inserire un numero intero senza decimali")," Errore ! Inserire un numero intero senza decimali"))) | K45: =LEFT(A45,3) -> ORG | L45: =RIGHT(A45,3) -> 272 | M45: =B45 -> INT | N45: =IF(ISNUMBER(F45),ROUND(F45,0),"")
A47: PRD | D47: PERFORMANCE / RISULTATO
A49: PRD137 | B49: INT | D49: Importo totale della retribuzione di risultato erogata a valere sul fondo dell'anno di rilevazione (euro) | G49: =IF(AND(ISBLANK(F49),C49="x",$N$8>0),"Attenzione: domanda a risposta obbligatoria",IF(ISBLANK(F49),"",IF(ISNUMBER(F49),IF(F49-INT(F49)=0,""," Errore ! Inserire un numero intero senza decimali")," Errore ! Inserire un numero intero senza decimali"))) | K49: =LEFT(A49,3) -> PRD | L49: =RIGHT(A49,3) -> 137 | M49: =B49 -> INT | N49: =IF(ISNUMBER(F49),ROUND(F49,0),"")
A51: PRD115 | B51: INT | D51: Importo totale della retribuzione di risultato non erogata a seguito della valutazione non piena con riferimento al fondo dell'anno di rilevazione (euro) | G51: =IF(AND(ISBLANK(F51),C51="x",$N$8>0),"Attenzione: domanda a risposta obbligatoria",IF(ISBLANK(F51),"",IF(ISNUMBER(F51),IF(F51-INT(F51)=0,""," Errore ! Inserire un numero intero senza decimali")," Errore ! Inserire un numero intero senza decimali"))) | K51: =LEFT(A51,3) -> PRD | L51: =RIGHT(A51,3) -> 115 | M51: =B51 -> INT | N51: =IF(ISNUMBER(F51),ROUND(F51,0),"")
A53: PRD480 | B53: FLAG | D53: Differenziazione della retribuzione di risultato - La contrattazione integrativa ha preventivamente definito la limitata quota massima di personale valutato cui attribuire la maggiorazione (S/N)? | G53: =IF(AND(ISBLANK(F53),C53="x",$N$8>0),"Attenzione: domanda a risposta obbligatoria",IF(ISBLANK(F53),"",IF(AND(LEN(F53)=1,OR(UPPER(F53)="N",UPPER(F53)="S")),"",IF(ISBLANK(F53),""," Errore ! Inserire S o N")))) | K53: =LEFT(A53,3) -> PRD | L53: =RIGHT(A53,3) -> 480 | M53: =B53 -> FLAG | N53: =IF(AND(LEN(F53)=1,OR(UPPER(F53)="N",UPPER(F53)="S")),UPPER(F53),"")
A55: PRD481 | B55: INT | D55: Differenziazione della retribuzione di risultato - Numero dipendenti ai quali è stata erogata la maggiorazione con riferimento a prestazioni rese nell'anno di rilevazione (unità) | G55: =IF(AND(ISBLANK(F55),C55="x",$N$8>0),"Attenzione: domanda a risposta obbligatoria",IF(ISBLANK(F55),"",IF(ISNUMBER(F55),IF(F55-INT(F55)=0,""," Errore ! Inserire un numero intero senza decimali")," Errore ! Inserire un numero intero senza decimali"))) | K55: =LEFT(A55,3) -> PRD | L55: =RIGHT(A55,3) -> 481 | M55: =B55 -> INT | N55: =IF(ISNUMBER(F55),ROUND(F55,0),"")
A57: PRD482 | B57: INT | D57: Differenziazione della retribuzione di risultato - Valore medio individuale della maggiorazione erogata con riferimento a prestazioni rese nell'anno di rilevazione (euro) | G57: =IF(AND(ISBLANK(F57),C57="x",$N$8>0),"Attenzione: domanda a risposta obbligatoria",IF(ISBLANK(F57),"",IF(ISNUMBER(F57),IF(F57-INT(F57)=0,""," Errore ! Inserire un numero intero senza decimali")," Errore ! Inserire un numero intero senza decimali"))) | K57: =LEFT(A57,3) -> PRD | L57: =RIGHT(A57,3) -> 482 | M57: =B57 -> INT | N57: =IF(ISNUMBER(F57),ROUND(F57,0),"")
A59: PRD541 | B59: FLAG | D59: Differenziazione retribuzione di risultato/premio individuale - Nel contratto integrativo sono stati previsti criteri per dirimere eventuali situazioni di ex aequo? | G59: =IF(AND(ISBLANK(F59),C59="x",$N$8>0),"Attenzione: domanda a risposta obbligatoria",IF(ISBLANK(F59),"",IF(AND(LEN(F59)=1,OR(UPPER(F59)="N",UPPER(F59)="S")),"",IF(ISBLANK(F59),""," Errore ! Inserire S o N")))) | K59: =LEFT(A59,3) -> PRD | L59: =RIGHT(A59,3) -> 541 | M59: =B59 -> FLAG | N59: =IF(AND(LEN(F59)=1,OR(UPPER(F59)="N",UPPER(F59)="S")),UPPER(F59),"")
A61: PRD542 | B61: FLAG | D61: Differenziazione retribuzione di risultato/premio individuale - Se sì, sono stati previsti i criteri meritocratici richiesti dalla norma diversi dalla anzianità di servizio e/o dall’età anagrafica? | G61: =IF(AND(ISBLANK(F61),C61="x",$N$8>0),"Attenzione: domanda a risposta obbligatoria",IF(ISBLANK(F61),"",IF(AND(LEN(F61)=1,OR(UPPER(F61)="N",UPPER(F61)="S")),"",IF(ISBLANK(F61),""," Errore ! Inserire S o N")))) | K61: =LEFT(A61,3) -> PRD | L61: =RIGHT(A61,3) -> 542 | M61: =B61 -> FLAG | N61: =IF(AND(LEN(F61)=1,OR(UPPER(F61)="N",UPPER(F61)="S")),UPPER(F61),"")
A63: WLF | D63: WELFARE INTEGRATIVO | G63: =IF(AND(LEN(F63)=1,OR(UPPER(F63)="N",UPPER(F63)="S")),"",IF(ISBLANK(F63),""," Errore ! Inserire S o N"))
A65: WLF529 | B65: INT | D65: Disponibilità anno di rilevazione per la concessione di benefici di welfare al netto degli eventuali utilizzi a carico del fondo per la retribuzione di posizione e risultato (euro) | G65: =IF(AND(ISBLANK(F65),C65="x",$N$8>0),"Attenzione: domanda a risposta obbligatoria",IF(ISBLANK(F65),"",IF(ISNUMBER(F65),IF(F65-INT(F65)=0,""," Errore ! Inserire un numero intero senza decimali")," Errore ! Inserire un numero intero senza decimali"))) | K65: =LEFT(A65,3) -> WLF | L65: =RIGHT(A65,3) -> 529 | M65: =B65 -> INT | N65: =IF(ISNUMBER(F65),ROUND(F65,0),"")
A67: WLF467 | B67: INT | D67: Welfare integrativo anno di rilevazione - Iniziative di sostegno al reddito della famiglia effettivamente erogate (euro) | G67: =IF(AND(ISBLANK(F67),C67="x",$N$8>0),"Attenzione: domanda a risposta obbligatoria",IF(ISBLANK(F67),"",IF(ISNUMBER(F67),IF(F67-INT(F67)=0,""," Errore ! Inserire un numero intero senza decimali")," Errore ! Inserire un numero intero senza decimali"))) | K67: =LEFT(A67,3) -> WLF | L67: =RIGHT(A67,3) -> 467 | M67: =B67 -> INT | N67: =IF(ISNUMBER(F67),ROUND(F67,0),"")
A69: WLF468 | B69: INT | D69: Welfare integrativo anno di rilevazione - Supporto all'istruzione e promozione del merito dei figli effettivamente erogate (euro) | G69: =IF(AND(ISBLANK(F69),C69="x",$N$8>0),"Attenzione: domanda a risposta obbligatoria",IF(ISBLANK(F69),"",IF(ISNUMBER(F69),IF(F69-INT(F69)=0,""," Errore ! Inserire un numero intero senza decimali")," Errore ! Inserire un numero intero senza decimali"))) | K69: =LEFT(A69,3) -> WLF | L69: =RIGHT(A69,3) -> 468 | M69: =B69 -> INT | N69: =IF(ISNUMBER(F69),ROUND(F69,0),"")
A71: WLF469 | B71: INT | D71: Welfare integrativo anno di rilevazione - Contributi a favore di attività culturali, ricreative e con finalità sociale effettivamente erogate (euro) | G71: =IF(AND(ISBLANK(F71),C71="x",$N$8>0),"Attenzione: domanda a risposta obbligatoria",IF(ISBLANK(F71),"",IF(ISNUMBER(F71),IF(F71-INT(F71)=0,""," Errore ! Inserire un numero intero senza decimali")," Errore ! Inserire un numero intero senza decimali"))) | K71: =LEFT(A71,3) -> WLF | L71: =RIGHT(A71,3) -> 469 | M71: =B71 -> INT | N71: =IF(ISNUMBER(F71),ROUND(F71,0),"")
A73: WLF520 | B73: INT | D73: Welfare integrativo anno di rilevazione - Prestiti a favore di dipendenti in difficoltà ad accedere ai canali ordinari del credito bancario o che si trovino nella necessità di affrontare spese non differibili effettivamente erogati (euro) | G73: =IF(AND(ISBLANK(F73),C73="x",$N$8>0),"Attenzione: domanda a risposta obbligatoria",IF(ISBLANK(F73),"",IF(ISNUMBER(F73),IF(F73-INT(F73)=0,""," Errore ! Inserire un numero intero senza decimali")," Errore ! Inserire un numero intero senza decimali"))) | K73: =LEFT(A73,3) -> WLF | L73: =RIGHT(A73,3) -> 520 | M73: =B73 -> INT | N73: =IF(ISNUMBER(F73),ROUND(F73,0),"")
A75: WLF471 | B75: INT | D75: Welfare integrativo anno di rilevazione - Polizze sanitarie integrative effettivamente erogate (euro) | G75: =IF(AND(ISBLANK(F75),C75="x",$N$8>0),"Attenzione: domanda a risposta obbligatoria",IF(ISBLANK(F75),"",IF(ISNUMBER(F75),IF(F75-INT(F75)=0,""," Errore ! Inserire un numero intero senza decimali")," Errore ! Inserire un numero intero senza decimali"))) | K75: =LEFT(A75,3) -> WLF | L75: =RIGHT(A75,3) -> 471 | M75: =B75 -> INT | N75: =IF(ISNUMBER(F75),ROUND(F75,0),"")
A77: WLF521 | B77: INT | D77: Welfare integrativo anno di rilevazione - Altre categorie di beni e servizi che in base alle vigenti norme fiscali non concorrono a formare reddito di lavoro dipendente effettivamente erogate (euro) | G77: =IF(AND(ISBLANK(F77),C77="x",$N$8>0),"Attenzione: domanda a risposta obbligatoria",IF(ISBLANK(F77),"",IF(ISNUMBER(F77),IF(F77-INT(F77)=0,""," Errore ! Inserire un numero intero senza decimali")," Errore ! Inserire un numero intero senza decimali"))) | K77: =LEFT(A77,3) -> WLF | L77: =RIGHT(A77,3) -> 521 | M77: =B77 -> INT | N77: =IF(ISNUMBER(F77),ROUND(F77,0),"")
A79: INF | D79: INFORMAZIONI / CHIARIMENTI
A81: INF209 | B81: NOTE | D81: Informazioni/chiarimenti da parte dell'Organo di controllo (max 1.500 caratteri) | K81: =LEFT(A81,3) -> INF | L81: =RIGHT(A81,3) -> 209 | M81: =B81 -> NOTE | N81: =IF(ISBLANK(D82),"",LEFT(D82,1500))
G82: =IF(LEN(D82)>1500,"Attenzione, è stato superato il numero massimo di 1500 caratteri","")
A84: INF127 | B84: NOTE | D84: Informazioni/chiarimenti da parte dell'Amministrazione (max 1.500 caratteri) | K84: =LEFT(A84,3) -> INF | L84: =RIGHT(A84,3) -> 127 | M84: =B84 -> NOTE | N84: =IF(ISBLANK(D85),"",LEFT(D85,1500))
G85: =IF(LEN(D85)>1500,"Attenzione, è stato superato il numero massimo di 1500 caratteri","") | K85: ###

Sheet SICI(3)
G1: SQUADRATURA 5 | H1: ME
A2: SCHEDA UNIFICATA EX ART. 40 BIS, COMMA 3 DEL D.LGS. N.165/2001: | G2: =IF(AND(ISBLANK($F$23),SUM('t15(3)'!$W:$W)+SUM('t15(3)'!$R:$R)>0),"Attenzione: è necessario compilare la domanda LEG428 !!!","OK") -> OK
A3: "SPECIFICHE INFORMAZIONI SULLA CONTRATTAZIONE INTEGRATIVA"
G4: INCONGRUENZA 16
G5: =IF(AND(ISBLANK(F13),ISBLANK(F17)),"OK",IF(AND(OR(ISBLANK(F13),YEAR(F13)>'t1'!L1-1),OR(ISBLANK(F17),YEAR(F17)>'t1'!L1-1)),"OK","Attenzione: almeno una data di certificazione è antececedente l'anno "&'t1'!L1&", è necessario giustificare")) -> OK
A6: ='t1'!$A$1 -> ENTI PUBBLICI NON ECONOMICI - anno 2024
D7: MACROCATEGORIA: MEDICI | N7: Contatore
N8: =(COUNTIF(F:F,"<>"&"")+COUNTIF(D92,"<>"&"")+COUNTIF(D95,"<>"&"")) -> 0
A11: GEN | D11: FONDO RELATIVO ALL'ANNO DI RILEVAZIONE / TEMPISTICA DELLA C.I. | K11: Cod_sez | L11: Cod_dom | M11: Tipo_dom | N11: Dato
A13: GEN353 | B13: DATE | D13: In caso di certificazione disgiunta: data di certificazione della sola costituzione del fondo/i specificamente riferita all'anno di rilevazione (art. 40-bis, c.1 del Dlgs 165/2001) | G13: =IF(AND(ISBLANK(F13),C13="x",$N$8>0),"Attenzione: domanda a risposta obbligatoria",IF(ISBLANK(F13),"",IF(AND(F13>=DATE('t1'!$L$1-2,1,1),F13<=TODAY()),"","Digitare una data non anteriore al 1 Gennaio "&'t1'!$L$1-1&" (gg/mm/aaaa)"))) | K13: =LEFT(A13,3) -> GEN | L13: =RIGHT(A13,3) -> 353 | M13: =B13 -> DATE | N13: =IF(AND(F13>=DATE('t1'!$L$1-1,1,1),F13<=TODAY()),"'"&DAY(F13)&"/"&MONTH(F13)&"/"&YEAR(F13),"")
A15: GEN354 | B15: DATE | D15: In caso di certificazione disgiunta: data di certificazione del solo contratto integrativo economico specificamente riferito al fondo/i dell'anno di rilevazione, sulla base di certificazione costituzione fondo effettuata in precedenza (art. 40-bis, c.1 del Dlgs 165/2001) | G15: =IF(AND(ISBLANK(F15),C15="x",$N$8>0),"Attenzione: domanda a risposta obbligatoria",IF(ISBLANK(F15),"",IF(AND(F15>=DATE('t1'!$L$1-2,1,1),F15<=TODAY()),"","Digitare una data non anteriore al 1 Gennaio "&'t1'!$L$1-1&" (gg/mm/aaaa)"))) | K15: =LEFT(A15,3) -> GEN | L15: =RIGHT(A15,3) -> 354 | M15: =B15 -> DATE | N15: =IF(AND(F15>=DATE('t1'!$L$1-1,1,1),F15<=TODAY()),"'"&DAY(F15)&"/"&MONTH(F15)&"/"&YEAR(F15),"")
A17: GEN355 | B17: DATE | D17: In caso di certificazione congiunta: data di certificazione tanto della costituzione del fondo che del contratto integrativo economico specificamente riferito al fondo/i dell'anno di rilevazione (art. 40-bis, c.1 del Dlgs 165/2001) | G17: =IF(AND(ISBLANK(F17),C17="x",$N$8>0),"Attenzione: domanda a risposta obbligatoria",IF(ISBLANK(F17),"",IF(AND(F17>=DATE('t1'!$L$1-2,1,1),F17<=TODAY()),"","Digitare una data non anteriore al 1 Gennaio "&'t1'!$L$1-1&" (gg/mm/aaaa)"))) | K17: =LEFT(A17,3) -> GEN | L17: =RIGHT(A17,3) -> 355 | M17: =B17 -> DATE | N17: =IF(AND(F17>=DATE('t1'!$L$1-1,1,1),F17<=TODAY()),"'"&DAY(F17)&"/"&MONTH(F17)&"/"&YEAR(F17),"")
A19: GEN195 | B19: INT | C19: x | D19: Annualità di ritardo nella certificazione del fondo/i contrattazione integrativa alla compilazione/rettifica della presente scheda (0=almeno costituzione fondo/i anno rilevazione certif.; 1=almeno costituzione fondo/i anno precedente certif. ecc.) | G19: =IF(AND(ISBLANK(F19),C19="x",$N$8>0),"Attenzione: domanda a risposta obbligatoria",IF(AND(SUM(F13:F17)>0,G5="ok",F19>0),"Attenzione, dato incoerente",IF(ISBLANK(F19),"",IF(ISNUMBER(F19),IF(F19-INT(F19)=0,""," Errore ! Inserire un numero intero senza decimali")," Errore ! Inserire un numero intero senza decimali")))) | K19: =LEFT(A19,3) -> GEN | L19: =RIGHT(A19,3) -> 195 | M19: =B19 -> INT | N19: =IF(ISNUMBER(F19),ROUND(F19,0),"")
A21: LEG | D21: RISPETTO DI SPECIFICI LIMITI DI LEGGE
A23: LEG428 | B23: INT | C23: x | D23: Importo del limite 2016 riferito alla presente macrocategoria (euro) | G23: =IF(AND(ISBLANK(F23),C23="x",$N$8>0),"Attenzione: domanda a risposta obbligatoria",IF(ISBLANK(F23),"",IF(ISNUMBER(F23),IF(F23-INT(F23)=0,""," Errore ! Inserire un numero intero senza decimali")," Errore ! Inserire un numero intero senza decimali"))) | K23: =LEFT(A23,3) -> LEG | L23: =RIGHT(A23,3) -> 428 | M23: =B23 -> INT | N23: =IF(ISNUMBER(F23),ROUND(F23,0),"")
A25: LEG398 | B25: INT | D25: Totale risorse della tabella 15 (e, ove previste, anche della sezione LEG della scheda SICI) della presente macro-categoria non rilevanti ai fini della verifica del limite art. 23 c. 2 Dlgs 75/2017 (euro) | G25: =IF(AND(ISBLANK(F25),C25="x",$N$8>0),"Attenzione: domanda a risposta obbligatoria",IF(ISBLANK(F25),"",IF(ISNUMBER(F25),IF(F25-INT(F25)=0,""," Errore ! Inserire un numero intero senza decimali")," Errore ! Inserire un numero intero senza decimali"))) | K25: =LEFT(A25,3) -> LEG | L25: =RIGHT(A25,3) -> 398 | M25: =B25 -> INT | N25: =IF(ISNUMBER(F25),ROUND(F25,0),"")
A27: ORG | D27: ORGANIZZAZIONE E INCARICHI
A29: ORG443 | B29: INT | D29: Numero di incarichi alla data del 31.12 dell'anno di rilevazione personale medico I^ fascia con retribuzione di posizione più elevata | G29: =IF(AND(ISBLANK(F29),C29="x",$N$8>0),"Attenzione: domanda a risposta obbligatoria",IF(ISBLANK(F29),"",IF(ISNUMBER(F29),IF(F29-INT(F29)=0,""," Errore ! Inserire un numero intero senza decimali")," Errore ! Inserire un numero intero senza decimali"))) | K29: =LEFT(A29,3) -> ORG | L29: =RIGHT(A29,3) -> 443 | M29: =B29 -> INT | N29: =IF(ISNUMBER(F29),ROUND(F29,0),"")
A31: ORG224 | B31: INT | D31: Valore unitario della retribuzione di posizione più elevata del personale medico di I^ fascia (euro) | G31: =IF(AND(ISBLANK(F31),C31="x",$N$8>0),"Attenzione: domanda a risposta obbligatoria",IF(ISBLANK(F31),"",IF(ISNUMBER(F31),IF(F31-INT(F31)=0,""," Errore ! Inserire un numero intero senza decimali")," Errore ! Inserire un numero intero senza decimali"))) | K31: =LEFT(A31,3) -> ORG | L31: =RIGHT(A31,3) -> 224 | M31: =B31 -> INT | N31: =IF(ISNUMBER(F31),ROUND(F31,0),"")
A33: ORG445 | B33: INT | D33: Numero di incarichi alla data del 31.12 dell'anno di rilevazione personale medico I^ fascia con retribuzione di posizione intermedia | G33: =IF(AND(ISBLANK(F33),C33="x",$N$8>0),"Attenzione: domanda a risposta obbligatoria",IF(ISBLANK(F33),"",IF(ISNUMBER(F33),IF(F33-INT(F33)=0,""," Errore ! Inserire un numero intero senza decimali")," Errore ! Inserire un numero intero senza decimali"))) | K33: =LEFT(A33,3) -> ORG | L33: =RIGHT(A33,3) -> 445 | M33: =B33 -> INT | N33: =IF(ISNUMBER(F33),ROUND(F33,0),"")
A35: ORG446 | B35: INT | D35: Valore unitario su base annua della retribuzione di posizione previsto per il personale medico di I^ fascia con retribuzione di posizione intermedia (valore medio in euro) | G35: =IF(AND(ISBLANK(F35),C35="x",$N$8>0),"Attenzione: domanda a risposta obbligatoria",IF(ISBLANK(F35),"",IF(ISNUMBER(F35),IF(F35-INT(F35)=0,""," Errore ! Inserire un numero intero senza decimali")," Errore ! Inserire un numero intero senza decimali"))) | K35: =LEFT(A35,3) -> ORG | L35: =RIGHT(A35,3) -> 446 | M35: =B35 -> INT | N35: =IF(ISNUMBER(F35),ROUND(F35,0),"")
A37: ORG444 | B37: INT | D37: Numero di incarichi alla data del 31.12 dell'anno di rilevazione personale medico I^ fascia con retribuzione di posizione meno elevata | G37: =IF(AND(ISBLANK(F37),C37="x",$N$8>0),"Attenzione: domanda a risposta obbligatoria",IF(ISBLANK(F37),"",IF(ISNUMBER(F37),IF(F37-INT(F37)=0,""," Errore ! Inserire un numero intero senza decimali")," Errore ! Inserire un numero intero senza decimali"))) | K37: =LEFT(A37,3) -> ORG | L37: =RIGHT(A37,3) -> 444 | M37: =B37 -> INT | N37: =IF(ISNUMBER(F37),ROUND(F37,0),"")
A39: ORG225 | B39: INT | D39: Valore unitario della retribuzione di posizione meno elevata del personale medico di I^ fascia (euro) | G39: =IF(AND(ISBLANK(F39),C39="x",$N$8>0),"Attenzione: domanda a risposta obbligatoria",IF(ISBLANK(F39),"",IF(ISNUMBER(F39),IF(F39-INT(F39)=0,""," Errore ! Inserire un numero intero senza decimali")," Errore ! Inserire un numero intero senza decimali"))) | K39: =LEFT(A39,3) -> ORG | L39: =RIGHT(A39,3) -> 225 | M39: =B39 -> INT | N39: =IF(ISNUMBER(F39),ROUND(F39,0),"")
A41: ORG447 | B41: INT | D41: Numero di incarichi alla data del 31.12 dell'anno di rilevazione personale medico II^ fascia con retribuzione di posizione più elevata | G41: =IF(AND(ISBLANK(F41),C41="x",$N$8>0),"Attenzione: domanda a risposta obbligatoria",IF(ISBLANK(F41),"",IF(ISNUMBER(F41),IF(F41-INT(F41)=0,""," Errore ! Inserire un numero intero senza decimali")," Errore ! Inserire un numero intero senza decimali"))) | K41: =LEFT(A41,3) -> ORG | L41: =RIGHT(A41,3) -> 447 | M41: =B41 -> INT | N41: =IF(ISNUMBER(F41),ROUND(F41,0),"")
A43: ORG165 | B43: INT | D43: Valore unitario della retribuzione di posizione più elevata del personale medico di II^ fascia (euro) | G43: =IF(AND(ISBLANK(F43),C43="x",$N$8>0),"Attenzione: domanda a risposta obbligatoria",IF(ISBLANK(F43),"",IF(ISNUMBER(F43),IF(F43-INT(F43)=0,""," Errore ! Inserire un numero intero senza decimali")," Errore ! Inserire un numero intero senza decimali"))) | K43: =LEFT(A43,3) -> ORG | L43: =RIGHT(A43,3) -> 165 | M43: =B43 -> INT | N43: =IF(ISNUMBER(F43),ROUND(F43,0),"")
A45: ORG449 | B45: INT | D45: Numero di incarichi alla data del 31.12 dell'anno di rilevazione personale medico II^ fascia con retribuzione di posizione intermedia | G45: =IF(AND(ISBLANK(F45),C45="x",$N$8>0),"Attenzione: domanda a risposta obbligatoria",IF(ISBLANK(F45),"",IF(ISNUMBER(F45),IF(F45-INT(F45)=0,""," Errore ! Inserire un numero intero senza decimali")," Errore ! Inserire un numero intero senza decimali"))) | K45: =LEFT(A45,3) -> ORG | L45: =RIGHT(A45,3) -> 449 | M45: =B45 -> INT | N45: =IF(ISNUMBER(F45),ROUND(F45,0),"")
A47: ORG450 | B47: INT | D47: Valore unitario su base annua della retribuzione di posizione previsto per il personale medico di II^ fascia con retribuzione di posizione intermedia (valore medio in euro) | G47: =IF(AND(ISBLANK(F47),C47="x",$N$8>0),"Attenzione: domanda a risposta obbligatoria",IF(ISBLANK(F47),"",IF(ISNUMBER(F47),IF(F47-INT(F47)=0,""," Errore ! Inserire un numero intero senza decimali")," Errore ! Inserire un numero intero senza decimali"))) | K47: =LEFT(A47,3) -> ORG | L47: =RIGHT(A47,3) -> 450 | M47: =B47 -> INT | N47: =IF(ISNUMBER(F47),ROUND(F47,0),"")
A49: ORG448 | B49: INT | D49: Numero di incarichi alla data del 31.12 dell'anno di rilevazione personale medico II^ fascia con retribuzione di posizione meno elevata | G49: =IF(AND(ISBLANK(F49),C49="x",$N$8>0),"Attenzione: domanda a risposta obbligatoria",IF(ISBLANK(F49),"",IF(ISNUMBER(F49),IF(F49-INT(F49)=0,""," Errore ! Inserire un numero intero senza decimali")," Errore ! Inserire un numero intero senza decimali"))) | K49: =LEFT(A49,3) -> ORG | L49: =RIGHT(A49,3) -> 448 | M49: =B49 -> INT | N49: =IF(ISNUMBER(F49),ROUND(F49,0),"")
A51: ORG187 | B51: INT | D51: Valore unitario della retribuzione di posizione meno elevata del personale medico di II^ fascia (euro) | G51: =IF(AND(ISBLANK(F51),C51="x",$N$8>0),"Attenzione: domanda a risposta obbligatoria",IF(ISBLANK(F51),"",IF(ISNUMBER(F51),IF(F51-INT(F51)=0,""," Errore ! Inserire un numero intero senza decimali")," Errore ! Inserire un numero intero senza decimali"))) | K51: =LEFT(A51,3) -> ORG | L51: =RIGHT(A51,3) -> 187 | M51: =B51 -> INT | N51: =IF(ISNUMBER(F51),ROUND(F51,0),"")
... A55: ORG272 | B55: INT | D55: Valore medio su base annua della retribuzione per gli incarichi dirigenziali ad interim (risultato in euro) | G55: =IF(AND(ISBLANK(F55),C55="x",$N$8>0),"Attenzione: domanda a risposta obbligatoria",IF(ISBLANK(F55),"",IF(ISNUMBER(F55),IF(F55-INT(F55)=0,""," Errore ! Inserire un numero intero senza decimali")," Errore ! Inserire un numero intero senza decimali"))) | K55: =LEFT(A55,3) -> ORG | L55: =RIGHT(A55,3) -> 272 | M55: =B55 -> INT | N55: =IF(ISNUMBER(F55),ROUND(F55,0),"")
A57: PRD | D57: PERFORMANCE / RISULTATO
A59: PRD137 | B59: INT | D59: Importo totale della retribuzione di risultato erogata a valere sul fondo dell'anno di rilevazione (euro) | G59: =IF(AND(ISBLANK(F59),C59="x",$N$8>0),"Attenzione: domanda a risposta obbligatoria",IF(ISBLANK(F59),"",IF(ISNUMBER(F59),IF(F59-INT(F59)=0,""," Errore ! Inserire un numero intero senza decimali")," Errore ! Inserire un numero intero senza decimali"))) | K59: =LEFT(A59,3) -> PRD | L59: =RIGHT(A59,3) -> 137 | M59: =B59 -> INT | N59: =IF(ISNUMBER(F59),ROUND(F59,0),"")
A61: PRD115 | B61: INT | D61: Importo totale della retribuzione di risultato non erogata a seguito della valutazione non piena con riferimento al fondo dell'anno di rilevazione (euro) | G61: =IF(AND(ISBLANK(F61),C61="x",$N$8>0),"Attenzione: domanda a risposta obbligatoria",IF(ISBLANK(F61),"",IF(ISNUMBER(F61),IF(F61-INT(F61)=0,""," Errore ! Inserire un numero intero senza decimali")," Errore ! Inserire un numero intero senza decimali"))) | K61: =LEFT(A61,3) -> PRD | L61: =RIGHT(A61,3) -> 115 | M61: =B61 -> INT | N61: =IF(ISNUMBER(F61),ROUND(F61,0),"")
A63: PRD480 | B63: FLAG | D63: Differenziazione della retribuzione di risultato - La contrattazione integrativa ha preventivamente definito la limitata quota massima di personale valutato cui attribuire la maggiorazione (S/N)? | G63: =IF(AND(ISBLANK(F63),C63="x",$N$8>0),"Attenzione: domanda a risposta obbligatoria",IF(ISBLANK(F63),"",IF(AND(LEN(F63)=1,OR(UPPER(F63)="N",UPPER(F63)="S")),"",IF(ISBLANK(F63),""," Errore ! Inserire S o N")))) | K63: =LEFT(A63,3) -> PRD | L63: =RIGHT(A63,3) -> 480 | M63: =B63 -> FLAG | N63: =IF(AND(LEN(F63)=1,OR(UPPER(F63)="N",UPPER(F63)="S")),UPPER(F63),"")
A65: PRD481 | B65: INT | D65: Differenziazione della retribuzione di risultato - Numero dipendenti ai quali è stata erogata la maggiorazione con riferimento a prestazioni rese nell'anno di rilevazione (unità) | G65: =IF(AND(ISBLANK(F65),C65="x",$N$8>0),"Attenzione: domanda a risposta obbligatoria",IF(ISBLANK(F65),"",IF(ISNUMBER(F65),IF(F65-INT(F65)=0,""," Errore ! Inserire un numero intero senza decimali")," Errore ! Inserire un numero intero senza decimali"))) | K65: =LEFT(A65,3) -> PRD | L65: =RIGHT(A65,3) -> 481 | M65: =B65 -> INT | N65: =IF(ISNUMBER(F65),ROUND(F65,0),"")
A67: PRD482 | B67: INT | D67: Differenziazione della retribuzione di risultato - Valore medio individuale della maggiorazione erogata con riferimento a prestazioni rese nell'anno di rilevazione (euro) | G67: =IF(AND(ISBLANK(F67),C67="x",$N$8>0),"Attenzione: domanda a risposta obbligatoria",IF(ISBLANK(F67),"",IF(ISNUMBER(F67),IF(F67-INT(F67)=0,""," Errore ! Inserire un numero intero senza decimali")," Errore ! Inserire un numero intero senza decimali"))) | K67: =LEFT(A67,3) -> PRD | L67: =RIGHT(A67,3) -> 482 | M67: =B67 -> INT | N67: =IF(ISNUMBER(F67),ROUND(F67,0),"")
A69: PRD541 | B69: FLAG | D69: Differenziazione retribuzione di risultato/premio individuale - Nel contratto integrativo sono stati previsti criteri per dirimere eventuali situazioni di ex aequo? | G69: =IF(AND(ISBLANK(F69),C69="x",$N$8>0),"Attenzione: domanda a risposta obbligatoria",IF(ISBLANK(F69),"",IF(AND(LEN(F69)=1,OR(UPPER(F69)="N",UPPER(F69)="S")),"",IF(ISBLANK(F69),""," Errore ! Inserire S o N")))) | K69: =LEFT(A69,3) -> PRD | L69: =RIGHT(A69,3) -> 541 | M69: =B69 -> FLAG | N69: =IF(AND(LEN(F69)=1,OR(UPPER(F69)="N",UPPER(F69)="S")),UPPER(F69),"")
A71: PRD542 | B71: FLAG | D71: Differenziazione retribuzione di risultato/premio individuale - Se sì, sono stati previsti i criteri meritocratici richiesti dalla norma diversi dalla anzianità di servizio e/o dall’età anagrafica? | G71: =IF(AND(ISBLANK(F71),C71="x",$N$8>0),"Attenzione: domanda a risposta obbligatoria",IF(ISBLANK(F71),"",IF(AND(LEN(F71)=1,OR(UPPER(F71)="N",UPPER(F71)="S")),"",IF(ISBLANK(F71),""," Errore ! Inserire S o N")))) | K71: =LEFT(A71,3) -> PRD | L71: =RIGHT(A71,3) -> 542 | M71: =B71 -> FLAG | N71: =IF(AND(LEN(F71)=1,OR(UPPER(F71)="N",UPPER(F71)="S")),UPPER(F71),"")
A73: WLF | D73: WELFARE INTEGRATIVO | G73: =IF(AND(LEN(F73)=1,OR(UPPER(F73)="N",UPPER(F73)="S")),"",IF(ISBLANK(F73),""," Errore ! Inserire S o N"))
A75: WLF539 | B75: INT | D75: Disponibilità anno di rilevazione per la concessione di benefici di welfare al netto degli eventuali utilizzi del fondo dell'Area Medica (euro) | G75: =IF(AND(ISBLANK(F75),C75="x",$N$8>0),"Attenzione: domanda a risposta obbligatoria",IF(ISBLANK(F75),"",IF(ISNUMBER(F75),IF(F75-INT(F75)=0,""," Errore ! Inserire un numero intero senza decimali")," Errore ! Inserire un numero intero senza decimali"))) | K75: =LEFT(A75,3) -> WLF | L75: =RIGHT(A75,3) -> 539 | M75: =B75 -> INT | N75: =IF(ISNUMBER(F75),ROUND(F75,0),"")
A77: WLF467 | B77: INT | D77: Welfare integrativo anno di rilevazione - Iniziative di sostegno al reddito della famiglia effettivamente erogate (euro) | G77: =IF(AND(ISBLANK(F77),C77="x",$N$8>0),"Attenzione: domanda a risposta obbligatoria",IF(ISBLANK(F77),"",IF(ISNUMBER(F77),IF(F77-INT(F77)=0,""," Errore ! Inserire un numero intero senza decimali")," Errore ! Inserire un numero intero senza decimali"))) | K77: =LEFT(A77,3) -> WLF | L77: =RIGHT(A77,3) -> 467 | M77: =B77 -> INT | N77: =IF(ISNUMBER(F77),ROUND(F77,0),"")
A79: WLF468 | B79: INT | D79: Welfare integrativo anno di rilevazione - Supporto all'istruzione e promozione del merito dei figli effettivamente erogate (euro) | G79: =IF(AND(ISBLANK(F79),C79="x",$N$8>0),"Attenzione: domanda a risposta obbligatoria",IF(ISBLANK(F79),"",IF(ISNUMBER(F79),IF(F79-INT(F79)=0,""," Errore ! Inserire un numero intero senza decimali")," Errore ! Inserire un numero intero senza decimali"))) | K79: =LEFT(A79,3) -> WLF | L79: =RIGHT(A79,3) -> 468 | M79: =B79 -> INT | N79: =IF(ISNUMBER(F79),ROUND(F79,0),"")
A81: WLF469 | B81: INT | D81: Welfare integrativo anno di rilevazione - Contributi a favore di attività culturali, ricreative e con finalità sociale effettivamente erogate (euro) | G81: =IF(AND(ISBLANK(F81),C81="x",$N$8>0),"Attenzione: domanda a risposta obbligatoria",IF(ISBLANK(F81),"",IF(ISNUMBER(F81),IF(F81-INT(F81)=0,""," Errore ! Inserire un numero intero senza decimali")," Errore ! Inserire un numero intero senza decimali"))) | K81: =LEFT(A81,3) -> WLF | L81: =RIGHT(A81,3) -> 469 | M81: =B81 -> INT | N81: =IF(ISNUMBER(F81),ROUND(F81,0),"")
